Workbook

Sheet Info
B1: Tool for techno-economic analysis of integrating
B2: data centre waste heat into district heating
A4: Version 1.1 - October 2026
A5: © e-think energy research, 2024 - 2026
A6: Contact: office@e-think.ac.at
A8: This tool is intended for purposes such as research and support in estimating costs and benefits of integrating waste heat in district heating.
A9: Feedback is highly appreciated.
A10: This tool has been developed within the Support DHC project funded by the EU LIFE Programme. It intends to provide a simple method to calculate the break-even heat price for waste heat from data centres. It allows the user to provide techno-economic information on technical equipment necessary to connect the DC with an existing district heating network (i.e. heat pump, booster technology and additional piping).
A11: The user can also define a set of typical days with individual energy prices, temperature levels as well as heat demand and heat supply capacities and combine these typical days to a typical year, for which then the break-even calculation is done.
A13: Note that all economic parameters in the tool are expressed in constant prices (e.g. EUR 2025).
A14: It is assumed that all costs and prices increase at the same inflation rate over time.
A16: The authors accept no responsibility for the topicality, accuracy, completeness or quality of the tool in general, or the results in particular.
A18: A user manual accompanies the tool, explaining the structure of the workbook, the required input parameters, the calculation logic, and the interpretation of results. It is designed to help users apply the tool effectively and carry out preliminary feasibility assessments for waste heat integration projects.
A20: This work is licensed under a Creative Commons CC BY 4.0 International License.
... A24: Reviewer: Thomas Pauschinger (AGFW)

Sheet Content
A1: Worksheets & Workflow
A3: Project Setting | B3: Specify the project techno-economic data regarding heat pump, booster, heat recovery system, etc.
A4: Grid Costs | B4: Calculate additional grid / piping costs to connect the data centre (DC) with the existing district heating (DH) network
A5: Definition of Typical Day | B5: Define typical days comprising a year and set their parameters such as heat demand & supply, temperature levels and energy prices for typical days
A6: Definition of Typical Year | B6: Combine "Typical Days" to define the "Typical Year": Define the share of the "Typical Days" on a "Typical Year"
A7: Main Results - IRR DC Operator | B7: Visualise the results with different contract types and cost shares, focusing on the waste heat recovery system at the DC plant side
A8: Operation at Typical Day | B8: Visualise the energy and cost profile of a selected typical day
A9: Calculation IRR | B9: Calculate the Internal Rate of Return (IRR)
A10: Calculation Break-Even | B10: Calculate the break-even waste heat price
A11: Main Results Extended | B11: Visualise the results with different contract types and cost shares for the entire system (waste heat recovery and heat utilisation)
A12: Calculation of Typical Day | B12: Determine the energy balance and economic parameters of each typical day
A13: Calculation of Typical Year | B13: Determine the energy balance and economic parameters for the typical year
A14: Additional Information | B14: Additional explanations of the parameters used in the calculations
... A16: Change Log | B16: Overview of changes between tool versions
A17: Colour code:
A19: Header
A20: Item / unit
A21: User input
A22: Cell with formula
A23: Go to content
A24: Input - not used for calculation
A25: Not used anymore: relevant for future works - do not change
A26: Control cells
A27: Check settings / input data, there might be some error
A29: Go to content
A31: The main calculation sheets in this workbook are secured with a password in order not to do unintended changes
A32: PW: 1234

Sheet Project Setting
B1: Go to Content
B3: Colour Code | C3: Header
C4: Item / unit
C5: User input
C6: Cell with formula
C7: Go to Content
C8: Input - not used for calculation
C9: Control cells
B11: Category | C11: Sub-Category | D11: Item | E11: Unit | H11: Description
A12: HEAT PUMP AND BOOSTER SYSTEM INCLUDING HEAT EXCHANGER AND PIPING TO THE DH GRID (B2 - B3) | B12: Heat pump | D12: All monetary values are expressed in constant prices (e.g. EUR 2025) | J12: CONTRACTOR 1 / DH OPERATOR
C13: Technical data
D14: Generating capacity | E14: MW_th | F14: 3 | H14: Nominal capacity of heat pump (heat output, MW_th_nominal_out); this value should be based on the available heat from the data Centre (in the sheet "Definition of Typical Day" - Available waste heat (DC heat source) | I14: Link to additional information / German translation | M14: =N14 | N14: =IF(IFERROR((1+F14)*1, "!!!!")="!!!!","Inputs contain non-numerical data. Please check your input data!","")
D15: Technical lifetime | E15: Years | F15: 20 | H15: The typical lifetime of a water-to-water heat pump is between 15 and 25 years, depending on many factors. Average lifetime can thus be estimated as 20 years. | I15: Link to additional information / German translation | M15: =N15 | N15: =IF(IFERROR((1+F15)*1, "!!!!")="!!!!","Inputs contain non-numerical data. Please check your input data!","")
D16: COP - nominal | E16: [MW / MW] | F16: 3 | H16: ="COP at "&F20&"°C supply temperature under nominal temperature levels as defined below" -> COP at 90°C supply temperature under nominal temperature levels as defined below | I16: Link to additional information / German translation | M16: =N16 | N16: =IF(IFERROR((1+F16)*1, "!!!!")="!!!!","Inputs contain non-numerical data. Please check your input data!","")
D17: Capacity of waste heat stream (MW) at nominal operation conditions | E17: MW_th_nominal_in | F17: =F14/F16*(F16-1) -> 2 | H17: This is the HP system capacity related to the waste heat stream (waste heat source). This capacity shall be in the order of magnitude of the waste heat energy source or the feed-in capacity of the district heating system. The difference between MW_th_in and MW_th (MW_th_nominal_out) is the electricity input. | I17: Link to additional information / German translation | M17: =N17 | N17: =IF(IFERROR((1+F17)*1, "!!!!")="!!!!","Inputs contain non-numerical data. Please check your input data!","")
D18: Nominal temperature - heat pump source in | E18: °C | F18: 25 | H18: Source-side inlet temperature: The temperature of the heat source fluid before it enters the evaporator. Nominal temperature for the selected heat pump (e.g. from specification sheets of the heat pump). The actual temperatur of the waste heat source shall be provided in the sheet >Definition of Typical Day<. | I18: Link to additional information / German translation | M18: =N18 | N18: =IF(IFERROR((1+F18)*1, "!!!!")="!!!!","Inputs contain non-numerical data. Please check your input data!","")
D19: Nominal temperature - heat pump source out | E19: °C | F19: 28 | H19: Source-side outlet temperature: The temperature of the heat source fluid after it has passed through the evaporator and given up heat to the refrigerant. Nominal temperature for the selected heat pump (e.g. from specification sheets). | I19: Link to additional information / German translation | M19: =N19 | N19: =IF(IFERROR((1+F19)*1, "!!!!")="!!!!","Inputs contain non-numerical data. Please check your input data!","")
D20: Nominal temperature - heat pump sink out | E20: °C | F20: 90 | H20: Sink-side outlet Temperature: The temperature of the heat sink fluid after it has passed through the condenser and absorbed heat from the refrigerant. Nominal temperature for the selected heat pump (e.g. from specification sheets). The actual temperatur of the heat sink (e.g. district heating network supply line temperature) shall be provided in the sheet >Definition of Typical Day<. | I20: Link to additional information / German translation | M20: =N20 | N20: =IF(IFERROR((1+F20)*1, "!!!!")="!!!!","Inputs contain non-numerical data. Please check your input data!","")
D21: HEx 2: Heat exchanger (HP - district heating network) delta T | E21: K | F21: 3 | H21: Temperature drop that occurs due to losses in the heat exchanger and heat pipe between the Heat Pump and the DH network. | I21: Link to additional information / German translation | M21: =N21 | N21: =IF(IFERROR((1+F21)*1, "!!!!")="!!!!","Inputs contain non-numerical data. Please check your input data!","")
D22: HEx 1: Heat exchanger (HP - data centre cooling system) delta T | E22: K | F22: 3 | H22: Temperature drop that occurs due to losses in the heat exchanger and heat pipe between the Heat Pump and the Data Centre Cooling System. | I22: Link to additional information / German translation | M22: =N22 | N22: =IF(IFERROR((1+F22)*1, "!!!!")="!!!!","Inputs contain non-numerical data. Please check your input data!","")
D23: Nominal Temperature - Heat Pump Sink In | E23: °C | F23: 60 | H23: Sink-side inlet Temperature: The temperature of the heat sink fluid before it enters the condenser. Nominal temperature for the selected heat pump (e.g. from specification sheets). The actual temperatur of the heat sink (e.g. district heating network return line temperature) shall be provided in the sheet >Definition of Typical Day<. | I23: Link to additional information / German translation | M23: =N23 | N23: =IF(IFERROR((1+F23)*1, "!!!!")="!!!!","Inputs contain non-numerical data. Please check your input data!","")
D24: Upper temperature limit - Heat pump Sink Out | E24: °C | F24: 95 | H24: If the heat pump sink temperature (district heating supply line temperature + delta T of HEx 2) exceed this limit, then the remaining temperature needs to be provided by the booster. | I24: Link to additional information / German translation | M24: =N24 | N24: =IF(IFERROR((1+F24)*1, "!!!!")="!!!!","Inputs contain non-numerical data. Please check your input data!","")
D25: Exponent for capacity drop if temperature spread of sink decreases | F25: 0.5 | H25: Quantifies how sensitively the heat pump's heating capacity decreases when the temperature spread on the sink side (i.e. between sink outlet and inlet) becomes smaller. A higher exponent indicates a stronger reduction in capacity for small temperature spreads. If Zero, than no impact on capacity, if 1 then a reduction of temperature spread of heat sink reduces the capacity by the some ratio. Set value between 0 and 1. | I25: Link to additional information / German translation | M25: =N25 | N25: =IF(IFERROR((1+F25)*1, "!!!!")="!!!!","Inputs contain non-numerical data. Please check your input data!","")
D26: S - Source | E26: - | F26: 0.02 | G26: Check impact of settings on COP | H26: ="Increase of COP per increasing degree of Heat Source In temperature as compared to "&F18&"°C. The impact of the settings on COP can be check at the bottom of this sheet." -> Increase of COP per increasing degree of Heat Source In temperature as compared to 25°C. The impact of the settings on COP can be check at the bottom of this sheet. | I26: Link to additional information / German translation | M26: =N26 | N26: =IF(IFERROR((1+F26)*1, "!!!!")="!!!!","Inputs contain non-numerical data. Please check your input data!","")
D27: S - Flow | E27: - | F27: 0.026 | G27: Check impact of settings on COP | H27: ="Decrease of COP per increasing degree of Heat Sink Out temperature (e.g. grid supply line) as compared to "&F20&"°C. The impact of the settings on COP can be check at the bottom of this sheet." -> Decrease of COP per increasing degree of Heat Sink Out temperature (e.g. grid supply line) as compared to 90°C. The impact of the settings on COP can be check at the bottom of this sheet. | I27: Link to additional information / German translation | M27: =N27 | N27: =IF(IFERROR((1+F27)*1, "!!!!")="!!!!","Inputs contain non-numerical data. Please check your input data!","")
D28: S - Return | E28: - | F28: 0 | G28: Check impact of settings on COP | H28: ="Increase of COP per increasing degree of Heat Sink In temperature (e.g. grid return line) as compared to "&F23&"°C. PLEASE READ ADDITIONAL NOTES" -> Increase of COP per increasing degree of Heat Sink In temperature (e.g. grid return line) as compared to 60°C. PLEASE READ ADDITIONAL NOTES | I28: Link to additional information / German translation | M28: =N28 | N28: =IF(IFERROR((1+F28)*1, "!!!!")="!!!!","Inputs contain non-numerical data. Please check your input data!","")
D29: Share of heat loss in heat exchangers & pipes from HP output | E29: % | F29: 1 | H29: The percentage of thermal energy lost between the heat pump’s output and the grid that lead to reduced heat supplied to the grid as compared to the nominal capacity. This includes losses due to inefficiencies in heat exchangers, as well as thermal losses in piping. | I29: Link to additional information / German translation | M29: =N29 | N29: =IF(IFERROR((1+F29)*1, "!!!!")="!!!!","Inputs contain non-numerical data. Please check your input data!","")
C30: Economic data
D31: Specific investment costs (equipment, installation) | E31: EUR/kW_th | F31: 1500 | H31: The specific costs (i.e. expressed per unit of installed capacity) of acquiring and installing the heat pump system. Please be aware that the costs are defined in EUR/kW_th(out) | I31: Link to additional information / German translation | M31: =N31 | N31: =IF(IFERROR((1+F31)*1, "!!!!")="!!!!","Inputs contain non-numerical data. Please check your input data!","")
D32: Investment costs | E32: EUR | F32: =F31*F14*1000 -> 4500000 | H32: The total upfront investment needed for acquiring and installing the heat pump system. | I32: Link to additional information / German translation | M32: =N32 | N32: =IF(IFERROR((1+F32)*1, "!!!!")="!!!!","Inputs contain non-numerical data. Please check your input data!","")
D33: Other one-time expenses | E33: EUR | F33: 0 | H33: Non-recurring costs that arise during the project but are not directly related to equipment or installation (e.g. site preparation, permits and approvals, engineering or administrative fees) excluding planning as these costs are supposed to be provided below. Enter if applicable. | I33: Link to additional information / German translation | M33: =N33 | N33: =IF(IFERROR((1+F33)*1, "!!!!")="!!!!","Inputs contain non-numerical data. Please check your input data!","")
D34: Total one-time expenses and costs excl. planning costs | E34: EUR | F34: =F33+F32 -> 4500000 | H34: The sum of all upfront costs for the heat pump system except planning-related expenses. It combines investment costs and other one-time expenses. | I34: Link to additional information / German translation | M34: =N34 | N34: =IF(IFERROR((1+F34)*1, "!!!!")="!!!!","Inputs contain non-numerical data. Please check your input data!","")
D35: Regular annual expenses (heat pump specific) | E35: EUR/yr | F35: 0 | H35: ="This parameter includes fixed annual expenses related to the operation of the heat pump system, such as personnel, rent, or service contracts—if applicable. It is considered equivalent to the corresponding value for the heat pump (as referenced in cell >"&D38&"<), normalized to the pump's installed capacity ("&F14&" MW)." -> This parameter includes fixed annual expenses related to the operation of the heat pump system, such as personnel, rent, or service contracts—if applicable. It is considered equivalent to the corresponding value for the heat pump (as referenced in cell >O&M Costs - variable (excl. electricity)<), normalized to the pump's installed capacity (3 MW). | I35: Link to additional information / German translation | M35: =N35 | N35: =IF(IFERROR((1+F35)*1, "!!!!")="!!!!","Inputs contain non-numerical data. Please check your input data!","")
D36: O&M Costs - fix | E36: EUR/MW_th/yr | F36: 22000 | H36: Operation & Maintenance costs that do not depend on system usage. These may include annual inspections, routine maintenance, and service contracts. Has the same impact as the >Regular annual expenses (heat pump specific)< defined above, but is specified per MW_th (nominal capacity) of the heat pump. | I36: Link to additional information / German translation | M36: =N36 | N36: =IF(IFERROR((1+F36)*1, "!!!!")="!!!!","Inputs contain non-numerical data. Please check your input data!","")
D37: Total operation independent O&M costs related to heat pump: regular annual expenses (heat pump specific) + O&M Costs - fix * nominal capacity of heat pump | E37: EUR/yr | F37: =F35+F36*F14 -> 66000 | H37: Refers to the total fixed annual costs needed to keep the heat pump in good working condition, regardless of how much heat it delivers. | I37: Link to additional information / German translation | M37: =N37 | N37: =IF(IFERROR((1+F37)*1, "!!!!")="!!!!","Inputs contain non-numerical data. Please check your input data!","")
D38: O&M Costs - variable (excl. electricity) | E38: EUR/MWh_th | F38: 0 | H38: These are usage-dependent operational costs, excluding electricity. Examples include replacement of parts due to wear, maintenance that varies with operating hours or load, ronsumables (e.g., refrigerant top-up). Enter if relevant. | I38: Link to additional information / German translation | M38: =N38 | N38: =IF(IFERROR((1+F38)*1, "!!!!")="!!!!","Inputs contain non-numerical data. Please check your input data!","")
D39: Electricity - grid fee and other electrical capacity-related costs | E39: EUR/kW_electr_HP/yr | F39: 150 | H39: These are the consumption-independent electricity costs (e.g. grid charge, "LEISTUNGSPREIS" in German) in EUR/kW/yr that come on top of the electricity price (specified in the sheet >Definition of Typical Day<) that need to be paid per yr | I39: Link to additional information / German translation | M39: =N39 | N39: =IF(IFERROR((1+F39)*1, "!!!!")="!!!!","Inputs contain non-numerical data. Please check your input data!","")
D40: Electricity - grid fee and other electrical capacity-related costs | E40: EUR/yr | F40: =F39*F14/F16*1000 -> 150000 | H40: These are the annual consumption-independent electricity (grid) costs ("LEISTUNGSPREIS" in German), calculated by Electricity grid fee (cell above) in EUR/MWh times heat pump capacity (MW) / COP_nominal. This means that the grid fee costs are based on the nominal heat pump performance, not the actual worst case power demand (high temperature, low COP) or the actual rated nominal electricity load capacity of the grid connection. | M40: =N40 | N40: =IF(IFERROR((1+F40)*1, "!!!!")="!!!!","Inputs contain non-numerical data. Please check your input data!","")
D41: Electricity - grid fee and other electricity consumption-related costs | E41: EUR/MWh_electr_fuel | F41: 11 | H41: These are the consumption-dependent electricity costs (e.g. grid charge) that come on top of the electricity price (specified in the sheet >Definition of Typical Day<) that need to be paid when the heat pump system is running. To convert from EURCent/kWh, multiply by 10. | I41: Link to additional information / German translation | M41: =N41 | N41: =IF(IFERROR((1+F41)*1, "!!!!")="!!!!","Inputs contain non-numerical data. Please check your input data!","")
C42: Subsidies
D43: S1 (one-time, lump sum per MW) | E43: EUR/kW_th | F43: =F31*0.4 -> 600 | H43: One-time investment grant per unit of installed capacity, e.g. investment funding under the German 'Bundesförderung für effiziente Wärmenetze (BEW)', which covers up to 40% of the eligible capital costs of purchasing and installing the heat pump. Please be aware that the costs are defined in EUR/kW_th(out) | I43: Link to additional information / German translation | M43: =N43 | N43: =IF(IFERROR((1+F43)*1, "!!!!")="!!!!","Inputs contain non-numerical data. Please check your input data!","")
D44: S1 total lump sum subsidies | E44: EUR | F44: =F43*F14*1000 -> 1800000 | H44: Total one-time investment grant for the heat pump system | I44: Link to additional information / German translation | M44: =N44 | N44: =IF(IFERROR((1+F44)*1, "!!!!")="!!!!","Inputs contain non-numerical data. Please check your input data!","")
D45: S2 (annually) for given number of yrs | E45: EUR/MW_th/yr | F45: 0 | H45: ="This considers annual (operation-independent) subsidies for a defined number of year ("&F46&" years, as defined in the section: (>"&D46&"<), for which the subsidies are given. If subsidies are given under a Take-or-Pay premise, then use this variable to specifiy the subsidies instead of S3 below." -> This considers annual (operation-independent) subsidies for a defined number of year (10 years, as defined in the section: (>S2 given for number of years<), for which the subsidies are given. If subsidies are given under a Take-or-Pay premise, then use this variable to specifiy the subsidies instead of S3 below. | I45: Link to additional information / German translation | M45: =N45 | N45: =IF(IFERROR((1+F45)*1, "!!!!")="!!!!","Inputs contain non-numerical data. Please check your input data!","")
D46: S2 given for number of years | E46: Years | F46: 10 | H46: Number of years, for which the annual (operation-independent) subsidies S2 (defined above) are given. | I46: Link to additional information / German translation | M46: =N46 | N46: =IF(IFERROR((1+F46)*1, "!!!!")="!!!!","Inputs contain non-numerical data. Please check your input data!","")
D47: S2 (annually), average for calculatory project lifetime | E47: EUR/MW_th/yr | F47: =F45*F46/F88 -> 0 | H47: ="This considers annual (operation-independent) subsidies for the entire lifetime of project ("&F88&" years, as defined in the section "&B86&" below)." -> This considers annual (operation-independent) subsidies for the entire lifetime of project (15 years, as defined in the section Economic settings below). | I47: Link to additional information / German translation | M47: =N47 | N47: =IF(IFERROR((1+F47)*1, "!!!!")="!!!!","Inputs contain non-numerical data. Please check your input data!","")
D48: S3 (annually, based on supplied waste heat (WH) by DC). PLEASE BE AWARE THAT THIS KIND OF SUBSIDY IS ONLY PROVIDED BY SOME COUNTRIES, E.G. GERMANY | E48: EUR/MWh_th (utilised waste heat, not HP output or electricity input) | F48: 0 | G48: Calculate appropriate value according to German BEW (2026) | H48: ="This subsidy applies to projects utilizing waste heat, often in combination with heat pumps. " & "It is a subsidy per utilized MWh of Waste heat (provided by DC under Pay-as-you-go contract, NOT the MWh provided to the district heating network or the heat provided by the Heat pump) for a defined lifetime of project ("&F49&" years, as defined in the section >"&D49&"<)." -> This subsidy applies to projects utilizing waste heat, often in combination with heat pumps. It is a subsidy per utilized MWh of Waste heat (provided by DC under Pay-as-you-go contract, NOT the MWh provided to the district heating network or the heat provided by the Heat pump) for a defined lifetime of project (10 years, as defined in the section >S3 given for number of years<). | I48: Link to additional information / German translation | M48: =N48 | N48: =IF(IFERROR((1+F48)*1, "!!!!")="!!!!","Inputs contain non-numerical data. Please check your input data!","")
D49: S3 given for number of years | E49: Years | F49: 10 | H49: Number of years, for which the annual (operation-dependent) subsidies S3 (defined above) are given. | I49: Link to additional information / German translation | M49: =N49 | N49: =IF(IFERROR((1+F49)*1, "!!!!")="!!!!","Inputs contain non-numerical data. Please check your input data!","")
D50: S3, average for calculatory project lifetime | E50: EUR/MWh_th (utilised waste heat, not HP output or electricity input) | F50: =F48*F49/F88 -> 0 | H50: Subsidy for waste heat utilization. Within the calculation it is ensured that subsidies provided do not exceed the sum of electricity costs for running the heat pump and the auxiliary electricity demand. | I50: Link to additional information / German translation | M50: =N50 | N50: =IF(IFERROR((1+F50)*1, "!!!!")="!!!!","Inputs contain non-numerical data. Please check your input data!","")
D51: Consider subsidies (S3) in dispatch | E51: 1/0 | F51: 0 | H51: ="If 1 is defined, then the average subsidies S3, currently set to "&ROUND(F50,1)&" EUR/MWh_th are considered in the dispatch. If any other value is provided, then the subsidies are considered in the project evaluation, but not for the dispatch ('EINSATZPLANUNG' of the heat pump). Current Setting: " & IF(F51=1, "Considered in dispatch", "NOT CONSIDERED IN DISPATCH") -> If 1 is defined, then the average subsidies S3, currently set to 0 EUR/MWh_th are considered in the dispatch. If any other value is provided, then the subsidies are considered in the project evaluation, but not for the dispatch ('EINSATZPLANUNG' of the heat pump). Current Setting: NOT CONSIDERED IN DISPATCH | I51: Link to additional information / German translation
D52: ="The following heat pump-related subsidies are currently considered: Lump-sum-subsidies: "& F44&" EUR (one-time, lump sum) + capacity related subsidies: " &F47 &" "&E47 & " + operation-related subsidies: "&F50&" "&E50 -> The following heat pump-related subsidies are currently considered: Lump-sum-subsidies: 1800000 EUR (one-time, lump sum) + capacity related subsidies: 0 EUR/MW_th/yr + operation-related subsidies: 0 EUR/MWh_th (utilised waste heat, not HP output or electricity input)
A53: HEAT PUMP AND BOOSTER SYSTEM INCLUDING HEAT EXCHANGER AND PIPING TO THE DH GRID (B2 - B3) | B53: Booster
C54: Technical data
D55: Generating capacity | E55: MW_th | F55: 0.5 | G55: ="Under current settings, a booster capacity of up to " & ROUND('Calculation of Typical Day'!AC19,2) & " MW is needed to fully utilise the heat." -> Under current settings, a booster capacity of up to 0.19 MW is needed to fully utilise the heat. | H55: ="Thermal output that defines the maximum amount of heat the booster can deliver. In this tool, the booster is used to raise the temperature of the heat pump’s sink outlet flow" & " when the required temperature level exceeds what the heat pump alone can provide. " -> Thermal output that defines the maximum amount of heat the booster can deliver. In this tool, the booster is used to raise the temperature of the heat pump’s sink outlet flow when the required temperature level exceeds what the heat pump alone can provide. | I55: Link to additional information / German translation | M55: =N55 | N55: =IF(IFERROR((1+F55)*1, "!!!!")="!!!!","Inputs contain non-numerical data. Please check your input data!","")
D56: Efficiency | E56: % | F56: 99 | H56: ="The conversion efficiency of the booster technology that indicates how effectively it converts input energy (e.g., electricity or fuel) into usable heat." & " An additional " &F29&"% loss is assumed downstream of the booster, similar to the loss factor applied to the heat pump output." -> The conversion efficiency of the booster technology that indicates how effectively it converts input energy (e.g., electricity or fuel) into usable heat. An additional 1% loss is assumed downstream of the booster, similar to the loss factor applied to the heat pump output. | I56: Link to additional information / German translation | M56: =N56 | N56: =IF(IFERROR((1+F56)*1, "!!!!")="!!!!","Inputs contain non-numerical data. Please check your input data!","")
C57: Economic data
D58: Specific investment costs | E58: EUR/kW_th | F58: 150 | H58: The cost of purchasing and installing the booster system per kilowatt of thermal capacity. Please be aware the costs are defined in EUR/kW_th(out) | I58: Link to additional information / German translation | M58: =N58 | N58: =IF(IFERROR((1+F58)*1, "!!!!")="!!!!","Inputs contain non-numerical data. Please check your input data!","")
D59: Investment costs | E59: EUR | F59: =F58*F55*1000 -> 75000 | H59: The total capital expenditure for the booster, including all equipment and installation costs for the full system (not per unit). | I59: Link to additional information / German translation | M59: =N59 | N59: =IF(IFERROR((1+F59)*1, "!!!!")="!!!!","Inputs contain non-numerical data. Please check your input data!","")
D60: Other one-time expenses | E60: EUR | F60: 0 | H60: Covers all non-recurring project-specific costs, such as site preparation, permitting, and documentation — excluding planning/design costs as they are supposed to be provided below. | I60: Link to additional information / German translation | M60: =N60 | N60: =IF(IFERROR((1+F60)*1, "!!!!")="!!!!","Inputs contain non-numerical data. Please check your input data!","")
D61: Total one-time expenses and costs excl. Planning costs | E61: EUR | F61: =SUM(F59:F60) -> 75000 | H61: The sum of all initial expenditures, including investment costs and other one-time expenses, but excluding planning costs. | I61: Link to additional information / German translation | M61: =N61 | N61: =IF(IFERROR((1+F61)*1, "!!!!")="!!!!","Inputs contain non-numerical data. Please check your input data!","")
D62: Regular annual expenses (booster specific) | E62: EUR/yr | F62: =IF($F$55>0,2000,0) -> 2000 | H62: General recurring costs such as rent, personnel, or administrative fees directly related to the booster system. | I62: Link to additional information / German translation | M62: =N62 | N62: =IF(IFERROR((1+F62)*1, "!!!!")="!!!!","Inputs contain non-numerical data. Please check your input data!","")
D63: O&M Costs - fix | E63: EUR/MW_th/yr | F63: 0 | H63: Fixed annual operation & maintenance costs per MW of installed thermal capacity. May include costs like preventive maintenance, inspections, and service contracts. Enter if applicable. | I63: Link to additional information / German translation | M63: =N63 | N63: =IF(IFERROR((1+F63)*1, "!!!!")="!!!!","Inputs contain non-numerical data. Please check your input data!","")
D64: Total operation independent O&M costs related to booster | E64: EUR/yr | F64: =F62+F63*F35 -> 2000 | H64: The sum of all fixed annual costs associated with the booster system, independent of its usage. | I64: Link to additional information / German translation | M64: =N64 | N64: =IF(IFERROR((1+F64)*1, "!!!!")="!!!!","Inputs contain non-numerical data. Please check your input data!","")
D65: O&M Costs - Variable | E65: EUR/MWh_th | F65: 0 | H65: Variable costs per unit of thermal energy delivered. This includes usage-dependent expenses like consumables, wear-related replacements, and performance-based servicing. | I65: Link to additional information / German translation | M65: =N65 | N65: =IF(IFERROR((1+F65)*1, "!!!!")="!!!!","Inputs contain non-numerical data. Please check your input data!","")
D66: Electricity / fuel - grid fee and other capacity-related costs | E66: EUR/kW_electr_HP/yr | F66: 150 | H66: These are the consumption-independent fuel/electricity costs (e.g. grid charge) that come on top of the electricity/fuel price (specified in the sheet >Definition of Typical Day<) that need to be paid per year | I66: Link to additional information / German translation | M66: =N66 | N66: =IF(IFERROR((1+F66)*1, "!!!!")="!!!!","Inputs contain non-numerical data. Please check your input data!","")
D67: Electricity - grid fee and other electrical capacity-related costs | E67: EUR/yr | F67: =F66*F55/(F56/100)*1000 -> 75757.576 | H67: These are annual consumption-independent electricity (grid) costs ("LEISTUNGSPREIS" in German), calculated by electricity grid fee (cell above) in EUR/MWh for the Booster. This means that the grid fee costs are based on the booster capacity and performance, not the actual rated nominal electricity load capacity of the grid connection. | M67: =N67 | N67: =IF(IFERROR((1+F67)*1, "!!!!")="!!!!","Inputs contain non-numerical data. Please check your input data!","")
D68: Electricity / fuel - grid fee and other consumption-related costs | E68: EUR/MWh_electr_fuel | F68: 11 | H68: These are the consumption-dependent electricity/fuel costs (e.g. grid charge) that come on top of the electricity/fuel price (specified in the sheet >Definition of Typical Day<) that need to be paid when the booster system is running. To convert from EURCent/kWh, multiply by 10. | I68: Link to additional information / German translation | M68: =N68 | N68: =IF(IFERROR((1+F68)*1, "!!!!")="!!!!","Inputs contain non-numerical data. Please check your input data!","")
C69: Subsidies for booster operation
D70: S1 (one-time, lump sum per MW) | E70: EUR/MW_th | F70: 0 | H70: If applicable. A one-time financial support granted per installed megawatt of thermal capacity (MW_th) of the heat pump system. | I70: Link to additional information / German translation | M70: =N70 | N70: =IF(IFERROR((1+F70)*1, "!!!!")="!!!!","Inputs contain non-numerical data. Please check your input data!","")
B71: Piping (from DH grid to B2) and heat exchanger (HEx 2)
D72: Investment costs in HEx2 (equipment, installation, heat exchangers, one-time, lump-sum) | E72: EUR | F72: 500000 | H72: Investment costs excluding planning cost and excluding subsidies (if applicable). Covers the full cost of installing piping and heat exchangers, including materials and labour, as a one-time payment. | I72: Link to additional information / German translation | M72: =N72 | N72: =IF(IFERROR((1+F72)*1, "!!!!")="!!!!","Inputs contain non-numerical data. Please check your input data!","")
D73: Investment costs for heat network from DH grid to B2 (see >Grid Costs<) | E73: EUR | F73: ='Grid Costs'!AE19 -> 1050000 | H73: Investment costs excluding planning cost and excluding subsidies (if applicable). Refers to the capital costs for the heat distribution network (e.g., main and branch pipelines, valves). | I73: Link to additional information / German translation | M73: =N73 | N73: =IF(IFERROR((1+F73)*1, "!!!!")="!!!!","Inputs contain non-numerical data. Please check your input data!","")
B74: Planning costs
D75: Planning costs [% total investment costs: Heat pump, booster, heat network, heat exchanger] | E75: % | F75: 8 | H75: Share of the total investment allocated to project planning and engineering (e.g., design, permitting, studies). | I75: Link to additional information / German translation | M75: =N75 | N75: =IF(IFERROR((1+F75)*1, "!!!!")="!!!!","Inputs contain non-numerical data. Please check your input data!","")
D76: Total Investment costs (HP, booster, heat network, heat exchanger, etc.) | E76: EUR | F76: =F73+F61+F34+F72 -> 6125000 | H76: Sum of all relevant upfront investments used as the basis for calculating the planning cost share. | I76: Link to additional information / German translation | M76: =N76 | N76: =IF(IFERROR((1+F76)*1, "!!!!")="!!!!","Inputs contain non-numerical data. Please check your input data!","")
D77: Planning costs [absolute] | E77: EUR | F77: =F76*F75/100 -> 490000 | H77: Total planning cost calculated from the percentage share above. | I77: Link to additional information / German translation | M77: =N77 | N77: =IF(IFERROR((1+F77)*1, "!!!!")="!!!!","Inputs contain non-numerical data. Please check your input data!","")
B78: Other OPEX
D79: Auxiliary electricity consumption (share of heat gen.) | E79: % | F79: 2 | H79: Proportion of total heat generation requiring auxiliary electricity (e.g., for circulation pumps, control systems). | I79: Link to additional information / German translation | M79: =N79 | N79: =IF(IFERROR((1+F79)*1, "!!!!")="!!!!","Inputs contain non-numerical data. Please check your input data!","")
D80: Personnel | E80: EUR/yr | F80: 20000 | H80: Annual personnel costs associated with system operation (if applicable). | I80: Link to additional information / German translation | M80: =N80 | N80: =IF(IFERROR((1+F80)*1, "!!!!")="!!!!","Inputs contain non-numerical data. Please check your input data!","")
D81: Rent | E81: EUR/yr | F81: 0 | H81: Annual rental costs for land, buildings, or space used by the energy system (if applicable). | I81: Link to additional information / German translation | M81: =N81 | N81: =IF(IFERROR((1+F81)*1, "!!!!")="!!!!","Inputs contain non-numerical data. Please check your input data!","")
B82: Other end-of-the-lifetime CAPEX
D83: Demolition costs | E83: EUR | F83: 0 | H83: ="Specify the decommission costs, that occur at the end of the project lifetime ("&F87&" years, as specified in >"&D87&"<). Leave empty, if these costs shall not be considered." -> Specify the decommission costs, that occur at the end of the project lifetime (20 years, as specified in >Decommissioning after how many years<). Leave empty, if these costs shall not be considered. | I83: Link to additional information / German translation | M83: =N83 | N83: =IF(IFERROR((1+F83)*1, "!!!!")="!!!!","Inputs contain non-numerical data. Please check your input data!","")
D84: Residual value of investment at the end of the lifetime | E84: EUR | F84: 0 | H84: ="Specify the expected remaining value of the investment at the end of the project lifetime ("&F87&" years, as specified in >"&D87&"<), e.g., resale value or salvaged equipment, if it is to be considered.." -> Specify the expected remaining value of the investment at the end of the project lifetime (20 years, as specified in >Decommissioning after how many years<), e.g., resale value or salvaged equipment, if it is to be considered.. | I84: Link to additional information / German translation | M84: =N84 | N84: =IF(IFERROR((1+F84)*1, "!!!!")="!!!!","Inputs contain non-numerical data. Please check your input data!","")
M85: =N85 | N85: =IF(IFERROR((1+F85)*1, "!!!!")="!!!!","Inputs contain non-numerical data. Please check your input data!","")
A86: Contractor 1 / district heating operator | B86: Economic settings
D87: Decommissioning after how many years | E87: Years | F87: 20 | H87: ="Defines the expected technical or economic end-of-life for the infrastructure (default: 20 years). " & IF(F87<F15, "Decommission time is less than lifetime of HP", "") -> Defines the expected technical or economic end-of-life for the infrastructure (default: 20 years). | I87: Link to additional information / German translation | M87: =N87 | N87: =IF(IFERROR((1+F87)*1, "!!!!")="!!!!","Inputs contain non-numerical data. Please check your input data!","")
D88: Depreciation time of project / calculatory lifetime | E88: Years | F88: 15 | H88: ="Number of years over which the investment is financially depreciated in calculations (default: 15 years). " & IF(OR(F88>F87,F88>F15), "Depreciation time is greater than lifetime of HP or decommission period", "") -> Number of years over which the investment is financially depreciated in calculations (default: 15 years). | I88: Link to additional information / German translation | M88: =N88 | N88: =IF(IFERROR((1+F88)*1, "!!!!")="!!!!","Inputs contain non-numerical data. Please check your input data!","")
D89: Energy carrier price increase on top of inflation | E89: % | F89: 0 | H89: Annual increase in fuel or energy carrier prices in real terms, i.e., beyond inflation (default: 0%). | I89: Link to additional information / German translation | M89: =N89 | N89: =IF(IFERROR((1+F89)*1, "!!!!")="!!!!","Inputs contain non-numerical data. Please check your input data!","")
C90: Project-specific interest rate
C91: a) Based on weighted average costs of capital (WACC) | H91: Alternative a) Calculate WACC
D92: Average interest rate of loans in real terms (excluding inflation) | E92: % | F92: 2.5 | H92: Effective borrowing cost after adjusting for inflation (default: 2.5%). While banks provide interest rates in nominal terms, economic calculations often require the real interest rate to accurately assess the true cost of capital over time. E.g. a loan is defined as 6M EURIBOR + 1%. If the 6M EURIBOR is at 4%, the inflation rate at 3%, then interest rate in real terms is defined as 4% + 1% - 3% = 2% | I92: Link to additional information / German translation | M92: =N92 | N92: =IF(IFERROR((1+F92)*1, "!!!!")="!!!!","Inputs contain non-numerical data. Please check your input data!","")
D93: Expected interest rate on equity, again in real terms | E93: % | F93: 7 | H93: Return required by equity investors, inflation-excluded (default: 7.0%). Inflation rate is subtracted like above. | I93: Link to additional information / German translation | M93: =N93 | N93: =IF(IFERROR((1+F93)*1, "!!!!")="!!!!","Inputs contain non-numerical data. Please check your input data!","")
D94: Share of equity capital on total financing | E94: % | F94: 20 | H94: Capital structure of the project (default: 20%). | I94: Link to additional information / German translation | M94: =N94 | N94: =IF(IFERROR((1+F94)*1, "!!!!")="!!!!","Inputs contain non-numerical data. Please check your input data!","")
D95: Corporate tax rate | E95: % | F95: 20 | H95: Tax rate used to calculate WACC after tax (default: 20%). | I95: Link to additional information / German translation | M95: =N95 | N95: =IF(IFERROR((1+F95)*1, "!!!!")="!!!!","Inputs contain non-numerical data. Please check your input data!","")
D96: Weighted average costs of capital (WACC) | E96: % | F96: =(F94/100*F93+(1-F94/100)*F92*(1-F95/100)) -> 3 | H96: Weighted average cost of capital, combining debt and equity financing. | I96: Link to additional information / German translation | M96: =N96 | N96: =IF(IFERROR((1+F96)*1, "!!!!")="!!!!","Inputs contain non-numerical data. Please check your input data!","")
C97: b) Set expected IRR manually | H97: Alternative b) Use company-internal expected IRR for such project.
D98: Required (company internal) rate of return for such project | E98: % | F98: 5 | H98: If expected IRR defined, then this variable is used instead of WACC. Please be aware, that expected IRR excluding inflation shall be used. | I98: Link to additional information / German translation | M98: =N98 | N98: =IF(IFERROR((1+F98)*1, "!!!!")="!!!!","Inputs contain non-numerical data. Please check your input data!","")
C99: Rate of return used in the subsequent calculations
D100: Rate of return used in the subsequent calculations | E100: % | F100: =IF(F98<>"",F98,F96) -> 5 | H100: Expected IRR used for calculation | I100: Link to additional information / German translation | M100: =N100 | N100: =IF(IFERROR((1+F100)*1, "!!!!")="!!!!","Inputs contain non-numerical data. Please check your input data!","")
D101: Capital recovery factor (annuity factor) | E101: 1/yr | F101: =(1+F100/100)^F88*F100/100/((1+F100/100)^F88-1) -> 0.096342288 | H101: Factor used to annualize capital costs based on interest rate and lifetime | I101: Link to additional information / German translation | M101: =N101 | N101: =IF(IFERROR((1+F101)*1, "!!!!")="!!!!","Inputs contain non-numerical data. Please check your input data!","")
A103: WASTE HEAT RECOVERY SYSTEM FROM DATA CENTRE: B1 - B2 | B103: Investments and running costs | J103: CONTRACTOR 2 / DC OPERATOR
...

Sheet Grid Costs
A1: Go to Content
A3: Colour Code | B3: Header
B4: Item / unit
B5: User input
B6: Cell with formula
B7: Go to Content
B8: Input - not used for calculation
B9: Control cells
B11: Contractor 1 (district heating operator)
B12: Dimension (DN) | C12: mm | D12: 20 | E12: 25 | F12: 32 | G12: 40 | H12: 50 | I12: 65 | J12: 80 | K12: 100 | L12: 125 | M12: 150 | N12: 200 | O12: 250 | P12: 300 | Q12: 350 | R12: 400 | S12: 450 | T12: 500 | U12: 600 | V12: 700 | W12: 800 | X12: 900 | Y12: 1000
A13: Link to additional information / German translation | B13: Specific cost (including pipe works and joints) | C13: EUR/m | D13: 760 | E13: 800 | F13: 856 | G13: 920 | H13: 1000 | I13: 1120 | J13: 1240 | K13: 1400 | L13: 1600 | M13: 1800 | N13: 2200 | O13: 2600 | P13: 3000 | Q13: 3400 | R13: 3800 | S13: 4200 | T13: 4600 | U13: 5400 | V13: 6200 | W13: 7000 | X13: 7800 | Y13: 8600 | AI13: =AJ13 | AJ13: =IF(IFERROR((1+Y13+X13+W13+V13+U13+T13+S13+R13+Q13+P13+O13+N13+M13+L13+K13+J13+I13+H13+G13+F13+E13+D13)*1, "!!!!")="!!!!","Inputs contain non-numerical data. Please check your input data!","")
B14: Trench / pipe length per DN (Ensure that consistent use of either trench or pipe length is used) | AA14: Totals
B15: Pipe length existing DH network (B3) to heat exchanger 2 (HEx 2), if applicable | C15: m | S15: 200 | AA15: Pipe length from HP to Booster | AD15: EUR | AE15: =SUMPRODUCT(D15:Y15,$D$13:$Y$13) -> 840000 | AI15: =AJ15 | AJ15: =IF(IFERROR((1+Y15+X15+W15+V15+U15+T15+S15+R15+Q15+P15+O15+N15+M15+L15+K15+J15+I15+H15+G15+F15+E15+D15)*1, "!!!!")="!!!!","Inputs contain non-numerical data. Please check your input data!","")
B16: Pipe length heat exchanger 2 to heat pump including piping needed to connect booster (if applicable) | C16: m | S16: 20 | AA16: Pipe length from HP to DH grid | AD16: EUR | AE16: =SUMPRODUCT(D16:Y16,$D$13:$Y$13) -> 84000 | AI16: =AJ16 | AJ16: =IF(IFERROR((1+Y16+X16+W16+V16+U16+T16+S16+R16+Q16+P16+O16+N16+M16+L16+K16+J16+I16+H16+G16+F16+E16+D16)*1, "!!!!")="!!!!","Inputs contain non-numerical data. Please check your input data!","")
B17: Pipe length from heat pump to system boundary B2 | C17: m | S17: 30 | AA17: Pipe length from Booster to DH grid | AD17: EUR | AE17: =SUMPRODUCT(D17:Y17,$D$13:$Y$13) -> 126000 | AI17: =AJ17 | AJ17: =IF(IFERROR((1+Y17+X17+W17+V17+U17+T17+S17+R17+Q17+P17+O17+N17+M17+L17+K17+J17+I17+H17+G17+F17+E17+D17)*1, "!!!!")="!!!!","Inputs contain non-numerical data. Please check your input data!","")
B18: Total pipe length within system boundary: Contractor 1 | C18: m | D18: =SUM(D15:D17) -> 0 | E18: =SUM(E15:E17) -> 0 | F18: =SUM(F15:F17) -> 0 | G18: =SUM(G15:G17) -> 0 | H18: =SUM(H15:H17) -> 0 | I18: =SUM(I15:I17) -> 0 | J18: =SUM(J15:J17) -> 0 | K18: =SUM(K15:K17) -> 0 | ... Y18: =SUM(Y15:Y17) -> 0 | AA18: =B18 -> Total pipe length within system boundary: Contractor 1 | AD18: EUR | AE18: =SUMPRODUCT(D18:Y18,$D$13:$Y$13) -> 1050000 | AI18: =AJ18 | AJ18: =IF(IFERROR((1+Y18+X18+W18+V18+U18+T18+S18+R18+Q18+P18+O18+N18+M18+L18+K18+J18+I18+H18+G18+F18+E18+D18)*1, "!!!!")="!!!!","Inputs contain non-numerical data. Please check your input data!","")
B19: Investment costs for network invested by Contractor 1 | C19: EUR | D19: =SUM(D15:D17)*D13 -> 0 | E19: =SUM(E15:E17)*E13 -> 0 | F19: =SUM(F15:F17)*F13 -> 0 | G19: =SUM(G15:G17)*G13 -> 0 | H19: =SUM(H15:H17)*H13 -> 0 | I19: =SUM(I15:I17)*I13 -> 0 | J19: =SUM(J15:J17)*J13 -> 0 | K19: =SUM(K15:K17)*K13 -> 0 | ... Y19: =SUM(Y15:Y17)*Y13 -> 0 | AA19: Total investment | AD19: EUR | AE19: =SUM(AE15:AE17) -> 1050000 | AI19: =AJ19 | AJ19: =IF(IFERROR((1+Y19+X19+W19+V19+U19+T19+S19+R19+Q19+P19+O19+N19+M19+L19+K19+J19+I19+H19+G19+F19+E19+D19)*1, "!!!!")="!!!!","Inputs contain non-numerical data. Please check your input data!","")
B20: Contractor 2 (data centre operator)
B21: Dimension (DN) | C21: mm | D21: 20 | E21: 25 | F21: 32 | G21: 40 | H21: 50 | I21: 65 | J21: 80 | K21: 100 | L21: 125 | M21: 150 | N21: 200 | O21: 250 | P21: 300 | Q21: 350 | R21: 400 | S21: 450 | T21: 500 | U21: 600 | V21: 700 | W21: 800 | X21: 900 | Y21: 1000
B22: Specific cost (including pipe works and joints) | C22: EUR/m | D22: 760 | E22: 800 | F22: 856 | G22: 920 | H22: 1000 | I22: 1120 | J22: 1240 | K22: 1400 | L22: 1600 | M22: 1800 | N22: 2200 | O22: 2600 | P22: 3000 | Q22: 3400 | R22: 3800 | S22: 4200 | T22: 4600 | U22: 5400 | V22: 6200 | W22: 7000 | X22: 7800 | Y22: 8600 | AI22: =AJ22 | AJ22: =IF(IFERROR((1+Y22+X22+W22+V22+U22+T22+S22+R22+Q22+P22+O22+N22+M22+L22+K22+J22+I22+H22+G22+F22+E22+D22)*1, "!!!!")="!!!!","Inputs contain non-numerical data. Please check your input data!","")
B23: Trench / pipe length per DN (Ensure consistent use of either trench or pipe length) | AA23: Totals
B24: Total pipe length from within system boundary B2 to system boundary B1 (existing waste heat source): Contrator 2 / data centre operator | C24: m | S24: 30 | AA24: Pipe length from data centre to HP | AD24: EUR | AE24: =SUMPRODUCT(D24:Y24,$D$13:$Y$13) -> 126000 | AI24: =AJ24 | AJ24: =IF(IFERROR((1+Y24+X24+W24+V24+U24+T24+S24+R24+Q24+P24+O24+N24+M24+L24+K24+J24+I24+H24+G24+F24+E24+D24)*1, "!!!!")="!!!!","Inputs contain non-numerical data. Please check your input data!","")
B25: Investment costs for network invested by Contrator 2 / data centrer operator | C25: EUR | D25: =SUM(D24:D24)*D22 -> 0 | E25: =SUM(E24:E24)*E22 -> 0 | F25: =SUM(F24:F24)*F22 -> 0 | G25: =SUM(G24:G24)*G22 -> 0 | H25: =SUM(H24:H24)*H22 -> 0 | I25: =SUM(I24:I24)*I22 -> 0 | J25: =SUM(J24:J24)*J22 -> 0 | K25: =SUM(K24:K24)*K22 -> 0 | ... Y25: =SUM(Y24:Y24)*Y22 -> 0 | AA25: Total investment | AD25: EUR | AE25: =SUM(AE24:AE24) -> 126000 | AI25: =AJ25 | AJ25: =IF(IFERROR((1+Y25+X25+W25+V25+U25+T25+S25+R25+Q25+P25+O25+N25+M25+L25+K25+J25+I25+H25+G25+F25+E25+D25)*1, "!!!!")="!!!!","Inputs contain non-numerical data. Please check your input data!","")
B30: =B11 -> Contractor 1 (district heating operator)
B50: =B20 -> Contractor 2 (data centre operator)

Sheet Definition of Typical Day
A1: Go to Content
A3: Header | B3: Colour Code
A4: Item / unit
A5: User input
A6: Cell with formula
A7: Go to content
A8: Input - not used for calculation
A10: Control cells | C10: Define meaningful "typical days" for the desired project and your demands
A11: Check settings / input data, there might be some error
B13: Typical day | D13: Typical day | E13: 1 | F13: =E13+1 -> 2 | G13: =F13+1 -> 3 | H13: =G13+1 -> 4 | I13: =H13+1 -> 5 | J13: =I13+1 -> 6 | K13: =J13+1 -> 7 | L13: =K13+1 -> 8 | M13: =L13+1 -> 9 | ... X13: =W13+1 -> 20
A14: Link to additional information / German translation | C14: Name of typical day | D14: Name of typical day | E14: Winter day | F14: Spring / fall weekday | G14: Spring / fall weekend | H14: Summer weekday | I14: Summer weekend | J14: Maintenance of HP | K14: =K13 -> 7 | L14: =L13 -> 8 | M14: =M13 -> 9 | N14: =N13 -> 10 | O14: =O13 -> 11 | P14: =P13 -> 12 | Q14: =Q13 -> 13 | R14: =R13 -> 14 | ... W14: =W13 -> 19 | X14: 20
A15: Link to additional information / German translation | C15: Season of typical day | D15: Season of typical day | E15: Winter | F15: Spring / Fall | G15: Spring / Fall | H15: Summer | I15: Summer | J15: Can occur in any season | Y15: Season
A16: Link to additional information / German translation | C16: Qualitative Description | E16: The amount of waste heat is significantly lower than the heat demand. The grid supply temperature is higher than the maximum heat pump temperature, so additional heating via direct electric heating is required. | F16: On a typical fall weekday, the amount of waste heat is clearly lower than the demand in the existing network. Supply temperatures are not very high yet. | G16: Similar to the weekday scenario – on a fall weekend, the amount of waste heat remains lower than demand, and supply temperatures are still not very high. | H16: On a summer weekday, the supply temperature is lower, and all the available waste heat can be used. | I16: Same as on the weekday – lower supply temperatures allow full utilization of the available waste heat. | J16: The heat pump is out of operation either due to maintenance or due to no heat demand. | Y16: Qualitative Description
D17: Outside Temperature | Y17: =D17 -> Outside Temperature
D18: Available waste heat | E18: High | F18: Moderate | G18: Moderate | Y18: =D18 -> Available waste heat
D19: Waste heat higher than demand | E19: No | F19: No | G19: No | Y19: =D19 -> Waste heat higher than demand
D20: Waste heat temperature | E20: Constant | F20: Constant | G20: Constant | H20: Constant | I20: Constant | Y20: =D20 -> Waste heat temperature
D21: Grid temperature | E21: High | F21: Medium | G21: Medium | H21: Low | I21: Low | Y21: =D21 -> Grid temperature
Y22: =D22 -> 0
D23: HP outage / maintenance | E23: No | F23: No | G23: No | H23: No | I23: No | J23: Yes | Y23: =D23 -> HP outage / maintenance
C25: Economic parameters | Y25: Economic parameters
Y26: =C26 -> 0
A27: Link to additional information / German translation | C27: Electricity price auxiliary electricity (for simplicity, this price includes already grid fees, etc.). | D27: EUR/MWh | E27: 135 | F27: 71 | G27: 71 | H27: 60 | I27: 60 | J27: 66 | Y27: =C27 -> Electricity price auxiliary electricity (for simplicity, this price includes already grid fees, etc.). | AA27: =AB27 | AB27: =IF(IFERROR((1+X27+W27+V27+U27+T27+S27+R27+Q27+P27+O27+N27+M27+L27+K27+J27+I27+H27+G27+F27+E27)*1, "!!!!")="!!!!","Inputs contain non-numerical data. Please check your input data!","")
C30: Technical parameters
C31: Filter for Variable | D31: Filter for hour of the day
B32: 1 | C32: =E32 -> Available waste heat (DC heat source) | D32: Hour of day | E32: Available waste heat (DC heat source) | Y32: Hour of the day
A33: Link to additional information / German translation | B33: =B32 -> 1 | C33: =C32 -> Available waste heat (DC heat source) | E33: MW_th
B34: =B33 -> 1 | C34: =C33 -> Available waste heat (DC heat source) | E34: Hourly thermal output from the data centre that is available for heat recovery. This represents the maximum potential heat input for the heat pump system. In order to consider a scheduled maintenance of the heat pump, the available waste heat can be set to Zero if there is no need to renumerate the waste heat provided by the DC/waste heat operator (e.g in a pay-as-you-go contract)
B35: =B34 -> 1 | C35: =C34 -> Available waste heat (DC heat source) | D35: 1 | E35: 2 | F35: =$E$35 -> 2 | G35: =$E$35 -> 2 | H35: =$E$35 -> 2 | I35: =$E$35 -> 2 | J35: 0 | X35: 0.001 | Y35: 1 | AA35: =AB35 | AB35: =IF(IFERROR((1+X35+W35+V35+U35+T35+S35+R35+Q35+P35+O35+N35+M35+L35+K35+J35+I35+H35+G35+F35+E35)*1, "!!!!")="!!!!","Inputs contain non-numerical data. Please check your input data!","")
B36: =B35 -> 1 | C36: =C35 -> Available waste heat (DC heat source) | D36: 2 | E36: =$E$35 -> 2 | F36: =$E$35 -> 2 | G36: =$E$35 -> 2 | H36: =$E$35 -> 2 | I36: =$E$35 -> 2 | J36: 0 | X36: 0.001 | Y36: 2 | AA36: =AB36 | AB36: =IF(IFERROR((1+X36+W36+V36+U36+T36+S36+R36+Q36+P36+O36+N36+M36+L36+K36+J36+I36+H36+G36+F36+E36)*1, "!!!!")="!!!!","Inputs contain non-numerical data. Please check your input data!","")
B37: =B36 -> 1 | C37: =C36 -> Available waste heat (DC heat source) | D37: 3 | E37: =$E$35 -> 2 | F37: =$E$35 -> 2 | G37: =$E$35 -> 2 | H37: =$E$35 -> 2 | I37: =$E$35 -> 2 | J37: 0 | X37: 0.001 | Y37: 3 | AA37: =AB37 | AB37: =IF(IFERROR((1+X37+W37+V37+U37+T37+S37+R37+Q37+P37+O37+N37+M37+L37+K37+J37+I37+H37+G37+F37+E37)*1, "!!!!")="!!!!","Inputs contain non-numerical data. Please check your input data!","")
B38: =B37 -> 1 | C38: =C37 -> Available waste heat (DC heat source) | D38: 4 | E38: =$E$35 -> 2 | F38: =$E$35 -> 2 | G38: =$E$35 -> 2 | H38: =$E$35 -> 2 | I38: =$E$35 -> 2 | J38: 0 | X38: 0.001 | Y38: 4 | AA38: =AB38 | AB38: =IF(IFERROR((1+X38+W38+V38+U38+T38+S38+R38+Q38+P38+O38+N38+M38+L38+K38+J38+I38+H38+G38+F38+E38)*1, "!!!!")="!!!!","Inputs contain non-numerical data. Please check your input data!","")
B39: =B38 -> 1 | C39: =C38 -> Available waste heat (DC heat source) | D39: 5 | E39: =$E$35 -> 2 | F39: =$E$35 -> 2 | G39: =$E$35 -> 2 | H39: =$E$35 -> 2 | I39: =$E$35 -> 2 | J39: 0 | X39: 0.001 | Y39: 5 | AA39: =AB39 | AB39: =IF(IFERROR((1+X39+W39+V39+U39+T39+S39+R39+Q39+P39+O39+N39+M39+L39+K39+J39+I39+H39+G39+F39+E39)*1, "!!!!")="!!!!","Inputs contain non-numerical data. Please check your input data!","")
B40: =B39 -> 1 | C40: =C39 -> Available waste heat (DC heat source) | D40: 6 | E40: =$E$35 -> 2 | F40: =$E$35 -> 2 | G40: =$E$35 -> 2 | H40: =$E$35 -> 2 | I40: =$E$35 -> 2 | J40: 0 | X40: 0.001 | Y40: 6 | AA40: =AB40 | AB40: =IF(IFERROR((1+X40+W40+V40+U40+T40+S40+R40+Q40+P40+O40+N40+M40+L40+K40+J40+I40+H40+G40+F40+E40)*1, "!!!!")="!!!!","Inputs contain non-numerical data. Please check your input data!","")
B41: =B40 -> 1 | C41: =C40 -> Available waste heat (DC heat source) | D41: 7 | E41: =$E$35 -> 2 | F41: =$E$35 -> 2 | G41: =$E$35 -> 2 | H41: =$E$35 -> 2 | I41: =$E$35 -> 2 | J41: 0 | X41: 0.001 | Y41: 7 | AA41: =AB41 | AB41: =IF(IFERROR((1+X41+W41+V41+U41+T41+S41+R41+Q41+P41+O41+N41+M41+L41+K41+J41+I41+H41+G41+F41+E41)*1, "!!!!")="!!!!","Inputs contain non-numerical data. Please check your input data!","")
B42: =B41 -> 1 | C42: =C41 -> Available waste heat (DC heat source) | D42: 8 | E42: =$E$35 -> 2 | F42: =$E$35 -> 2 | G42: =$E$35 -> 2 | H42: =$E$35 -> 2 | I42: =$E$35 -> 2 | J42: 0 | X42: 0.001 | Y42: 8 | AA42: =AB42 | AB42: =IF(IFERROR((1+X42+W42+V42+U42+T42+S42+R42+Q42+P42+O42+N42+M42+L42+K42+J42+I42+H42+G42+F42+E42)*1, "!!!!")="!!!!","Inputs contain non-numerical data. Please check your input data!","")
B43: =B42 -> 1 | C43: =C42 -> Available waste heat (DC heat source) | D43: 9 | E43: =$E$35 -> 2 | F43: =$E$35 -> 2 | G43: =$E$35 -> 2 | H43: =$E$35 -> 2 | I43: =$E$35 -> 2 | J43: 0 | X43: 0.001 | Y43: 9 | AA43: =AB43 | AB43: =IF(IFERROR((1+X43+W43+V43+U43+T43+S43+R43+Q43+P43+O43+N43+M43+L43+K43+J43+I43+H43+G43+F43+E43)*1, "!!!!")="!!!!","Inputs contain non-numerical data. Please check your input data!","")
B44: =B43 -> 1 | C44: =C43 -> Available waste heat (DC heat source) | D44: 10 | E44: =$E$35 -> 2 | F44: =$E$35 -> 2 | G44: =$E$35 -> 2 | H44: =$E$35 -> 2 | I44: =$E$35 -> 2 | J44: 0 | X44: 0.001 | Y44: 10 | AA44: =AB44 | AB44: =IF(IFERROR((1+X44+W44+V44+U44+T44+S44+R44+Q44+P44+O44+N44+M44+L44+K44+J44+I44+H44+G44+F44+E44)*1, "!!!!")="!!!!","Inputs contain non-numerical data. Please check your input data!","")
B45: =B44 -> 1 | C45: =C44 -> Available waste heat (DC heat source) | D45: 11 | E45: =$E$35 -> 2 | F45: =$E$35 -> 2 | G45: =$E$35 -> 2 | H45: =$E$35 -> 2 | I45: =$E$35 -> 2 | J45: 0 | X45: 0.001 | Y45: 11 | AA45: =AB45 | AB45: =IF(IFERROR((1+X45+W45+V45+U45+T45+S45+R45+Q45+P45+O45+N45+M45+L45+K45+J45+I45+H45+G45+F45+E45)*1, "!!!!")="!!!!","Inputs contain non-numerical data. Please check your input data!","")
B46: =B45 -> 1 | C46: =C45 -> Available waste heat (DC heat source) | D46: 12 | E46: =$E$35 -> 2 | F46: =$E$35 -> 2 | G46: =$E$35 -> 2 | H46: =$E$35 -> 2 | I46: =$E$35 -> 2 | J46: 0 | X46: 0.001 | Y46: 12 | AA46: =AB46 | AB46: =IF(IFERROR((1+X46+W46+V46+U46+T46+S46+R46+Q46+P46+O46+N46+M46+L46+K46+J46+I46+H46+G46+F46+E46)*1, "!!!!")="!!!!","Inputs contain non-numerical data. Please check your input data!","")
B47: =B46 -> 1 | C47: =C46 -> Available waste heat (DC heat source) | D47: 13 | E47: =$E$35 -> 2 | F47: =$E$35 -> 2 | G47: =$E$35 -> 2 | H47: =$E$35 -> 2 | I47: =$E$35 -> 2 | J47: 0 | X47: 0.001 | Y47: 13 | AA47: =AB47 | AB47: =IF(IFERROR((1+X47+W47+V47+U47+T47+S47+R47+Q47+P47+O47+N47+M47+L47+K47+J47+I47+H47+G47+F47+E47)*1, "!!!!")="!!!!","Inputs contain non-numerical data. Please check your input data!","")
... B58: =B57 -> 1 | C58: =C57 -> Available waste heat (DC heat source) | D58: 24 | E58: =$E$35 -> 2 | F58: =$E$35 -> 2 | G58: =$E$35 -> 2 | H58: =$E$35 -> 2 | I58: =$E$35 -> 2 | J58: 0 | X58: 0.001 | Y58: 24 | AA58: =AB58 | AB58: =IF(IFERROR((1+X58+W58+V58+U58+T58+S58+R58+Q58+P58+O58+N58+M58+L58+K58+J58+I58+H58+G58+F58+E58)*1, "!!!!")="!!!!","Inputs contain non-numerical data. Please check your input data!","")
B59: =B58 -> 1 | D59: Daily average | E59: =SUM(E35:E58)/24 -> 2 | F59: =SUM(F35:F58)/24 -> 2 | G59: =SUM(G35:G58)/24 -> 2 | H59: =SUM(H35:H58)/24 -> 2 | I59: =SUM(I35:I58)/24 -> 2 | J59: =SUM(J35:J58)/24 -> 0 | K59: =SUM(K35:K58)/24 -> 0 | L59: =SUM(L35:L58)/24 -> 0 | ... X59: =SUM(X35:X58)/24 -> 0.001 | Y59: Daily average
B60: =B59 -> 1
A61: Link to additional information / German translation | B61: =B58+1 -> 2 | C61: =E61 -> Max heat demand - grid (HP heat sink) | D61: Hour of day | E61: Max heat demand - grid (HP heat sink) | Y61: Hour of day
B62: =B61 -> 2 | C62: =C61 -> Max heat demand - grid (HP heat sink) | E62: MW_th
B63: =B62 -> 2 | C63: =C62 -> Max heat demand - grid (HP heat sink) | E63: Hourly thermal demand from the district heating network that the heat pump can supply. It sets the upper limit for how much heat can be delivered into the grid. In order to consider a scheduled maintenance of the heat pump, the grid demand can be set to Zero (if the entire system shall not run) but the DC / waste heat operator provides heat and is supposed to be renumerated for that heat in a take-or-pay contract
B64: =B63 -> 2 | C64: =C63 -> Max heat demand - grid (HP heat sink) | D64: 1 | E64: 6 | F64: 6 | G64: 6 | H64: 6 | I64: 6 | J64: 0 | X64: 100 | Y64: 1 | AA64: =AB64 | AB64: =IF(IFERROR((1+X64+W64+V64+U64+T64+S64+R64+Q64+P64+O64+N64+M64+L64+K64+J64+I64+H64+G64+F64+E64)*1, "!!!!")="!!!!","Inputs contain non-numerical data. Please check your input data!","")
B65: =B64 -> 2 | C65: =C64 -> Max heat demand - grid (HP heat sink) | D65: 2 | E65: 6 | F65: 6 | G65: 6 | H65: 6 | I65: 6 | J65: 0 | X65: 100 | Y65: 2 | AA65: =AB65 | AB65: =IF(IFERROR((1+X65+W65+V65+U65+T65+S65+R65+Q65+P65+O65+N65+M65+L65+K65+J65+I65+H65+G65+F65+E65)*1, "!!!!")="!!!!","Inputs contain non-numerical data. Please check your input data!","")
B66: =B65 -> 2 | C66: =C65 -> Max heat demand - grid (HP heat sink) | D66: 3 | E66: 6 | F66: 6 | G66: 6 | H66: 6 | I66: 6 | J66: 0 | X66: 100 | Y66: 3 | AA66: =AB66 | AB66: =IF(IFERROR((1+X66+W66+V66+U66+T66+S66+R66+Q66+P66+O66+N66+M66+L66+K66+J66+I66+H66+G66+F66+E66)*1, "!!!!")="!!!!","Inputs contain non-numerical data. Please check your input data!","")
B67: =B66 -> 2 | C67: =C66 -> Max heat demand - grid (HP heat sink) | D67: 4 | E67: 6 | F67: 6 | G67: 6 | H67: 6 | I67: 6 | J67: 0 | X67: 100 | Y67: 4 | AA67: =AB67 | AB67: =IF(IFERROR((1+X67+W67+V67+U67+T67+S67+R67+Q67+P67+O67+N67+M67+L67+K67+J67+I67+H67+G67+F67+E67)*1, "!!!!")="!!!!","Inputs contain non-numerical data. Please check your input data!","")
B68: =B67 -> 2 | C68: =C67 -> Max heat demand - grid (HP heat sink) | D68: 5 | E68: 6 | F68: 6 | G68: 6 | H68: 6 | I68: 6 | J68: 0 | X68: 100 | Y68: 5 | AA68: =AB68 | AB68: =IF(IFERROR((1+X68+W68+V68+U68+T68+S68+R68+Q68+P68+O68+N68+M68+L68+K68+J68+I68+H68+G68+F68+E68)*1, "!!!!")="!!!!","Inputs contain non-numerical data. Please check your input data!","")
B69: =B68 -> 2 | C69: =C68 -> Max heat demand - grid (HP heat sink) | D69: 6 | E69: 6 | F69: 6 | G69: 6 | H69: 6 | I69: 6 | J69: 0 | X69: 100 | Y69: 6 | AA69: =AB69 | AB69: =IF(IFERROR((1+X69+W69+V69+U69+T69+S69+R69+Q69+P69+O69+N69+M69+L69+K69+J69+I69+H69+G69+F69+E69)*1, "!!!!")="!!!!","Inputs contain non-numerical data. Please check your input data!","")
B70: =B69 -> 2 | C70: =C69 -> Max heat demand - grid (HP heat sink) | D70: 7 | E70: 6 | F70: 6 | G70: 6 | H70: 6 | I70: 6 | J70: 0 | X70: 100 | Y70: 7 | AA70: =AB70 | AB70: =IF(IFERROR((1+X70+W70+V70+U70+T70+S70+R70+Q70+P70+O70+N70+M70+L70+K70+J70+I70+H70+G70+F70+E70)*1, "!!!!")="!!!!","Inputs contain non-numerical data. Please check your input data!","")
B71: =B70 -> 2 | C71: =C70 -> Max heat demand - grid (HP heat sink) | D71: 8 | E71: 6 | F71: 6 | G71: 6 | H71: 6 | I71: 6 | J71: 0 | X71: 100 | Y71: 8 | AA71: =AB71 | AB71: =IF(IFERROR((1+X71+W71+V71+U71+T71+S71+R71+Q71+P71+O71+N71+M71+L71+K71+J71+I71+H71+G71+F71+E71)*1, "!!!!")="!!!!","Inputs contain non-numerical data. Please check your input data!","")
B72: =B71 -> 2 | C72: =C71 -> Max heat demand - grid (HP heat sink) | D72: 9 | E72: 6 | F72: 6 | G72: 6 | H72: 6 | I72: 6 | J72: 0 | X72: 100 | Y72: 9 | AA72: =AB72 | AB72: =IF(IFERROR((1+X72+W72+V72+U72+T72+S72+R72+Q72+P72+O72+N72+M72+L72+K72+J72+I72+H72+G72+F72+E72)*1, "!!!!")="!!!!","Inputs contain non-numerical data. Please check your input data!","")
B73: =B72 -> 2 | C73: =C72 -> Max heat demand - grid (HP heat sink) | D73: 10 | E73: 6 | F73: 6 | G73: 6 | H73: 6 | I73: 6 | J73: 0 | X73: 100 | Y73: 10 | AA73: =AB73 | AB73: =IF(IFERROR((1+X73+W73+V73+U73+T73+S73+R73+Q73+P73+O73+N73+M73+L73+K73+J73+I73+H73+G73+F73+E73)*1, "!!!!")="!!!!","Inputs contain non-numerical data. Please check your input data!","")
B74: =B73 -> 2 | C74: =C73 -> Max heat demand - grid (HP heat sink) | D74: 11 | E74: 6 | F74: 6 | G74: 6 | H74: 6 | I74: 6 | J74: 0 | X74: 100 | Y74: 11 | AA74: =AB74 | AB74: =IF(IFERROR((1+X74+W74+V74+U74+T74+S74+R74+Q74+P74+O74+N74+M74+L74+K74+J74+I74+H74+G74+F74+E74)*1, "!!!!")="!!!!","Inputs contain non-numerical data. Please check your input data!","")
B75: =B74 -> 2 | C75: =C74 -> Max heat demand - grid (HP heat sink) | D75: 12 | E75: 6 | F75: 6 | G75: 6 | H75: 6 | I75: 6 | J75: 0 | X75: 100 | Y75: 12 | AA75: =AB75 | AB75: =IF(IFERROR((1+X75+W75+V75+U75+T75+S75+R75+Q75+P75+O75+N75+M75+L75+K75+J75+I75+H75+G75+F75+E75)*1, "!!!!")="!!!!","Inputs contain non-numerical data. Please check your input data!","")
... B87: =B86 -> 2 | C87: =C86 -> Max heat demand - grid (HP heat sink) | D87: 24 | E87: 6 | F87: 6 | G87: 6 | H87: 6 | I87: 6 | J87: 0 | X87: 100 | Y87: 24 | AA87: =AB87 | AB87: =IF(IFERROR((1+X87+W87+V87+U87+T87+S87+R87+Q87+P87+O87+N87+M87+L87+K87+J87+I87+H87+G87+F87+E87)*1, "!!!!")="!!!!","Inputs contain non-numerical data. Please check your input data!","")
B88: =B87 -> 2 | D88: Daily average | E88: =SUM(E64:E87)/24 -> 6 | F88: =SUM(F64:F87)/24 -> 6 | G88: =SUM(G64:G87)/24 -> 6 | H88: =SUM(H64:H87)/24 -> 6 | I88: =SUM(I64:I87)/24 -> 6 | J88: =SUM(J64:J87)/24 -> 0 | K88: =SUM(K64:K87)/24 -> 0 | L88: =SUM(L64:L87)/24 -> 0 | ... X88: =SUM(X64:X87)/24 -> 100 | Y88: Daily average
A89: Link to additional information / German translation | B89: =B88 -> 2 | C89: =E90 -> Heat source temperature (DC) / temperature of the cooling system before HEx 1
B90: =B87+1 -> 3 | D90: Hour of day | E90: Heat source temperature (DC) / temperature of the cooling system before HEx 1 | Y90: Hour of day
B91: =B90 -> 3 | C91: =C89 -> Heat source temperature (DC) / temperature of the cooling system before HEx 1 | E91: °C
B92: =B91 -> 3 | C92: =C91 -> Heat source temperature (DC) / temperature of the cooling system before HEx 1 | E92: Temperature of the waste heat source, after the temperature reduction in the HEx 1 this is the temperature that is entering the heat pump. This influences the efficiency of the heat pump.
B93: =B92 -> 3 | C93: =C92 -> Heat source temperature (DC) / temperature of the cooling system before HEx 1 | D93: 1 | E93: 40 | F93: 40 | G93: 40 | H93: 40 | I93: 40 | J93: 40 | X93: 30 | Y93: 1 | AA93: =AB93 | AB93: =IF(IFERROR((1+X93+W93+V93+U93+T93+S93+R93+Q93+P93+O93+N93+M93+L93+K93+J93+I93+H93+G93+F93+E93)*1, "!!!!")="!!!!","Inputs contain non-numerical data. Please check your input data!","")
B94: =B93 -> 3 | C94: =C93 -> Heat source temperature (DC) / temperature of the cooling system before HEx 1 | D94: 2 | E94: 40 | F94: 40 | G94: 40 | H94: 40 | I94: 40 | J94: 40 | X94: 30 | Y94: 2 | AA94: =AB94 | AB94: =IF(IFERROR((1+X94+W94+V94+U94+T94+S94+R94+Q94+P94+O94+N94+M94+L94+K94+J94+I94+H94+G94+F94+E94)*1, "!!!!")="!!!!","Inputs contain non-numerical data. Please check your input data!","")
B95: =B94 -> 3 | C95: =C94 -> Heat source temperature (DC) / temperature of the cooling system before HEx 1 | D95: 3 | E95: 40 | F95: 40 | G95: 40 | H95: 40 | I95: 40 | J95: 40 | X95: 30 | Y95: 3 | AA95: =AB95 | AB95: =IF(IFERROR((1+X95+W95+V95+U95+T95+S95+R95+Q95+P95+O95+N95+M95+L95+K95+J95+I95+H95+G95+F95+E95)*1, "!!!!")="!!!!","Inputs contain non-numerical data. Please check your input data!","")
B96: =B95 -> 3 | C96: =C95 -> Heat source temperature (DC) / temperature of the cooling system before HEx 1 | D96: 4 | E96: 40 | F96: 40 | G96: 40 | H96: 40 | I96: 40 | J96: 40 | X96: 30 | Y96: 4 | AA96: =AB96 | AB96: =IF(IFERROR((1+X96+W96+V96+U96+T96+S96+R96+Q96+P96+O96+N96+M96+L96+K96+J96+I96+H96+G96+F96+E96)*1, "!!!!")="!!!!","Inputs contain non-numerical data. Please check your input data!","")
B97: =B96 -> 3 | C97: =C96 -> Heat source temperature (DC) / temperature of the cooling system before HEx 1 | D97: 5 | E97: 40 | F97: 40 | G97: 40 | H97: 40 | I97: 40 | J97: 40 | X97: 30 | Y97: 5 | AA97: =AB97 | AB97: =IF(IFERROR((1+X97+W97+V97+U97+T97+S97+R97+Q97+P97+O97+N97+M97+L97+K97+J97+I97+H97+G97+F97+E97)*1, "!!!!")="!!!!","Inputs contain non-numerical data. Please check your input data!","")
B98: =B97 -> 3 | C98: =C97 -> Heat source temperature (DC) / temperature of the cooling system before HEx 1 | D98: 6 | E98: 40 | F98: 40 | G98: 40 | H98: 40 | I98: 40 | J98: 40 | X98: 30 | Y98: 6 | AA98: =AB98 | AB98: =IF(IFERROR((1+X98+W98+V98+U98+T98+S98+R98+Q98+P98+O98+N98+M98+L98+K98+J98+I98+H98+G98+F98+E98)*1, "!!!!")="!!!!","Inputs contain non-numerical data. Please check your input data!","")
B99: =B98 -> 3 | C99: =C98 -> Heat source temperature (DC) / temperature of the cooling system before HEx 1 | D99: 7 | E99: 40 | F99: 40 | G99: 40 | H99: 40 | I99: 40 | J99: 40 | X99: 30 | Y99: 7 | AA99: =AB99 | AB99: =IF(IFERROR((1+X99+W99+V99+U99+T99+S99+R99+Q99+P99+O99+N99+M99+L99+K99+J99+I99+H99+G99+F99+E99)*1, "!!!!")="!!!!","Inputs contain non-numerical data. Please check your input data!","")
B100: =B99 -> 3 | C100: =C99 -> Heat source temperature (DC) / temperature of the cooling system before HEx 1 | D100: 8 | E100: 40 | F100: 40 | G100: 40 | H100: 40 | I100: 40 | J100: 40 | X100: 30 | Y100: 8 | AA100: =AB100 | AB100: =IF(IFERROR((1+X100+W100+V100+U100+T100+S100+R100+Q100+P100+O100+N100+M100+L100+K100+J100+I100+H100+G100+F100+E100)*1, "!!!!")="!!!!","Inputs contain non-numerical data. Please check your input data!","")
B101: =B100 -> 3 | C101: =C100 -> Heat source temperature (DC) / temperature of the cooling system before HEx 1 | D101: 9 | E101: 40 | F101: 40 | G101: 40 | H101: 40 | I101: 40 | J101: 40 | X101: 30 | Y101: 9 | AA101: =AB101 | AB101: =IF(IFERROR((1+X101+W101+V101+U101+T101+S101+R101+Q101+P101+O101+N101+M101+L101+K101+J101+I101+H101+G101+F101+E101)*1, "!!!!")="!!!!","Inputs contain non-numerical data. Please check your input data!","")
B102: =B101 -> 3 | C102: =C101 -> Heat source temperature (DC) / temperature of the cooling system before HEx 1 | D102: 10 | E102: 40 | F102: 40 | G102: 40 | H102: 40 | I102: 40 | J102: 40 | X102: 30 | Y102: 10 | AA102: =AB102 | AB102: =IF(IFERROR((1+X102+W102+V102+U102+T102+S102+R102+Q102+P102+O102+N102+M102+L102+K102+J102+I102+H102+G102+F102+E102)*1, "!!!!")="!!!!","Inputs contain non-numerical data. Please check your input data!","")
B103: =B102 -> 3 | C103: =C102 -> Heat source temperature (DC) / temperature of the cooling system before HEx 1 | D103: 11 | E103: 40 | F103: 40 | G103: 40 | H103: 40 | I103: 40 | J103: 40 | X103: 30 | Y103: 11 | AA103: =AB103 | AB103: =IF(IFERROR((1+X103+W103+V103+U103+T103+S103+R103+Q103+P103+O103+N103+M103+L103+K103+J103+I103+H103+G103+F103+E103)*1, "!!!!")="!!!!","Inputs contain non-numerical data. Please check your input data!","")
B104: =B103 -> 3 | C104: =C103 -> Heat source temperature (DC) / temperature of the cooling system before HEx 1 | D104: 12 | E104: 40 | F104: 40 | G104: 40 | H104: 40 | I104: 40 | J104: 40 | X104: 30 | Y104: 12 | AA104: =AB104 | AB104: =IF(IFERROR((1+X104+W104+V104+U104+T104+S104+R104+Q104+P104+O104+N104+M104+L104+K104+J104+I104+H104+G104+F104+E104)*1, "!!!!")="!!!!","Inputs contain non-numerical data. Please check your input data!","")
... B116: =B115 -> 3 | C116: =C115 -> Heat source temperature (DC) / temperature of the cooling system before HEx 1 | D116: 24 | E116: 40 | F116: 40 | G116: 40 | H116: 40 | I116: 40 | J116: 40 | X116: 30 | Y116: 24 | AA116: =AB116 | AB116: =IF(IFERROR((1+X116+W116+V116+U116+T116+S116+R116+Q116+P116+O116+N116+M116+L116+K116+J116+I116+H116+G116+F116+E116)*1, "!!!!")="!!!!","Inputs contain non-numerical data. Please check your input data!","")
B117: =B116 -> 3 | D117: Daily average | E117: =SUM(E93:E116)/24 -> 40 | F117: =SUM(F93:F116)/24 -> 40 | G117: =SUM(G93:G116)/24 -> 40 | H117: =SUM(H93:H116)/24 -> 40 | I117: =SUM(I93:I116)/24 -> 40 | J117: =SUM(J93:J116)/24 -> 40 | K117: =SUM(K93:K116)/24 -> 0 | L117: =SUM(L93:L116)/24 -> 0 | ... X117: =SUM(X93:X116)/24 -> 30 | Y117: Daily average
B118: =B117 -> 3
A119: Link to additional information / German translation | B119: =B116+1 -> 4 | C119: =E119 -> DH supply line temperature* | D119: Hour of day | E119: DH supply line temperature* | Y119: Hour of day
B120: =B119 -> 4 | C120: =C119 -> DH supply line temperature* | E120: °C
B121: =B120 -> 4 | C121: =C120 -> DH supply line temperature* | E121: This is the required supply temperature (in °C) that must be delivered to the district heating (DH) network
B122: =B121 -> 4 | C122: =C121 -> DH supply line temperature* | D122: 1 | E122: 77 | F122: 86.666667 | G122: =F122 -> 86.666667 | H122: 60 | I122: =H122 -> 60 | J122: =AVERAGE(H122,F122) -> 73.333333 | X122: 93 | Y122: 1 | AA122: =AB122 | AB122: =IF(IFERROR((1+X122+W122+V122+U122+T122+S122+R122+Q122+P122+O122+N122+M122+L122+K122+J122+I122+H122+G122+F122+E122)*1, "!!!!")="!!!!","Inputs contain non-numerical data. Please check your input data!","")
B123: =B122 -> 4 | C123: =C122 -> DH supply line temperature* | D123: 2 | E123: 77 | F123: 86.666667 | G123: =F123 -> 86.666667 | H123: 60 | I123: =H123 -> 60 | J123: =AVERAGE(H123,F123) -> 73.333333 | X123: 86.666667 | Y123: 2 | AA123: =AB123 | AB123: =IF(IFERROR((1+X123+W123+V123+U123+T123+S123+R123+Q123+P123+O123+N123+M123+L123+K123+J123+I123+H123+G123+F123+E123)*1, "!!!!")="!!!!","Inputs contain non-numerical data. Please check your input data!","")
B124: =B123 -> 4 | C124: =C123 -> DH supply line temperature* | D124: 3 | E124: 77 | F124: 86.666667 | G124: =F124 -> 86.666667 | H124: 60 | I124: =H124 -> 60 | J124: =AVERAGE(H124,F124) -> 73.333333 | X124: 86.666667 | Y124: 3 | AA124: =AB124 | AB124: =IF(IFERROR((1+X124+W124+V124+U124+T124+S124+R124+Q124+P124+O124+N124+M124+L124+K124+J124+I124+H124+G124+F124+E124)*1, "!!!!")="!!!!","Inputs contain non-numerical data. Please check your input data!","")
B125: =B124 -> 4 | C125: =C124 -> DH supply line temperature* | D125: 4 | E125: 79 | F125: 88.333333 | G125: =F125 -> 88.333333 | H125: 60 | I125: =H125 -> 60 | J125: =AVERAGE(H125,F125) -> 74.166667 | X125: 88.333333 | Y125: 4 | AA125: =AB125 | AB125: =IF(IFERROR((1+X125+W125+V125+U125+T125+S125+R125+Q125+P125+O125+N125+M125+L125+K125+J125+I125+H125+G125+F125+E125)*1, "!!!!")="!!!!","Inputs contain non-numerical data. Please check your input data!","")
B126: =B125 -> 4 | C126: =C125 -> DH supply line temperature* | D126: 5 | E126: 83 | F126: 90 | G126: =F126 -> 90 | H126: 60 | I126: =H126 -> 60 | J126: =AVERAGE(H126,F126) -> 75 | X126: 88 | Y126: 5 | AA126: =AB126 | AB126: =IF(IFERROR((1+X126+W126+V126+U126+T126+S126+R126+Q126+P126+O126+N126+M126+L126+K126+J126+I126+H126+G126+F126+E126)*1, "!!!!")="!!!!","Inputs contain non-numerical data. Please check your input data!","")
B127: =B126 -> 4 | C127: =C126 -> DH supply line temperature* | D127: 6 | E127: 93 | F127: 88.333333 | G127: =F127 -> 88.333333 | H127: 60 | I127: =H127 -> 60 | J127: =AVERAGE(H127,F127) -> 74.166667 | X127: 88.333333 | Y127: 6 | AA127: =AB127 | AB127: =IF(IFERROR((1+X127+W127+V127+U127+T127+S127+R127+Q127+P127+O127+N127+M127+L127+K127+J127+I127+H127+G127+F127+E127)*1, "!!!!")="!!!!","Inputs contain non-numerical data. Please check your input data!","")
B128: =B127 -> 4 | C128: =C127 -> DH supply line temperature* | D128: 7 | E128: 95 | F128: 88.333333 | G128: =F128 -> 88.333333 | H128: 60 | I128: =H128 -> 60 | J128: =AVERAGE(H128,F128) -> 74.166667 | X128: 88.333333 | Y128: 7 | AA128: =AB128 | AB128: =IF(IFERROR((1+X128+W128+V128+U128+T128+S128+R128+Q128+P128+O128+N128+M128+L128+K128+J128+I128+H128+G128+F128+E128)*1, "!!!!")="!!!!","Inputs contain non-numerical data. Please check your input data!","")
B129: =B128 -> 4 | C129: =C128 -> DH supply line temperature* | D129: 8 | E129: 95 | F129: 86.666667 | G129: =F129 -> 86.666667 | H129: 60 | I129: =H129 -> 60 | J129: =AVERAGE(H129,F129) -> 73.333333 | X129: 86.666667 | Y129: 8 | AA129: =AB129 | AB129: =IF(IFERROR((1+X129+W129+V129+U129+T129+S129+R129+Q129+P129+O129+N129+M129+L129+K129+J129+I129+H129+G129+F129+E129)*1, "!!!!")="!!!!","Inputs contain non-numerical data. Please check your input data!","")
B130: =B129 -> 4 | C130: =C129 -> DH supply line temperature* | D130: 9 | E130: 93 | F130: 85 | G130: =F130 -> 85 | H130: 60 | I130: =H130 -> 60 | J130: =AVERAGE(H130,F130) -> 72.5 | X130: 85 | Y130: 9 | AA130: =AB130 | AB130: =IF(IFERROR((1+X130+W130+V130+U130+T130+S130+R130+Q130+P130+O130+N130+M130+L130+K130+J130+I130+H130+G130+F130+E130)*1, "!!!!")="!!!!","Inputs contain non-numerical data. Please check your input data!","")
B131: =B130 -> 4 | C131: =C130 -> DH supply line temperature* | D131: 10 | E131: 92 | F131: 83.333333 | G131: =F131 -> 83.333333 | H131: 60 | I131: =H131 -> 60 | J131: =AVERAGE(H131,F131) -> 71.666667 | X131: 83.333333 | Y131: 10 | AA131: =AB131 | AB131: =IF(IFERROR((1+X131+W131+V131+U131+T131+S131+R131+Q131+P131+O131+N131+M131+L131+K131+J131+I131+H131+G131+F131+E131)*1, "!!!!")="!!!!","Inputs contain non-numerical data. Please check your input data!","")
B132: =B131 -> 4 | C132: =C131 -> DH supply line temperature* | D132: 11 | E132: 88 | F132: 81.666667 | G132: =F132 -> 81.666667 | H132: 60 | I132: =H132 -> 60 | J132: =AVERAGE(H132,F132) -> 70.833333 | X132: 81.666667 | Y132: 11 | AA132: =AB132 | AB132: =IF(IFERROR((1+X132+W132+V132+U132+T132+S132+R132+Q132+P132+O132+N132+M132+L132+K132+J132+I132+H132+G132+F132+E132)*1, "!!!!")="!!!!","Inputs contain non-numerical data. Please check your input data!","")
B133: =B132 -> 4 | C133: =C132 -> DH supply line temperature* | D133: 12 | E133: 80 | F133: 80 | G133: =F133 -> 80 | H133: 60 | I133: =H133 -> 60 | J133: =AVERAGE(H133,F133) -> 70 | X133: 80 | Y133: 12 | AA133: =AB133 | AB133: =IF(IFERROR((1+X133+W133+V133+U133+T133+S133+R133+Q133+P133+O133+N133+M133+L133+K133+J133+I133+H133+G133+F133+E133)*1, "!!!!")="!!!!","Inputs contain non-numerical data. Please check your input data!","")
... B145: =B144 -> 4 | C145: =C144 -> DH supply line temperature* | D145: 24 | E145: 78 | F145: 86.666667 | G145: =F145 -> 86.666667 | H145: 60 | I145: =H145 -> 60 | J145: =AVERAGE(H145,F145) -> 73.333333 | X145: 86.666667 | Y145: 24 | AA145: =AB145 | AB145: =IF(IFERROR((1+X145+W145+V145+U145+T145+S145+R145+Q145+P145+O145+N145+M145+L145+K145+J145+I145+H145+G145+F145+E145)*1, "!!!!")="!!!!","Inputs contain non-numerical data. Please check your input data!","")
B146: =B145 -> 4 | D146: Daily average | E146: =SUM(E122:E145)/24 -> 82.430556 | F146: =SUM(F122:F145)/24 -> 83.125 | G146: =SUM(G122:G145)/24 -> 83.125 | H146: =SUM(H122:H145)/24 -> 60 | I146: =SUM(I122:I145)/24 -> 60 | J146: =SUM(J122:J145)/24 -> 71.5625 | K146: =SUM(K122:K145)/24 -> 0 | L146: =SUM(L122:L145)/24 -> 0 | ... X146: =SUM(X122:X145)/24 -> 83.305556 | Y146: Daily average
B147: =B146 -> 4
A148: Link to additional information / German translation | B148: =B145+1 -> 5 | C148: =E148 -> DH return line temperature* | D148: Hour of day | E148: DH return line temperature* | Y148: Hour of day
B149: =B148 -> 5 | C149: =C148 -> DH return line temperature* | E149: °C
...

Sheet Definition of Typical Year
A1: Go to Content
A3: Colour Code | B3: Header
B4: Item / unit
B5: User input
B6: Cell with formula | D6: Cell with formula
B7: Go to Content
B8: Input - not used for calculation
B10: Control cells
B11: Check settings / input data, there might be some error
G12: Technical parameters | W12: Economic Parameters Contractor 1 / DH Operator | AJ12: Economic parameters Contractor 2 / Data centre Operator
B13: Typical days | C13: Name of typical day | D13: Weight of typical day | F13: Days of Typical Day in Typical Year | G13: Average Flow Temperature of data centre cooling system | H13: Average flow temperature HP, source in | I13: Average DH supply line temperature | J13: Average Required Temperature Sink Out | K13: Average DH return line temperature | L13: Average Temperature Heat Pump Sink In | M13: Hours of Operation per day | N13: Hours of operation (full load hour equivalents) per day | O13: Available heat from DC per day | P13: Used heat from DC per day | Q13: Electricity used by Heat pump per day | R13: Fuel used by Booster per day | S13: Heat provided to the grid per day | T13: Avoided Electricity demand for cooling | U13: Remaining Electricity demand for cooling | W13: Waste heat costs in case of pay-as-you-go contract based on negotiated price p_1 between Contractor 1 and Contractor 2 | X13: Electricity cost HP per day | Y13: Electricity costs auxiliary energy | Z13: Fuel costs Booster per day | AA13: Variable O&M costs HP per day | AB13: Variable O&M costs Booster per day | AC13: Total variable costs per day excluding subsidies | AD13: Subsidies for utilized waste heat provided by DC | AE13: Avoided costs of alternative production that has been replaced by waste heat utilisation | AF13: Waste heat costs in case of Take-or-pay contract based on negotiated price p_1 between Contractor 1 and Contractor 2 | AJ13: Avoided electricity costs due to reduced active cooling | AK13: Remaining electricity costs for active cooling | AL13: Energy costs based on p_0 for waste heat from DC (always Take-or-Pay contract type) | AM13: Variable O&M costs | AN13: Waste heat earnings in case of pay-as-you-go contract based on negotiated price p_1 between Contractor 1 and Contractor 2 | AO13: Waste heat earnings in case of Take-or-pay contract based on negotiated price p_1 between Contractor 1 and Contractor 2
B14: - | D14: % | F14: days | G14: °C | H14: °C | I14: °C | J14: °C | K14: °C | L14: °C | M14: hours / day | N14: hours / day | O14: MWh_th / day | P14: MWh_th / day | Q14: MWh_el / day | R14: MWh / day | S14: MWh_th / day | T14: MWh / day | U14: MWh / day | W14: EUR / day | X14: EUR / day | Y14: EUR / day | Z14: EUR / day | AA14: EUR / day | AB14: EUR / day | AC14: EUR / day | AD14: EUR / day | AE14: EUR / day | AF14: EUR / day | AJ14: EUR / day | AK14: EUR / day | AL14: EUR / day | AM14: EUR / day | AN14: EUR / day | AO14: EUR / day
C15: Labels each characteristic day (e.g. Winter day, Summer weekend) | D15: Relative share of typical day in analysed typical year. Shares will be scaled automatically to 100% (365 days per year), if total sum of shares don't sum up to 100% | F15: Number of days that each typical day represents across the entire year | G15: Flow Temperature of the cooling system of the DC | H15: Flow Temperature HP equals the temperature of the cooling system reduced by delta T of the heat exchanger | I15: The required supply temperature for the district heating grid. | J15: Temperature required by the DH grid and needs to be provided by HP + booster (may be higher than what HP alone can deliver). | K15: The return temperature of the district heating network. | L15: Inlet temperature into the heat pump from the sink (DH side). | M15: Number of hours the system is running per day | N15: Number of full-load-hour equivalents per day (MWh_th provided by heat pump / heat pump capacity) | O15: Total thermal energy (waste heat) available from the data centre on that typical day | P15: Amount of the available waste heat that is actually used in the system (e.g. heat pump) | Q15: Amount of electricity consumed by the heat pump to extract and upgrade the waste heat | R15: If additional heating is needed, this reflects the fuel consumption of a booster heater | S15: Total heat delivered to the district heating grid, coming from both the heat pump and booster | T15: Total AVOIDED electricity due to less active cooling needs. (THIS ARE SAVINGS) | U15: Total remaining electricity demand for active cooling | W15: Daily cost for the waste heat based on a variable (usage-based) contract with a negotiated price. These Waste heat costs are part of SRMC. | X15: Total electricity cost for operating the heat pump on that day | Y15: Electricity costs associated with additional or auxiliary components of the system (not the HP) (so SRMC) | Z15: Cost of fuel used by the booster to supplement heating if necessary | AA15: Operating and maintenance costs that vary with usage, associated with the heat pump. | AB15: Operating and maintenance costs that vary with usage, associated with the booster unit. | AC15: Sum of all daily variable costs (electricity, fuel, O&M), excluding any subsidies. | AD15: Daily subsidies received for using waste heat from the data centre. Considered as earnings. | AE15: Costs saved by not using an alternative (usually more expensive) heat production method. Considered as earnings. | AF15: Daily cost under a fixed contract where the buyer pays for a set amount of heat, used or not. These Waste heat costs are NOT part of SRMC. | AJ15: Total hourly REDUCED electricity costs due to less active cooling needs. (THIS ARE SAVINGS) | AK15: Total hourly remaining electricity costs for active cooling | AL15: Waste heat cost based on price p_0 that is paid at the border between data centre cooling and waste heat recovery system under Take-or-Pay conditions | AM15: These are the operation and maintenance costs that vary depending on how much of the heat recovery system is used | AN15: Revenue generated for the data centre based on actual usage and negotiated price. These waste heat costs are part of SRMC. | AO15: Guaranteed revenue for the data centre based on fixed contractual payments.
B16: ='Definition of Typical Day'!$E13 -> 1 | C16: ='Definition of Typical Day'!$E14 -> Winter day | D16: 25 | F16: =365*$D16/SUM($D$16:$D$35) -> 94.608605 | G16: =SUMIFS('Calculation of Typical Day'!I$21:I$500,'Calculation of Typical Day'!$A$21:$A$500,$B16)/24 -> 40 | H16: =SUMIFS('Calculation of Typical Day'!J$21:J$500,'Calculation of Typical Day'!$A$21:$A$500,$B16)/24 -> 37 | I16: =SUMIFS('Calculation of Typical Day'!M$21:M$500,'Calculation of Typical Day'!$A$21:$A$500,$B16)/24 -> 82.430556 | J16: =SUMIFS('Calculation of Typical Day'!O$21:O$500,'Calculation of Typical Day'!$A$21:$A$500,$B16)/24 -> 85.430556 | K16: =SUMIFS('Calculation of Typical Day'!P$21:P$500,'Calculation of Typical Day'!$A$21:$A$500,$B16)/24 -> 45 | L16: =SUMIFS('Calculation of Typical Day'!Q$21:Q$500,'Calculation of Typical Day'!$A$21:$A$500,$B16)/24 -> 48 | M16: =SUMIF('Calculation of Typical Day'!$A$21:$A$500,"="&$B16,'Calculation of Typical Day'!$BZ$21:$BZ$500) -> 24 | N16: =SUMIF('Calculation of Typical Day'!$A$21:$A$500,"="&$B16,'Calculation of Typical Day'!$CA$21:$CA$500) -> 22.7874 | O16: =SUMIFS('Calculation of Typical Day'!H$21:H$500,'Calculation of Typical Day'!$A$21:$A$500,$B16) -> 48 | P16: =SUMIFS('Calculation of Typical Day'!AJ$21:AJ$500,'Calculation of Typical Day'!$A$21:$A$500,$B16,'Calculation of Typical Day'!$BY$21:BY$500, 1) -> 48 | Q16: =SUMIFS('Calculation of Typical Day'!AK$21:AK$500,'Calculation of Typical Day'!$A$21:$A$500,$B16,'Calculation of Typical Day'!$BY$21:BY$500, 1) -> 20.362201 | R16: =SUMIFS('Calculation of Typical Day'!$AL$21:$AL$500,'Calculation of Typical Day'!$A$21:$A$500,$B16,'Calculation of Typical Day'!$BY$21:BY$500, 1) -> 0.50683298 | S16: =SUMIFS('Calculation of Typical Day'!$AH$21:$AH$500,'Calculation of Typical Day'!$A$21:$A$500,$B16,'Calculation of Typical Day'!$BY$21:BY$500, 1) -> 68.175326 | T16: =SUMIFS('Calculation of Typical Day'!AM$21:AM$500,'Calculation of Typical Day'!$A$21:$A$500,$B16,'Calculation of Typical Day'!$BY$21:$BY$500, 1) -> 1.52 | U16: =SUMIFS('Calculation of Typical Day'!AN$21:AN$500,'Calculation of Typical Day'!$A$21:$A$500,$B16) -> 0 | W16: =SUMIFS('Calculation of Typical Day'!AX$21:AX$500,'Calculation of Typical Day'!$A$21:$A$500,$B16,'Calculation of Typical Day'!$BY$21:$BY$500, 1) -> 0 | X16: =SUMIFS('Calculation of Typical Day'!BF$21:BF$500,'Calculation of Typical Day'!$A$21:$A$500,$B16,'Calculation of Typical Day'!$BY$21:$BY$500, 1) -> 1722.2343 | Y16: =SUMIFS('Calculation of Typical Day'!BG$21:BG$500,'Calculation of Typical Day'!$A$21:$A$500,$B16,'Calculation of Typical Day'!$BY$21:$BY$500, 1) -> 185.93271 | Z16: =SUMIFS('Calculation of Typical Day'!BH$21:BH$500,'Calculation of Typical Day'!$A$21:$A$500,$B16,'Calculation of Typical Day'!$BY$21:$BY$500, 1) -> 38.838611 | AA16: =SUMIFS('Calculation of Typical Day'!BQ$21:BQ$500,'Calculation of Typical Day'!$A$21:$A$500,$B16,'Calculation of Typical Day'!$BY$21:$BY$500, 1) -> 0 | AB16: =SUMIFS('Calculation of Typical Day'!BR$21:BR$500,'Calculation of Typical Day'!$A$21:$A$500,$B16,'Calculation of Typical Day'!$BY$21:$BY$500, 1) -> 0 | AC16: =SUMIFS('Calculation of Typical Day'!BT$21:BT$500,'Calculation of Typical Day'!$A$21:$A$500,$B16,'Calculation of Typical Day'!$BY$21:$BY$500, 1) -> 1947.0056 | AD16: =SUMIFS('Calculation of Typical Day'!BL$21:BL$500,'Calculation of Typical Day'!$A$21:$A$500,$B16,'Calculation of Typical Day'!$BY$21:$BY$500, 1) -> 0 | AE16: =SUMIFS('Calculation of Typical Day'!CB$21:CB$500,'Calculation of Typical Day'!$A$21:$A$500,$B16,'Calculation of Typical Day'!$BY$21:$BY$500, 1) -> 4431.3962 | AF16: =SUMIFS('Calculation of Typical Day'!AW$21:AW$500,'Calculation of Typical Day'!$A$21:$A$500,$B16) -> 96 | AJ16: =SUMIFS('Calculation of Typical Day'!BI$21:BI$500,'Calculation of Typical Day'!$A$21:$A$500,$B16,'Calculation of Typical Day'!$BY$21:$BY$500, 1) -> 126.75067 | AK16: =SUMIFS('Calculation of Typical Day'!BJ$21:BJ$500,'Calculation of Typical Day'!$A$21:$A$500,$B16) -> 0 | AL16: =SUMIFS('Calculation of Typical Day'!AQ$21:AQ$500,'Calculation of Typical Day'!$A$21:$A$500,$B16) -> 0 | AM16: =SUMIFS('Calculation of Typical Day'!AR$21:AR$500,'Calculation of Typical Day'!$A$21:$A$500,$B16,'Calculation of Typical Day'!$BY$21:$BY$500, 1) -> 96 | AN16: =W16 -> 0 | AO16: =AF16 -> 96
B17: ='Definition of Typical Day'!$F$13 -> 2 | C17: ='Definition of Typical Day'!$F$14 -> Spring / fall weekday | D17: 33.5 | F17: =365*$D17/SUM($D$16:$D$35) -> 126.77553 | G17: =SUMIFS('Calculation of Typical Day'!I$21:I$500,'Calculation of Typical Day'!$A$21:$A$500,$B17)/24 -> 40 | H17: =SUMIFS('Calculation of Typical Day'!J$21:J$500,'Calculation of Typical Day'!$A$21:$A$500,$B17)/24 -> 37 | I17: =SUMIFS('Calculation of Typical Day'!M$21:M$500,'Calculation of Typical Day'!$A$21:$A$500,$B17)/24 -> 83.125 | J17: =SUMIFS('Calculation of Typical Day'!O$21:O$500,'Calculation of Typical Day'!$A$21:$A$500,$B17)/24 -> 86.125 | K17: =SUMIFS('Calculation of Typical Day'!P$21:P$500,'Calculation of Typical Day'!$A$21:$A$500,$B17)/24 -> 45 | L17: =SUMIFS('Calculation of Typical Day'!Q$21:Q$500,'Calculation of Typical Day'!$A$21:$A$500,$B17)/24 -> 48 | M17: =SUMIF('Calculation of Typical Day'!$A$21:$A$500,"="&$B17,'Calculation of Typical Day'!$BZ$21:$BZ$500) -> 24 | N17: =SUMIF('Calculation of Typical Day'!$A$21:$A$500,"="&$B17,'Calculation of Typical Day'!$CA$21:$CA$500) -> 22.851498 | O17: =SUMIFS('Calculation of Typical Day'!H$21:H$500,'Calculation of Typical Day'!$A$21:$A$500,$B17) -> 48 | P17: =SUMIFS('Calculation of Typical Day'!AJ$21:AJ$500,'Calculation of Typical Day'!$A$21:$A$500,$B17,'Calculation of Typical Day'!$BY$21:BY$500, 1) -> 48 | Q17: =SUMIFS('Calculation of Typical Day'!AK$21:AK$500,'Calculation of Typical Day'!$A$21:$A$500,$B17,'Calculation of Typical Day'!$BY$21:BY$500, 1) -> 20.554493 | R17: =SUMIFS('Calculation of Typical Day'!$AL$21:$AL$500,'Calculation of Typical Day'!$A$21:$A$500,$B17,'Calculation of Typical Day'!$BY$21:BY$500, 1) -> 0 | S17: =SUMIFS('Calculation of Typical Day'!$AH$21:$AH$500,'Calculation of Typical Day'!$A$21:$A$500,$B17,'Calculation of Typical Day'!$BY$21:BY$500, 1) -> 67.868948 | T17: =SUMIFS('Calculation of Typical Day'!AM$21:AM$500,'Calculation of Typical Day'!$A$21:$A$500,$B17,'Calculation of Typical Day'!$BY$21:$BY$500, 1) -> 4.8933333 | U17: =SUMIFS('Calculation of Typical Day'!AN$21:AN$500,'Calculation of Typical Day'!$A$21:$A$500,$B17) -> -4.1448326e-17 | W17: =SUMIFS('Calculation of Typical Day'!AX$21:AX$500,'Calculation of Typical Day'!$A$21:$A$500,$B17,'Calculation of Typical Day'!$BY$21:$BY$500, 1) -> 0 | X17: =SUMIFS('Calculation of Typical Day'!BF$21:BF$500,'Calculation of Typical Day'!$A$21:$A$500,$B17,'Calculation of Typical Day'!$BY$21:$BY$500, 1) -> 1927.4058 | Y17: =SUMIFS('Calculation of Typical Day'!BG$21:BG$500,'Calculation of Typical Day'!$A$21:$A$500,$B17,'Calculation of Typical Day'!$BY$21:$BY$500, 1) -> 97.347381 | Z17: =SUMIFS('Calculation of Typical Day'!BH$21:BH$500,'Calculation of Typical Day'!$A$21:$A$500,$B17,'Calculation of Typical Day'!$BY$21:$BY$500, 1) -> 0 | AA17: =SUMIFS('Calculation of Typical Day'!BQ$21:BQ$500,'Calculation of Typical Day'!$A$21:$A$500,$B17,'Calculation of Typical Day'!$BY$21:$BY$500, 1) -> 0 | AB17: =SUMIFS('Calculation of Typical Day'!BR$21:BR$500,'Calculation of Typical Day'!$A$21:$A$500,$B17,'Calculation of Typical Day'!$BY$21:$BY$500, 1) -> 0 | AC17: =SUMIFS('Calculation of Typical Day'!BT$21:BT$500,'Calculation of Typical Day'!$A$21:$A$500,$B17,'Calculation of Typical Day'!$BY$21:$BY$500, 1) -> 2024.7531 | AD17: =SUMIFS('Calculation of Typical Day'!BL$21:BL$500,'Calculation of Typical Day'!$A$21:$A$500,$B17,'Calculation of Typical Day'!$BY$21:$BY$500, 1) -> 0 | AE17: =SUMIFS('Calculation of Typical Day'!CB$21:CB$500,'Calculation of Typical Day'!$A$21:$A$500,$B17,'Calculation of Typical Day'!$BY$21:$BY$500, 1) -> 4072.1369 | AF17: =SUMIFS('Calculation of Typical Day'!AW$21:AW$500,'Calculation of Typical Day'!$A$21:$A$500,$B17) -> 96 | AJ17: =SUMIFS('Calculation of Typical Day'!BI$21:BI$500,'Calculation of Typical Day'!$A$21:$A$500,$B17,'Calculation of Typical Day'!$BY$21:$BY$500, 1) -> 452.8068 | AK17: =SUMIFS('Calculation of Typical Day'!BJ$21:BJ$500,'Calculation of Typical Day'!$A$21:$A$500,$B17) -> -4.9199163e-15 | AL17: =SUMIFS('Calculation of Typical Day'!AQ$21:AQ$500,'Calculation of Typical Day'!$A$21:$A$500,$B17) -> 0 | AM17: =SUMIFS('Calculation of Typical Day'!AR$21:AR$500,'Calculation of Typical Day'!$A$21:$A$500,$B17,'Calculation of Typical Day'!$BY$21:$BY$500, 1) -> 96 | AN17: =W17 -> 0 | AO17: =AF17 -> 96
B18: ='Definition of Typical Day'!$G$13 -> 3 | C18: ='Definition of Typical Day'!$G$14 -> Spring / fall weekend | D18: =D17*2/5 -> 13.4 | F18: =365*$D18/SUM($D$16:$D$35) -> 50.710213 | G18: =SUMIFS('Calculation of Typical Day'!I$21:I$500,'Calculation of Typical Day'!$A$21:$A$500,$B18)/24 -> 40 | H18: =SUMIFS('Calculation of Typical Day'!J$21:J$500,'Calculation of Typical Day'!$A$21:$A$500,$B18)/24 -> 37 | I18: =SUMIFS('Calculation of Typical Day'!M$21:M$500,'Calculation of Typical Day'!$A$21:$A$500,$B18)/24 -> 83.125 | J18: =SUMIFS('Calculation of Typical Day'!O$21:O$500,'Calculation of Typical Day'!$A$21:$A$500,$B18)/24 -> 86.125 | K18: =SUMIFS('Calculation of Typical Day'!P$21:P$500,'Calculation of Typical Day'!$A$21:$A$500,$B18)/24 -> 45 | L18: =SUMIFS('Calculation of Typical Day'!Q$21:Q$500,'Calculation of Typical Day'!$A$21:$A$500,$B18)/24 -> 48 | M18: =SUMIF('Calculation of Typical Day'!$A$21:$A$500,"="&$B18,'Calculation of Typical Day'!$BZ$21:$BZ$500) -> 24 | N18: =SUMIF('Calculation of Typical Day'!$A$21:$A$500,"="&$B18,'Calculation of Typical Day'!$CA$21:$CA$500) -> 22.851498 | O18: =SUMIFS('Calculation of Typical Day'!H$21:H$500,'Calculation of Typical Day'!$A$21:$A$500,$B18) -> 48 | P18: =SUMIFS('Calculation of Typical Day'!AJ$21:AJ$500,'Calculation of Typical Day'!$A$21:$A$500,$B18,'Calculation of Typical Day'!$BY$21:BY$500, 1) -> 48 | Q18: =SUMIFS('Calculation of Typical Day'!AK$21:AK$500,'Calculation of Typical Day'!$A$21:$A$500,$B18,'Calculation of Typical Day'!$BY$21:BY$500, 1) -> 20.554493 | R18: =SUMIFS('Calculation of Typical Day'!$AL$21:$AL$500,'Calculation of Typical Day'!$A$21:$A$500,$B18,'Calculation of Typical Day'!$BY$21:BY$500, 1) -> 0 | S18: =SUMIFS('Calculation of Typical Day'!$AH$21:$AH$500,'Calculation of Typical Day'!$A$21:$A$500,$B18,'Calculation of Typical Day'!$BY$21:BY$500, 1) -> 67.868948 | T18: =SUMIFS('Calculation of Typical Day'!AM$21:AM$500,'Calculation of Typical Day'!$A$21:$A$500,$B18,'Calculation of Typical Day'!$BY$21:$BY$500, 1) -> 4.8933333 | U18: =SUMIFS('Calculation of Typical Day'!AN$21:AN$500,'Calculation of Typical Day'!$A$21:$A$500,$B18) -> -4.1448326e-17 | W18: =SUMIFS('Calculation of Typical Day'!AX$21:AX$500,'Calculation of Typical Day'!$A$21:$A$500,$B18,'Calculation of Typical Day'!$BY$21:$BY$500, 1) -> 0 | X18: =SUMIFS('Calculation of Typical Day'!BF$21:BF$500,'Calculation of Typical Day'!$A$21:$A$500,$B18,'Calculation of Typical Day'!$BY$21:$BY$500, 1) -> 1381.3092 | Y18: =SUMIFS('Calculation of Typical Day'!BG$21:BG$500,'Calculation of Typical Day'!$A$21:$A$500,$B18,'Calculation of Typical Day'!$BY$21:$BY$500, 1) -> 97.347381 | Z18: =SUMIFS('Calculation of Typical Day'!BH$21:BH$500,'Calculation of Typical Day'!$A$21:$A$500,$B18,'Calculation of Typical Day'!$BY$21:$BY$500, 1) -> 0 | AA18: =SUMIFS('Calculation of Typical Day'!BQ$21:BQ$500,'Calculation of Typical Day'!$A$21:$A$500,$B18,'Calculation of Typical Day'!$BY$21:$BY$500, 1) -> 0 | AB18: =SUMIFS('Calculation of Typical Day'!BR$21:BR$500,'Calculation of Typical Day'!$A$21:$A$500,$B18,'Calculation of Typical Day'!$BY$21:$BY$500, 1) -> 0 | AC18: =SUMIFS('Calculation of Typical Day'!BT$21:BT$500,'Calculation of Typical Day'!$A$21:$A$500,$B18,'Calculation of Typical Day'!$BY$21:$BY$500, 1) -> 1478.6566 | AD18: =SUMIFS('Calculation of Typical Day'!BL$21:BL$500,'Calculation of Typical Day'!$A$21:$A$500,$B18,'Calculation of Typical Day'!$BY$21:$BY$500, 1) -> 0 | AE18: =SUMIFS('Calculation of Typical Day'!CB$21:CB$500,'Calculation of Typical Day'!$A$21:$A$500,$B18,'Calculation of Typical Day'!$BY$21:$BY$500, 1) -> 4072.1369 | AF18: =SUMIFS('Calculation of Typical Day'!AW$21:AW$500,'Calculation of Typical Day'!$A$21:$A$500,$B18) -> 96 | AJ18: =SUMIFS('Calculation of Typical Day'!BI$21:BI$500,'Calculation of Typical Day'!$A$21:$A$500,$B18,'Calculation of Typical Day'!$BY$21:$BY$500, 1) -> 309.32867 | AK18: =SUMIFS('Calculation of Typical Day'!BJ$21:BJ$500,'Calculation of Typical Day'!$A$21:$A$500,$B18) -> -2.9378574e-15 | AL18: =SUMIFS('Calculation of Typical Day'!AQ$21:AQ$500,'Calculation of Typical Day'!$A$21:$A$500,$B18) -> 0 | AM18: =SUMIFS('Calculation of Typical Day'!AR$21:AR$500,'Calculation of Typical Day'!$A$21:$A$500,$B18,'Calculation of Typical Day'!$BY$21:$BY$500, 1) -> 96 | AN18: =W18 -> 0 | AO18: =AF18 -> 96
B19: ='Definition of Typical Day'!$H$13 -> 4 | C19: ='Definition of Typical Day'!$H$14 -> Summer weekday | D19: 17 | F19: =365*$D19/SUM($D$16:$D$35) -> 64.333852 | G19: =SUMIFS('Calculation of Typical Day'!I$21:I$500,'Calculation of Typical Day'!$A$21:$A$500,$B19)/24 -> 40 | H19: =SUMIFS('Calculation of Typical Day'!J$21:J$500,'Calculation of Typical Day'!$A$21:$A$500,$B19)/24 -> 37 | I19: =SUMIFS('Calculation of Typical Day'!M$21:M$500,'Calculation of Typical Day'!$A$21:$A$500,$B19)/24 -> 60 | J19: =SUMIFS('Calculation of Typical Day'!O$21:O$500,'Calculation of Typical Day'!$A$21:$A$500,$B19)/24 -> 63 | K19: =SUMIFS('Calculation of Typical Day'!P$21:P$500,'Calculation of Typical Day'!$A$21:$A$500,$B19)/24 -> 45 | L19: =SUMIFS('Calculation of Typical Day'!Q$21:Q$500,'Calculation of Typical Day'!$A$21:$A$500,$B19)/24 -> 48 | M19: =SUMIF('Calculation of Typical Day'!$A$21:$A$500,"="&$B19,'Calculation of Typical Day'!$BZ$21:$BZ$500) -> 23 | N19: =SUMIF('Calculation of Typical Day'!$A$21:$A$500,"="&$B19,'Calculation of Typical Day'!$CA$21:$CA$500) -> 16.263456 | O19: =SUMIFS('Calculation of Typical Day'!H$21:H$500,'Calculation of Typical Day'!$A$21:$A$500,$B19) -> 48 | P19: =SUMIFS('Calculation of Typical Day'!AJ$21:AJ$500,'Calculation of Typical Day'!$A$21:$A$500,$B19,'Calculation of Typical Day'!$BY$21:BY$500, 1) -> 36.413309 | Q19: =SUMIFS('Calculation of Typical Day'!AK$21:AK$500,'Calculation of Typical Day'!$A$21:$A$500,$B19,'Calculation of Typical Day'!$BY$21:BY$500, 1) -> 12.377059 | R19: =SUMIFS('Calculation of Typical Day'!$AL$21:$AL$500,'Calculation of Typical Day'!$A$21:$A$500,$B19,'Calculation of Typical Day'!$BY$21:BY$500, 1) -> 0 | S19: =SUMIFS('Calculation of Typical Day'!$AH$21:$AH$500,'Calculation of Typical Day'!$A$21:$A$500,$B19,'Calculation of Typical Day'!$BY$21:BY$500, 1) -> 48.302464 | T19: =SUMIFS('Calculation of Typical Day'!AM$21:AM$500,'Calculation of Typical Day'!$A$21:$A$500,$B19,'Calculation of Typical Day'!$BY$21:$BY$500, 1) -> 4.8551078 | U19: =SUMIFS('Calculation of Typical Day'!AN$21:AN$500,'Calculation of Typical Day'!$A$21:$A$500,$B19) -> 1.5448922 | W19: =SUMIFS('Calculation of Typical Day'!AX$21:AX$500,'Calculation of Typical Day'!$A$21:$A$500,$B19,'Calculation of Typical Day'!$BY$21:$BY$500, 1) -> 0 | X19: =SUMIFS('Calculation of Typical Day'!BF$21:BF$500,'Calculation of Typical Day'!$A$21:$A$500,$B19,'Calculation of Typical Day'!$BY$21:$BY$500, 1) -> 1143.086 | Y19: =SUMIFS('Calculation of Typical Day'!BG$21:BG$500,'Calculation of Typical Day'!$A$21:$A$500,$B19,'Calculation of Typical Day'!$BY$21:$BY$500, 1) -> 58.548441 | Z19: =SUMIFS('Calculation of Typical Day'!BH$21:BH$500,'Calculation of Typical Day'!$A$21:$A$500,$B19,'Calculation of Typical Day'!$BY$21:$BY$500, 1) -> 0 | AA19: =SUMIFS('Calculation of Typical Day'!BQ$21:BQ$500,'Calculation of Typical Day'!$A$21:$A$500,$B19,'Calculation of Typical Day'!$BY$21:$BY$500, 1) -> 0 | AB19: =SUMIFS('Calculation of Typical Day'!BR$21:BR$500,'Calculation of Typical Day'!$A$21:$A$500,$B19,'Calculation of Typical Day'!$BY$21:$BY$500, 1) -> 0 | AC19: =SUMIFS('Calculation of Typical Day'!BT$21:BT$500,'Calculation of Typical Day'!$A$21:$A$500,$B19,'Calculation of Typical Day'!$BY$21:$BY$500, 1) -> 1201.6344 | AD19: =SUMIFS('Calculation of Typical Day'!BL$21:BL$500,'Calculation of Typical Day'!$A$21:$A$500,$B19,'Calculation of Typical Day'!$BY$21:$BY$500, 1) -> 0 | AE19: =SUMIFS('Calculation of Typical Day'!CB$21:CB$500,'Calculation of Typical Day'!$A$21:$A$500,$B19,'Calculation of Typical Day'!$BY$21:$BY$500, 1) -> 1932.0986 | AF19: =SUMIFS('Calculation of Typical Day'!AW$21:AW$500,'Calculation of Typical Day'!$A$21:$A$500,$B19) -> 96 | AJ19: =SUMIFS('Calculation of Typical Day'!BI$21:BI$500,'Calculation of Typical Day'!$A$21:$A$500,$B19,'Calculation of Typical Day'!$BY$21:$BY$500, 1) -> 443.53943 | AK19: =SUMIFS('Calculation of Typical Day'!BJ$21:BJ$500,'Calculation of Typical Day'!$A$21:$A$500,$B19) -> 170.22857 | AL19: =SUMIFS('Calculation of Typical Day'!AQ$21:AQ$500,'Calculation of Typical Day'!$A$21:$A$500,$B19) -> 0 | AM19: =SUMIFS('Calculation of Typical Day'!AR$21:AR$500,'Calculation of Typical Day'!$A$21:$A$500,$B19,'Calculation of Typical Day'!$BY$21:$BY$500, 1) -> 72.826617 | AN19: =W19 -> 0 | AO19: =AF19 -> 96
B20: ='Definition of Typical Day'!$I$13 -> 5 | C20: ='Definition of Typical Day'!$I$14 -> Summer weekend | D20: =D19*2/5 -> 6.8 | F20: =365*$D20/SUM($D$16:$D$35) -> 25.733541 | G20: =SUMIFS('Calculation of Typical Day'!I$21:I$500,'Calculation of Typical Day'!$A$21:$A$500,$B20)/24 -> 40 | H20: =SUMIFS('Calculation of Typical Day'!J$21:J$500,'Calculation of Typical Day'!$A$21:$A$500,$B20)/24 -> 37 | I20: =SUMIFS('Calculation of Typical Day'!M$21:M$500,'Calculation of Typical Day'!$A$21:$A$500,$B20)/24 -> 60 | J20: =SUMIFS('Calculation of Typical Day'!O$21:O$500,'Calculation of Typical Day'!$A$21:$A$500,$B20)/24 -> 63 | K20: =SUMIFS('Calculation of Typical Day'!P$21:P$500,'Calculation of Typical Day'!$A$21:$A$500,$B20)/24 -> 45 | L20: =SUMIFS('Calculation of Typical Day'!Q$21:Q$500,'Calculation of Typical Day'!$A$21:$A$500,$B20)/24 -> 48 | M20: =SUMIF('Calculation of Typical Day'!$A$21:$A$500,"="&$B20,'Calculation of Typical Day'!$BZ$21:$BZ$500) -> 24 | N20: =SUMIF('Calculation of Typical Day'!$A$21:$A$500,"="&$B20,'Calculation of Typical Day'!$CA$21:$CA$500) -> 16.970563 | O20: =SUMIFS('Calculation of Typical Day'!H$21:H$500,'Calculation of Typical Day'!$A$21:$A$500,$B20) -> 48 | P20: =SUMIFS('Calculation of Typical Day'!AJ$21:AJ$500,'Calculation of Typical Day'!$A$21:$A$500,$B20,'Calculation of Typical Day'!$BY$21:BY$500, 1) -> 37.996496 | Q20: =SUMIFS('Calculation of Typical Day'!AK$21:AK$500,'Calculation of Typical Day'!$A$21:$A$500,$B20,'Calculation of Typical Day'!$BY$21:BY$500, 1) -> 12.915192 | R20: =SUMIFS('Calculation of Typical Day'!$AL$21:$AL$500,'Calculation of Typical Day'!$A$21:$A$500,$B20,'Calculation of Typical Day'!$BY$21:BY$500, 1) -> 0 | S20: =SUMIFS('Calculation of Typical Day'!$AH$21:$AH$500,'Calculation of Typical Day'!$A$21:$A$500,$B20,'Calculation of Typical Day'!$BY$21:BY$500, 1) -> 50.402571 | T20: =SUMIFS('Calculation of Typical Day'!AM$21:AM$500,'Calculation of Typical Day'!$A$21:$A$500,$B20,'Calculation of Typical Day'!$BY$21:$BY$500, 1) -> 5.0661995 | U20: =SUMIFS('Calculation of Typical Day'!AN$21:AN$500,'Calculation of Typical Day'!$A$21:$A$500,$B20) -> 1.3338005 | W20: =SUMIFS('Calculation of Typical Day'!AX$21:AX$500,'Calculation of Typical Day'!$A$21:$A$500,$B20,'Calculation of Typical Day'!$BY$21:$BY$500, 1) -> 0 | X20: =SUMIFS('Calculation of Typical Day'!BF$21:BF$500,'Calculation of Typical Day'!$A$21:$A$500,$B20,'Calculation of Typical Day'!$BY$21:$BY$500, 1) -> 788.44021 | Y20: =SUMIFS('Calculation of Typical Day'!BG$21:BG$500,'Calculation of Typical Day'!$A$21:$A$500,$B20,'Calculation of Typical Day'!$BY$21:$BY$500, 1) -> 61.094026 | Z20: =SUMIFS('Calculation of Typical Day'!BH$21:BH$500,'Calculation of Typical Day'!$A$21:$A$500,$B20,'Calculation of Typical Day'!$BY$21:$BY$500, 1) -> 0 | AA20: =SUMIFS('Calculation of Typical Day'!BQ$21:BQ$500,'Calculation of Typical Day'!$A$21:$A$500,$B20,'Calculation of Typical Day'!$BY$21:$BY$500, 1) -> 0 | AB20: =SUMIFS('Calculation of Typical Day'!BR$21:BR$500,'Calculation of Typical Day'!$A$21:$A$500,$B20,'Calculation of Typical Day'!$BY$21:$BY$500, 1) -> 0 | AC20: =SUMIFS('Calculation of Typical Day'!BT$21:BT$500,'Calculation of Typical Day'!$A$21:$A$500,$B20,'Calculation of Typical Day'!$BY$21:$BY$500, 1) -> 849.53423 | AD20: =SUMIFS('Calculation of Typical Day'!BL$21:BL$500,'Calculation of Typical Day'!$A$21:$A$500,$B20,'Calculation of Typical Day'!$BY$21:$BY$500, 1) -> 0 | AE20: =SUMIFS('Calculation of Typical Day'!CB$21:CB$500,'Calculation of Typical Day'!$A$21:$A$500,$B20,'Calculation of Typical Day'!$BY$21:$BY$500, 1) -> 2772.1414 | AF20: =SUMIFS('Calculation of Typical Day'!AW$21:AW$500,'Calculation of Typical Day'!$A$21:$A$500,$B20) -> 96 | AJ20: =SUMIFS('Calculation of Typical Day'!BI$21:BI$500,'Calculation of Typical Day'!$A$21:$A$500,$B20,'Calculation of Typical Day'!$BY$21:$BY$500, 1) -> 304.21261 | AK20: =SUMIFS('Calculation of Typical Day'!BJ$21:BJ$500,'Calculation of Typical Day'!$A$21:$A$500,$B20) -> 80.091388 | AL20: =SUMIFS('Calculation of Typical Day'!AQ$21:AQ$500,'Calculation of Typical Day'!$A$21:$A$500,$B20) -> 0 | AM20: =SUMIFS('Calculation of Typical Day'!AR$21:AR$500,'Calculation of Typical Day'!$A$21:$A$500,$B20,'Calculation of Typical Day'!$BY$21:$BY$500, 1) -> 75.992992 | AN20: =W20 -> 0 | AO20: =AF20 -> 96
B21: ='Definition of Typical Day'!$J$13 -> 6 | C21: ='Definition of Typical Day'!$J$14 -> Maintenance of HP | D21: 0.75 | F21: =365*$D21/SUM($D$16:$D$35) -> 2.8382582 | G21: =SUMIFS('Calculation of Typical Day'!I$21:I$500,'Calculation of Typical Day'!$A$21:$A$500,$B21)/24 -> 40 | H21: =SUMIFS('Calculation of Typical Day'!J$21:J$500,'Calculation of Typical Day'!$A$21:$A$500,$B21)/24 -> 37 | I21: =SUMIFS('Calculation of Typical Day'!M$21:M$500,'Calculation of Typical Day'!$A$21:$A$500,$B21)/24 -> 71.5625 | J21: =SUMIFS('Calculation of Typical Day'!O$21:O$500,'Calculation of Typical Day'!$A$21:$A$500,$B21)/24 -> 74.5625 | K21: =SUMIFS('Calculation of Typical Day'!P$21:P$500,'Calculation of Typical Day'!$A$21:$A$500,$B21)/24 -> 45 | L21: =SUMIFS('Calculation of Typical Day'!Q$21:Q$500,'Calculation of Typical Day'!$A$21:$A$500,$B21)/24 -> 48 | M21: =SUMIF('Calculation of Typical Day'!$A$21:$A$500,"="&$B21,'Calculation of Typical Day'!$BZ$21:$BZ$500) -> 0 | N21: =SUMIF('Calculation of Typical Day'!$A$21:$A$500,"="&$B21,'Calculation of Typical Day'!$CA$21:$CA$500) -> 0 | O21: =SUMIFS('Calculation of Typical Day'!H$21:H$500,'Calculation of Typical Day'!$A$21:$A$500,$B21) -> 0 | P21: =SUMIFS('Calculation of Typical Day'!AJ$21:AJ$500,'Calculation of Typical Day'!$A$21:$A$500,$B21,'Calculation of Typical Day'!$BY$21:BY$500, 1) -> 0 | Q21: =SUMIFS('Calculation of Typical Day'!AK$21:AK$500,'Calculation of Typical Day'!$A$21:$A$500,$B21,'Calculation of Typical Day'!$BY$21:BY$500, 1) -> 0 | R21: =SUMIFS('Calculation of Typical Day'!$AL$21:$AL$500,'Calculation of Typical Day'!$A$21:$A$500,$B21,'Calculation of Typical Day'!$BY$21:BY$500, 1) -> 0 | S21: =SUMIFS('Calculation of Typical Day'!$AH$21:$AH$500,'Calculation of Typical Day'!$A$21:$A$500,$B21,'Calculation of Typical Day'!$BY$21:BY$500, 1) -> 0 | T21: =SUMIFS('Calculation of Typical Day'!AM$21:AM$500,'Calculation of Typical Day'!$A$21:$A$500,$B21,'Calculation of Typical Day'!$BY$21:$BY$500, 1) -> 0 | U21: =SUMIFS('Calculation of Typical Day'!AN$21:AN$500,'Calculation of Typical Day'!$A$21:$A$500,$B21) -> 0 | W21: =SUMIFS('Calculation of Typical Day'!AX$21:AX$500,'Calculation of Typical Day'!$A$21:$A$500,$B21,'Calculation of Typical Day'!$BY$21:$BY$500, 1) -> 0 | X21: =SUMIFS('Calculation of Typical Day'!BF$21:BF$500,'Calculation of Typical Day'!$A$21:$A$500,$B21,'Calculation of Typical Day'!$BY$21:$BY$500, 1) -> 0 | Y21: =SUMIFS('Calculation of Typical Day'!BG$21:BG$500,'Calculation of Typical Day'!$A$21:$A$500,$B21,'Calculation of Typical Day'!$BY$21:$BY$500, 1) -> 0 | Z21: =SUMIFS('Calculation of Typical Day'!BH$21:BH$500,'Calculation of Typical Day'!$A$21:$A$500,$B21,'Calculation of Typical Day'!$BY$21:$BY$500, 1) -> 0 | AA21: =SUMIFS('Calculation of Typical Day'!BQ$21:BQ$500,'Calculation of Typical Day'!$A$21:$A$500,$B21,'Calculation of Typical Day'!$BY$21:$BY$500, 1) -> 0 | AB21: =SUMIFS('Calculation of Typical Day'!BR$21:BR$500,'Calculation of Typical Day'!$A$21:$A$500,$B21,'Calculation of Typical Day'!$BY$21:$BY$500, 1) -> 0 | AC21: =SUMIFS('Calculation of Typical Day'!BT$21:BT$500,'Calculation of Typical Day'!$A$21:$A$500,$B21,'Calculation of Typical Day'!$BY$21:$BY$500, 1) -> 0 | AD21: =SUMIFS('Calculation of Typical Day'!BL$21:BL$500,'Calculation of Typical Day'!$A$21:$A$500,$B21,'Calculation of Typical Day'!$BY$21:$BY$500, 1) -> 0 | AE21: =SUMIFS('Calculation of Typical Day'!CB$21:CB$500,'Calculation of Typical Day'!$A$21:$A$500,$B21,'Calculation of Typical Day'!$BY$21:$BY$500, 1) -> 0 | AF21: =SUMIFS('Calculation of Typical Day'!AW$21:AW$500,'Calculation of Typical Day'!$A$21:$A$500,$B21) -> 0 | AJ21: =SUMIFS('Calculation of Typical Day'!BI$21:BI$500,'Calculation of Typical Day'!$A$21:$A$500,$B21,'Calculation of Typical Day'!$BY$21:$BY$500, 1) -> 0 | AK21: =SUMIFS('Calculation of Typical Day'!BJ$21:BJ$500,'Calculation of Typical Day'!$A$21:$A$500,$B21) -> 0 | AL21: =SUMIFS('Calculation of Typical Day'!AQ$21:AQ$500,'Calculation of Typical Day'!$A$21:$A$500,$B21) -> 0 | AM21: =SUMIFS('Calculation of Typical Day'!AR$21:AR$500,'Calculation of Typical Day'!$A$21:$A$500,$B21,'Calculation of Typical Day'!$BY$21:$BY$500, 1) -> 0 | AN21: =W21 -> 0 | AO21: =AF21 -> 0
B22: ='Definition of Typical Day'!$K$13 -> 7 | C22: ='Definition of Typical Day'!$K$14 -> 7 | D22: 0 | F22: =365*$D22/SUM($D$16:$D$35) -> 0 | G22: =SUMIFS('Calculation of Typical Day'!I$21:I$500,'Calculation of Typical Day'!$A$21:$A$500,$B22)/24 -> 0 | H22: =SUMIFS('Calculation of Typical Day'!J$21:J$500,'Calculation of Typical Day'!$A$21:$A$500,$B22)/24 -> 0 | I22: =SUMIFS('Calculation of Typical Day'!M$21:M$500,'Calculation of Typical Day'!$A$21:$A$500,$B22)/24 -> 0 | J22: =SUMIFS('Calculation of Typical Day'!O$21:O$500,'Calculation of Typical Day'!$A$21:$A$500,$B22)/24 -> 3 | K22: =SUMIFS('Calculation of Typical Day'!P$21:P$500,'Calculation of Typical Day'!$A$21:$A$500,$B22)/24 -> 0 | L22: =SUMIFS('Calculation of Typical Day'!Q$21:Q$500,'Calculation of Typical Day'!$A$21:$A$500,$B22)/24 -> 3 | M22: =SUMIF('Calculation of Typical Day'!$A$21:$A$500,"="&$B22,'Calculation of Typical Day'!$BZ$21:$BZ$500) -> 0 | N22: =SUMIF('Calculation of Typical Day'!$A$21:$A$500,"="&$B22,'Calculation of Typical Day'!$CA$21:$CA$500) -> 0 | O22: =SUMIFS('Calculation of Typical Day'!H$21:H$500,'Calculation of Typical Day'!$A$21:$A$500,$B22) -> 0 | P22: =SUMIFS('Calculation of Typical Day'!AJ$21:AJ$500,'Calculation of Typical Day'!$A$21:$A$500,$B22,'Calculation of Typical Day'!$BY$21:BY$500, 1) -> 0 | Q22: =SUMIFS('Calculation of Typical Day'!AK$21:AK$500,'Calculation of Typical Day'!$A$21:$A$500,$B22,'Calculation of Typical Day'!$BY$21:BY$500, 1) -> 0 | R22: =SUMIFS('Calculation of Typical Day'!$AL$21:$AL$500,'Calculation of Typical Day'!$A$21:$A$500,$B22,'Calculation of Typical Day'!$BY$21:BY$500, 1) -> 0 | S22: =SUMIFS('Calculation of Typical Day'!$AH$21:$AH$500,'Calculation of Typical Day'!$A$21:$A$500,$B22,'Calculation of Typical Day'!$BY$21:BY$500, 1) -> 0 | T22: =SUMIFS('Calculation of Typical Day'!AM$21:AM$500,'Calculation of Typical Day'!$A$21:$A$500,$B22,'Calculation of Typical Day'!$BY$21:$BY$500, 1) -> 0 | U22: =SUMIFS('Calculation of Typical Day'!AN$21:AN$500,'Calculation of Typical Day'!$A$21:$A$500,$B22) -> 0 | W22: =SUMIFS('Calculation of Typical Day'!AX$21:AX$500,'Calculation of Typical Day'!$A$21:$A$500,$B22,'Calculation of Typical Day'!$BY$21:$BY$500, 1) -> 0 | X22: =SUMIFS('Calculation of Typical Day'!BF$21:BF$500,'Calculation of Typical Day'!$A$21:$A$500,$B22,'Calculation of Typical Day'!$BY$21:$BY$500, 1) -> 0 | Y22: =SUMIFS('Calculation of Typical Day'!BG$21:BG$500,'Calculation of Typical Day'!$A$21:$A$500,$B22,'Calculation of Typical Day'!$BY$21:$BY$500, 1) -> 0 | Z22: =SUMIFS('Calculation of Typical Day'!BH$21:BH$500,'Calculation of Typical Day'!$A$21:$A$500,$B22,'Calculation of Typical Day'!$BY$21:$BY$500, 1) -> 0 | AA22: =SUMIFS('Calculation of Typical Day'!BQ$21:BQ$500,'Calculation of Typical Day'!$A$21:$A$500,$B22,'Calculation of Typical Day'!$BY$21:$BY$500, 1) -> 0 | AB22: =SUMIFS('Calculation of Typical Day'!BR$21:BR$500,'Calculation of Typical Day'!$A$21:$A$500,$B22,'Calculation of Typical Day'!$BY$21:$BY$500, 1) -> 0 | AC22: =SUMIFS('Calculation of Typical Day'!BT$21:BT$500,'Calculation of Typical Day'!$A$21:$A$500,$B22,'Calculation of Typical Day'!$BY$21:$BY$500, 1) -> 0 | AD22: =SUMIFS('Calculation of Typical Day'!BL$21:BL$500,'Calculation of Typical Day'!$A$21:$A$500,$B22,'Calculation of Typical Day'!$BY$21:$BY$500, 1) -> 0 | AE22: =SUMIFS('Calculation of Typical Day'!CB$21:CB$500,'Calculation of Typical Day'!$A$21:$A$500,$B22,'Calculation of Typical Day'!$BY$21:$BY$500, 1) -> 0 | AF22: =SUMIFS('Calculation of Typical Day'!AW$21:AW$500,'Calculation of Typical Day'!$A$21:$A$500,$B22) -> 0 | AJ22: =SUMIFS('Calculation of Typical Day'!BI$21:BI$500,'Calculation of Typical Day'!$A$21:$A$500,$B22,'Calculation of Typical Day'!$BY$21:$BY$500, 1) -> 0 | AK22: =SUMIFS('Calculation of Typical Day'!BJ$21:BJ$500,'Calculation of Typical Day'!$A$21:$A$500,$B22) -> 0 | AL22: =SUMIFS('Calculation of Typical Day'!AQ$21:AQ$500,'Calculation of Typical Day'!$A$21:$A$500,$B22) -> 0 | AM22: =SUMIFS('Calculation of Typical Day'!AR$21:AR$500,'Calculation of Typical Day'!$A$21:$A$500,$B22,'Calculation of Typical Day'!$BY$21:$BY$500, 1) -> 0 | AN22: =W22 -> 0 | AO22: =AF22 -> 0
B23: ='Definition of Typical Day'!$L$13 -> 8 | C23: ='Definition of Typical Day'!$L$14 -> 8 | D23: 0 | F23: =365*$D23/SUM($D$16:$D$35) -> 0 | G23: =SUMIFS('Calculation of Typical Day'!I$21:I$500,'Calculation of Typical Day'!$A$21:$A$500,$B23)/24 -> 0 | H23: =SUMIFS('Calculation of Typical Day'!J$21:J$500,'Calculation of Typical Day'!$A$21:$A$500,$B23)/24 -> 0 | I23: =SUMIFS('Calculation of Typical Day'!M$21:M$500,'Calculation of Typical Day'!$A$21:$A$500,$B23)/24 -> 0 | J23: =SUMIFS('Calculation of Typical Day'!O$21:O$500,'Calculation of Typical Day'!$A$21:$A$500,$B23)/24 -> 3 | K23: =SUMIFS('Calculation of Typical Day'!P$21:P$500,'Calculation of Typical Day'!$A$21:$A$500,$B23)/24 -> 0 | L23: =SUMIFS('Calculation of Typical Day'!Q$21:Q$500,'Calculation of Typical Day'!$A$21:$A$500,$B23)/24 -> 3 | M23: =SUMIF('Calculation of Typical Day'!$A$21:$A$500,"="&$B23,'Calculation of Typical Day'!$BZ$21:$BZ$500) -> 0 | N23: =SUMIF('Calculation of Typical Day'!$A$21:$A$500,"="&$B23,'Calculation of Typical Day'!$CA$21:$CA$500) -> 0 | O23: =SUMIFS('Calculation of Typical Day'!H$21:H$500,'Calculation of Typical Day'!$A$21:$A$500,$B23) -> 0 | P23: =SUMIFS('Calculation of Typical Day'!AJ$21:AJ$500,'Calculation of Typical Day'!$A$21:$A$500,$B23,'Calculation of Typical Day'!$BY$21:BY$500, 1) -> 0 | Q23: =SUMIFS('Calculation of Typical Day'!AK$21:AK$500,'Calculation of Typical Day'!$A$21:$A$500,$B23,'Calculation of Typical Day'!$BY$21:BY$500, 1) -> 0 | R23: =SUMIFS('Calculation of Typical Day'!$AL$21:$AL$500,'Calculation of Typical Day'!$A$21:$A$500,$B23,'Calculation of Typical Day'!$BY$21:BY$500, 1) -> 0 | S23: =SUMIFS('Calculation of Typical Day'!$AH$21:$AH$500,'Calculation of Typical Day'!$A$21:$A$500,$B23,'Calculation of Typical Day'!$BY$21:BY$500, 1) -> 0 | T23: =SUMIFS('Calculation of Typical Day'!AM$21:AM$500,'Calculation of Typical Day'!$A$21:$A$500,$B23,'Calculation of Typical Day'!$BY$21:$BY$500, 1) -> 0 | U23: =SUMIFS('Calculation of Typical Day'!AN$21:AN$500,'Calculation of Typical Day'!$A$21:$A$500,$B23) -> 0 | W23: =SUMIFS('Calculation of Typical Day'!AX$21:AX$500,'Calculation of Typical Day'!$A$21:$A$500,$B23,'Calculation of Typical Day'!$BY$21:$BY$500, 1) -> 0 | X23: =SUMIFS('Calculation of Typical Day'!BF$21:BF$500,'Calculation of Typical Day'!$A$21:$A$500,$B23,'Calculation of Typical Day'!$BY$21:$BY$500, 1) -> 0 | Y23: =SUMIFS('Calculation of Typical Day'!BG$21:BG$500,'Calculation of Typical Day'!$A$21:$A$500,$B23,'Calculation of Typical Day'!$BY$21:$BY$500, 1) -> 0 | Z23: =SUMIFS('Calculation of Typical Day'!BH$21:BH$500,'Calculation of Typical Day'!$A$21:$A$500,$B23,'Calculation of Typical Day'!$BY$21:$BY$500, 1) -> 0 | AA23: =SUMIFS('Calculation of Typical Day'!BQ$21:BQ$500,'Calculation of Typical Day'!$A$21:$A$500,$B23,'Calculation of Typical Day'!$BY$21:$BY$500, 1) -> 0 | AB23: =SUMIFS('Calculation of Typical Day'!BR$21:BR$500,'Calculation of Typical Day'!$A$21:$A$500,$B23,'Calculation of Typical Day'!$BY$21:$BY$500, 1) -> 0 | AC23: =SUMIFS('Calculation of Typical Day'!BT$21:BT$500,'Calculation of Typical Day'!$A$21:$A$500,$B23,'Calculation of Typical Day'!$BY$21:$BY$500, 1) -> 0 | AD23: =SUMIFS('Calculation of Typical Day'!BL$21:BL$500,'Calculation of Typical Day'!$A$21:$A$500,$B23,'Calculation of Typical Day'!$BY$21:$BY$500, 1) -> 0 | AE23: =SUMIFS('Calculation of Typical Day'!CB$21:CB$500,'Calculation of Typical Day'!$A$21:$A$500,$B23,'Calculation of Typical Day'!$BY$21:$BY$500, 1) -> 0 | AF23: =SUMIFS('Calculation of Typical Day'!AW$21:AW$500,'Calculation of Typical Day'!$A$21:$A$500,$B23) -> 0 | AJ23: =SUMIFS('Calculation of Typical Day'!BI$21:BI$500,'Calculation of Typical Day'!$A$21:$A$500,$B23,'Calculation of Typical Day'!$BY$21:$BY$500, 1) -> 0 | AK23: =SUMIFS('Calculation of Typical Day'!BJ$21:BJ$500,'Calculation of Typical Day'!$A$21:$A$500,$B23) -> 0 | AL23: =SUMIFS('Calculation of Typical Day'!AQ$21:AQ$500,'Calculation of Typical Day'!$A$21:$A$500,$B23) -> 0 | AM23: =SUMIFS('Calculation of Typical Day'!AR$21:AR$500,'Calculation of Typical Day'!$A$21:$A$500,$B23,'Calculation of Typical Day'!$BY$21:$BY$500, 1) -> 0 | AN23: =W23 -> 0 | AO23: =AF23 -> 0
B24: ='Definition of Typical Day'!$M$13 -> 9 | C24: ='Definition of Typical Day'!$M$14 -> 9 | D24: 0 | F24: =365*$D24/SUM($D$16:$D$35) -> 0 | G24: =SUMIFS('Calculation of Typical Day'!I$21:I$500,'Calculation of Typical Day'!$A$21:$A$500,$B24)/24 -> 0 | H24: =SUMIFS('Calculation of Typical Day'!J$21:J$500,'Calculation of Typical Day'!$A$21:$A$500,$B24)/24 -> 0 | I24: =SUMIFS('Calculation of Typical Day'!M$21:M$500,'Calculation of Typical Day'!$A$21:$A$500,$B24)/24 -> 0 | J24: =SUMIFS('Calculation of Typical Day'!O$21:O$500,'Calculation of Typical Day'!$A$21:$A$500,$B24)/24 -> 3 | K24: =SUMIFS('Calculation of Typical Day'!P$21:P$500,'Calculation of Typical Day'!$A$21:$A$500,$B24)/24 -> 0 | L24: =SUMIFS('Calculation of Typical Day'!Q$21:Q$500,'Calculation of Typical Day'!$A$21:$A$500,$B24)/24 -> 3 | M24: =SUMIF('Calculation of Typical Day'!$A$21:$A$500,"="&$B24,'Calculation of Typical Day'!$BZ$21:$BZ$500) -> 0 | N24: =SUMIF('Calculation of Typical Day'!$A$21:$A$500,"="&$B24,'Calculation of Typical Day'!$CA$21:$CA$500) -> 0 | O24: =SUMIFS('Calculation of Typical Day'!H$21:H$500,'Calculation of Typical Day'!$A$21:$A$500,$B24) -> 0 | P24: =SUMIFS('Calculation of Typical Day'!AJ$21:AJ$500,'Calculation of Typical Day'!$A$21:$A$500,$B24,'Calculation of Typical Day'!$BY$21:BY$500, 1) -> 0 | Q24: =SUMIFS('Calculation of Typical Day'!AK$21:AK$500,'Calculation of Typical Day'!$A$21:$A$500,$B24,'Calculation of Typical Day'!$BY$21:BY$500, 1) -> 0 | R24: =SUMIFS('Calculation of Typical Day'!$AL$21:$AL$500,'Calculation of Typical Day'!$A$21:$A$500,$B24,'Calculation of Typical Day'!$BY$21:BY$500, 1) -> 0 | S24: =SUMIFS('Calculation of Typical Day'!$AH$21:$AH$500,'Calculation of Typical Day'!$A$21:$A$500,$B24,'Calculation of Typical Day'!$BY$21:BY$500, 1) -> 0 | T24: =SUMIFS('Calculation of Typical Day'!AM$21:AM$500,'Calculation of Typical Day'!$A$21:$A$500,$B24,'Calculation of Typical Day'!$BY$21:$BY$500, 1) -> 0 | U24: =SUMIFS('Calculation of Typical Day'!AN$21:AN$500,'Calculation of Typical Day'!$A$21:$A$500,$B24) -> 0 | W24: =SUMIFS('Calculation of Typical Day'!AX$21:AX$500,'Calculation of Typical Day'!$A$21:$A$500,$B24,'Calculation of Typical Day'!$BY$21:$BY$500, 1) -> 0 | X24: =SUMIFS('Calculation of Typical Day'!BF$21:BF$500,'Calculation of Typical Day'!$A$21:$A$500,$B24,'Calculation of Typical Day'!$BY$21:$BY$500, 1) -> 0 | Y24: =SUMIFS('Calculation of Typical Day'!BG$21:BG$500,'Calculation of Typical Day'!$A$21:$A$500,$B24,'Calculation of Typical Day'!$BY$21:$BY$500, 1) -> 0 | Z24: =SUMIFS('Calculation of Typical Day'!BH$21:BH$500,'Calculation of Typical Day'!$A$21:$A$500,$B24,'Calculation of Typical Day'!$BY$21:$BY$500, 1) -> 0 | AA24: =SUMIFS('Calculation of Typical Day'!BQ$21:BQ$500,'Calculation of Typical Day'!$A$21:$A$500,$B24,'Calculation of Typical Day'!$BY$21:$BY$500, 1) -> 0 | AB24: =SUMIFS('Calculation of Typical Day'!BR$21:BR$500,'Calculation of Typical Day'!$A$21:$A$500,$B24,'Calculation of Typical Day'!$BY$21:$BY$500, 1) -> 0 | AC24: =SUMIFS('Calculation of Typical Day'!BT$21:BT$500,'Calculation of Typical Day'!$A$21:$A$500,$B24,'Calculation of Typical Day'!$BY$21:$BY$500, 1) -> 0 | AD24: =SUMIFS('Calculation of Typical Day'!BL$21:BL$500,'Calculation of Typical Day'!$A$21:$A$500,$B24,'Calculation of Typical Day'!$BY$21:$BY$500, 1) -> 0 | AE24: =SUMIFS('Calculation of Typical Day'!CB$21:CB$500,'Calculation of Typical Day'!$A$21:$A$500,$B24,'Calculation of Typical Day'!$BY$21:$BY$500, 1) -> 0 | AF24: =SUMIFS('Calculation of Typical Day'!AW$21:AW$500,'Calculation of Typical Day'!$A$21:$A$500,$B24) -> 0 | AJ24: =SUMIFS('Calculation of Typical Day'!BI$21:BI$500,'Calculation of Typical Day'!$A$21:$A$500,$B24,'Calculation of Typical Day'!$BY$21:$BY$500, 1) -> 0 | AK24: =SUMIFS('Calculation of Typical Day'!BJ$21:BJ$500,'Calculation of Typical Day'!$A$21:$A$500,$B24) -> 0 | AL24: =SUMIFS('Calculation of Typical Day'!AQ$21:AQ$500,'Calculation of Typical Day'!$A$21:$A$500,$B24) -> 0 | AM24: =SUMIFS('Calculation of Typical Day'!AR$21:AR$500,'Calculation of Typical Day'!$A$21:$A$500,$B24,'Calculation of Typical Day'!$BY$21:$BY$500, 1) -> 0 | AN24: =W24 -> 0 | AO24: =AF24 -> 0
B25: ='Definition of Typical Day'!$N$13 -> 10 | C25: ='Definition of Typical Day'!$N$14 -> 10 | D25: 0 | F25: =365*$D25/SUM($D$16:$D$35) -> 0 | G25: =SUMIFS('Calculation of Typical Day'!I$21:I$500,'Calculation of Typical Day'!$A$21:$A$500,$B25)/24 -> 0 | H25: =SUMIFS('Calculation of Typical Day'!J$21:J$500,'Calculation of Typical Day'!$A$21:$A$500,$B25)/24 -> 0 | I25: =SUMIFS('Calculation of Typical Day'!M$21:M$500,'Calculation of Typical Day'!$A$21:$A$500,$B25)/24 -> 0 | J25: =SUMIFS('Calculation of Typical Day'!O$21:O$500,'Calculation of Typical Day'!$A$21:$A$500,$B25)/24 -> 3 | K25: =SUMIFS('Calculation of Typical Day'!P$21:P$500,'Calculation of Typical Day'!$A$21:$A$500,$B25)/24 -> 0 | L25: =SUMIFS('Calculation of Typical Day'!Q$21:Q$500,'Calculation of Typical Day'!$A$21:$A$500,$B25)/24 -> 3 | M25: =SUMIF('Calculation of Typical Day'!$A$21:$A$500,"="&$B25,'Calculation of Typical Day'!$BZ$21:$BZ$500) -> 0 | N25: =SUMIF('Calculation of Typical Day'!$A$21:$A$500,"="&$B25,'Calculation of Typical Day'!$CA$21:$CA$500) -> 0 | O25: =SUMIFS('Calculation of Typical Day'!H$21:H$500,'Calculation of Typical Day'!$A$21:$A$500,$B25) -> 0 | P25: =SUMIFS('Calculation of Typical Day'!AJ$21:AJ$500,'Calculation of Typical Day'!$A$21:$A$500,$B25,'Calculation of Typical Day'!$BY$21:BY$500, 1) -> 0 | Q25: =SUMIFS('Calculation of Typical Day'!AK$21:AK$500,'Calculation of Typical Day'!$A$21:$A$500,$B25,'Calculation of Typical Day'!$BY$21:BY$500, 1) -> 0 | R25: =SUMIFS('Calculation of Typical Day'!$AL$21:$AL$500,'Calculation of Typical Day'!$A$21:$A$500,$B25,'Calculation of Typical Day'!$BY$21:BY$500, 1) -> 0 | S25: =SUMIFS('Calculation of Typical Day'!$AH$21:$AH$500,'Calculation of Typical Day'!$A$21:$A$500,$B25,'Calculation of Typical Day'!$BY$21:BY$500, 1) -> 0 | T25: =SUMIFS('Calculation of Typical Day'!AM$21:AM$500,'Calculation of Typical Day'!$A$21:$A$500,$B25,'Calculation of Typical Day'!$BY$21:$BY$500, 1) -> 0 | U25: =SUMIFS('Calculation of Typical Day'!AN$21:AN$500,'Calculation of Typical Day'!$A$21:$A$500,$B25) -> 0 | W25: =SUMIFS('Calculation of Typical Day'!AX$21:AX$500,'Calculation of Typical Day'!$A$21:$A$500,$B25,'Calculation of Typical Day'!$BY$21:$BY$500, 1) -> 0 | X25: =SUMIFS('Calculation of Typical Day'!BF$21:BF$500,'Calculation of Typical Day'!$A$21:$A$500,$B25,'Calculation of Typical Day'!$BY$21:$BY$500, 1) -> 0 | Y25: =SUMIFS('Calculation of Typical Day'!BG$21:BG$500,'Calculation of Typical Day'!$A$21:$A$500,$B25,'Calculation of Typical Day'!$BY$21:$BY$500, 1) -> 0 | Z25: =SUMIFS('Calculation of Typical Day'!BH$21:BH$500,'Calculation of Typical Day'!$A$21:$A$500,$B25,'Calculation of Typical Day'!$BY$21:$BY$500, 1) -> 0 | AA25: =SUMIFS('Calculation of Typical Day'!BQ$21:BQ$500,'Calculation of Typical Day'!$A$21:$A$500,$B25,'Calculation of Typical Day'!$BY$21:$BY$500, 1) -> 0 | AB25: =SUMIFS('Calculation of Typical Day'!BR$21:BR$500,'Calculation of Typical Day'!$A$21:$A$500,$B25,'Calculation of Typical Day'!$BY$21:$BY$500, 1) -> 0 | AC25: =SUMIFS('Calculation of Typical Day'!BT$21:BT$500,'Calculation of Typical Day'!$A$21:$A$500,$B25,'Calculation of Typical Day'!$BY$21:$BY$500, 1) -> 0 | AD25: =SUMIFS('Calculation of Typical Day'!BL$21:BL$500,'Calculation of Typical Day'!$A$21:$A$500,$B25,'Calculation of Typical Day'!$BY$21:$BY$500, 1) -> 0 | AE25: =SUMIFS('Calculation of Typical Day'!CB$21:CB$500,'Calculation of Typical Day'!$A$21:$A$500,$B25,'Calculation of Typical Day'!$BY$21:$BY$500, 1) -> 0 | AF25: =SUMIFS('Calculation of Typical Day'!AW$21:AW$500,'Calculation of Typical Day'!$A$21:$A$500,$B25) -> 0 | AJ25: =SUMIFS('Calculation of Typical Day'!BI$21:BI$500,'Calculation of Typical Day'!$A$21:$A$500,$B25,'Calculation of Typical Day'!$BY$21:$BY$500, 1) -> 0 | AK25: =SUMIFS('Calculation of Typical Day'!BJ$21:BJ$500,'Calculation of Typical Day'!$A$21:$A$500,$B25) -> 0 | AL25: =SUMIFS('Calculation of Typical Day'!AQ$21:AQ$500,'Calculation of Typical Day'!$A$21:$A$500,$B25) -> 0 | AM25: =SUMIFS('Calculation of Typical Day'!AR$21:AR$500,'Calculation of Typical Day'!$A$21:$A$500,$B25,'Calculation of Typical Day'!$BY$21:$BY$500, 1) -> 0 | AN25: =W25 -> 0 | AO25: =AF25 -> 0
B26: ='Definition of Typical Day'!$O$13 -> 11 | C26: ='Definition of Typical Day'!$O$14 -> 11 | D26: 0 | F26: =365*$D26/SUM($D$16:$D$35) -> 0 | G26: =SUMIFS('Calculation of Typical Day'!I$21:I$500,'Calculation of Typical Day'!$A$21:$A$500,$B26)/24 -> 0 | H26: =SUMIFS('Calculation of Typical Day'!J$21:J$500,'Calculation of Typical Day'!$A$21:$A$500,$B26)/24 -> 0 | I26: =SUMIFS('Calculation of Typical Day'!M$21:M$500,'Calculation of Typical Day'!$A$21:$A$500,$B26)/24 -> 0 | J26: =SUMIFS('Calculation of Typical Day'!O$21:O$500,'Calculation of Typical Day'!$A$21:$A$500,$B26)/24 -> 3 | K26: =SUMIFS('Calculation of Typical Day'!P$21:P$500,'Calculation of Typical Day'!$A$21:$A$500,$B26)/24 -> 0 | L26: =SUMIFS('Calculation of Typical Day'!Q$21:Q$500,'Calculation of Typical Day'!$A$21:$A$500,$B26)/24 -> 3 | M26: =SUMIF('Calculation of Typical Day'!$A$21:$A$500,"="&$B26,'Calculation of Typical Day'!$BZ$21:$BZ$500) -> 0 | N26: =SUMIF('Calculation of Typical Day'!$A$21:$A$500,"="&$B26,'Calculation of Typical Day'!$CA$21:$CA$500) -> 0 | O26: =SUMIFS('Calculation of Typical Day'!H$21:H$500,'Calculation of Typical Day'!$A$21:$A$500,$B26) -> 0 | P26: =SUMIFS('Calculation of Typical Day'!AJ$21:AJ$500,'Calculation of Typical Day'!$A$21:$A$500,$B26,'Calculation of Typical Day'!$BY$21:BY$500, 1) -> 0 | Q26: =SUMIFS('Calculation of Typical Day'!AK$21:AK$500,'Calculation of Typical Day'!$A$21:$A$500,$B26,'Calculation of Typical Day'!$BY$21:BY$500, 1) -> 0 | R26: =SUMIFS('Calculation of Typical Day'!$AL$21:$AL$500,'Calculation of Typical Day'!$A$21:$A$500,$B26,'Calculation of Typical Day'!$BY$21:BY$500, 1) -> 0 | S26: =SUMIFS('Calculation of Typical Day'!$AH$21:$AH$500,'Calculation of Typical Day'!$A$21:$A$500,$B26,'Calculation of Typical Day'!$BY$21:BY$500, 1) -> 0 | T26: =SUMIFS('Calculation of Typical Day'!AM$21:AM$500,'Calculation of Typical Day'!$A$21:$A$500,$B26,'Calculation of Typical Day'!$BY$21:$BY$500, 1) -> 0 | U26: =SUMIFS('Calculation of Typical Day'!AN$21:AN$500,'Calculation of Typical Day'!$A$21:$A$500,$B26) -> 0 | W26: =SUMIFS('Calculation of Typical Day'!AX$21:AX$500,'Calculation of Typical Day'!$A$21:$A$500,$B26,'Calculation of Typical Day'!$BY$21:$BY$500, 1) -> 0 | X26: =SUMIFS('Calculation of Typical Day'!BF$21:BF$500,'Calculation of Typical Day'!$A$21:$A$500,$B26,'Calculation of Typical Day'!$BY$21:$BY$500, 1) -> 0 | Y26: =SUMIFS('Calculation of Typical Day'!BG$21:BG$500,'Calculation of Typical Day'!$A$21:$A$500,$B26,'Calculation of Typical Day'!$BY$21:$BY$500, 1) -> 0 | Z26: =SUMIFS('Calculation of Typical Day'!BH$21:BH$500,'Calculation of Typical Day'!$A$21:$A$500,$B26,'Calculation of Typical Day'!$BY$21:$BY$500, 1) -> 0 | AA26: =SUMIFS('Calculation of Typical Day'!BQ$21:BQ$500,'Calculation of Typical Day'!$A$21:$A$500,$B26,'Calculation of Typical Day'!$BY$21:$BY$500, 1) -> 0 | AB26: =SUMIFS('Calculation of Typical Day'!BR$21:BR$500,'Calculation of Typical Day'!$A$21:$A$500,$B26,'Calculation of Typical Day'!$BY$21:$BY$500, 1) -> 0 | AC26: =SUMIFS('Calculation of Typical Day'!BT$21:BT$500,'Calculation of Typical Day'!$A$21:$A$500,$B26,'Calculation of Typical Day'!$BY$21:$BY$500, 1) -> 0 | AD26: =SUMIFS('Calculation of Typical Day'!BL$21:BL$500,'Calculation of Typical Day'!$A$21:$A$500,$B26,'Calculation of Typical Day'!$BY$21:$BY$500, 1) -> 0 | AE26: =SUMIFS('Calculation of Typical Day'!CB$21:CB$500,'Calculation of Typical Day'!$A$21:$A$500,$B26,'Calculation of Typical Day'!$BY$21:$BY$500, 1) -> 0 | AF26: =SUMIFS('Calculation of Typical Day'!AW$21:AW$500,'Calculation of Typical Day'!$A$21:$A$500,$B26) -> 0 | AJ26: =SUMIFS('Calculation of Typical Day'!BI$21:BI$500,'Calculation of Typical Day'!$A$21:$A$500,$B26,'Calculation of Typical Day'!$BY$21:$BY$500, 1) -> 0 | AK26: =SUMIFS('Calculation of Typical Day'!BJ$21:BJ$500,'Calculation of Typical Day'!$A$21:$A$500,$B26) -> 0 | AL26: =SUMIFS('Calculation of Typical Day'!AQ$21:AQ$500,'Calculation of Typical Day'!$A$21:$A$500,$B26) -> 0 | AM26: =SUMIFS('Calculation of Typical Day'!AR$21:AR$500,'Calculation of Typical Day'!$A$21:$A$500,$B26,'Calculation of Typical Day'!$BY$21:$BY$500, 1) -> 0 | AN26: =W26 -> 0 | AO26: =AF26 -> 0
B27: ='Definition of Typical Day'!$P$13 -> 12 | C27: ='Definition of Typical Day'!$P$14 -> 12 | D27: 0 | F27: =365*$D27/SUM($D$16:$D$35) -> 0 | G27: =SUMIFS('Calculation of Typical Day'!I$21:I$500,'Calculation of Typical Day'!$A$21:$A$500,$B27)/24 -> 0 | H27: =SUMIFS('Calculation of Typical Day'!J$21:J$500,'Calculation of Typical Day'!$A$21:$A$500,$B27)/24 -> 0 | I27: =SUMIFS('Calculation of Typical Day'!M$21:M$500,'Calculation of Typical Day'!$A$21:$A$500,$B27)/24 -> 0 | J27: =SUMIFS('Calculation of Typical Day'!O$21:O$500,'Calculation of Typical Day'!$A$21:$A$500,$B27)/24 -> 3 | K27: =SUMIFS('Calculation of Typical Day'!P$21:P$500,'Calculation of Typical Day'!$A$21:$A$500,$B27)/24 -> 0 | L27: =SUMIFS('Calculation of Typical Day'!Q$21:Q$500,'Calculation of Typical Day'!$A$21:$A$500,$B27)/24 -> 3 | M27: =SUMIF('Calculation of Typical Day'!$A$21:$A$500,"="&$B27,'Calculation of Typical Day'!$BZ$21:$BZ$500) -> 0 | N27: =SUMIF('Calculation of Typical Day'!$A$21:$A$500,"="&$B27,'Calculation of Typical Day'!$CA$21:$CA$500) -> 0 | O27: =SUMIFS('Calculation of Typical Day'!H$21:H$500,'Calculation of Typical Day'!$A$21:$A$500,$B27) -> 0 | P27: =SUMIFS('Calculation of Typical Day'!AJ$21:AJ$500,'Calculation of Typical Day'!$A$21:$A$500,$B27,'Calculation of Typical Day'!$BY$21:BY$500, 1) -> 0 | Q27: =SUMIFS('Calculation of Typical Day'!AK$21:AK$500,'Calculation of Typical Day'!$A$21:$A$500,$B27,'Calculation of Typical Day'!$BY$21:BY$500, 1) -> 0 | R27: =SUMIFS('Calculation of Typical Day'!$AL$21:$AL$500,'Calculation of Typical Day'!$A$21:$A$500,$B27,'Calculation of Typical Day'!$BY$21:BY$500, 1) -> 0 | S27: =SUMIFS('Calculation of Typical Day'!$AH$21:$AH$500,'Calculation of Typical Day'!$A$21:$A$500,$B27,'Calculation of Typical Day'!$BY$21:BY$500, 1) -> 0 | T27: =SUMIFS('Calculation of Typical Day'!AM$21:AM$500,'Calculation of Typical Day'!$A$21:$A$500,$B27,'Calculation of Typical Day'!$BY$21:$BY$500, 1) -> 0 | U27: =SUMIFS('Calculation of Typical Day'!AN$21:AN$500,'Calculation of Typical Day'!$A$21:$A$500,$B27) -> 0 | W27: =SUMIFS('Calculation of Typical Day'!AX$21:AX$500,'Calculation of Typical Day'!$A$21:$A$500,$B27,'Calculation of Typical Day'!$BY$21:$BY$500, 1) -> 0 | X27: =SUMIFS('Calculation of Typical Day'!BF$21:BF$500,'Calculation of Typical Day'!$A$21:$A$500,$B27,'Calculation of Typical Day'!$BY$21:$BY$500, 1) -> 0 | Y27: =SUMIFS('Calculation of Typical Day'!BG$21:BG$500,'Calculation of Typical Day'!$A$21:$A$500,$B27,'Calculation of Typical Day'!$BY$21:$BY$500, 1) -> 0 | Z27: =SUMIFS('Calculation of Typical Day'!BH$21:BH$500,'Calculation of Typical Day'!$A$21:$A$500,$B27,'Calculation of Typical Day'!$BY$21:$BY$500, 1) -> 0 | AA27: =SUMIFS('Calculation of Typical Day'!BQ$21:BQ$500,'Calculation of Typical Day'!$A$21:$A$500,$B27,'Calculation of Typical Day'!$BY$21:$BY$500, 1) -> 0 | AB27: =SUMIFS('Calculation of Typical Day'!BR$21:BR$500,'Calculation of Typical Day'!$A$21:$A$500,$B27,'Calculation of Typical Day'!$BY$21:$BY$500, 1) -> 0 | AC27: =SUMIFS('Calculation of Typical Day'!BT$21:BT$500,'Calculation of Typical Day'!$A$21:$A$500,$B27,'Calculation of Typical Day'!$BY$21:$BY$500, 1) -> 0 | AD27: =SUMIFS('Calculation of Typical Day'!BL$21:BL$500,'Calculation of Typical Day'!$A$21:$A$500,$B27,'Calculation of Typical Day'!$BY$21:$BY$500, 1) -> 0 | AE27: =SUMIFS('Calculation of Typical Day'!CB$21:CB$500,'Calculation of Typical Day'!$A$21:$A$500,$B27,'Calculation of Typical Day'!$BY$21:$BY$500, 1) -> 0 | AF27: =SUMIFS('Calculation of Typical Day'!AW$21:AW$500,'Calculation of Typical Day'!$A$21:$A$500,$B27) -> 0 | AJ27: =SUMIFS('Calculation of Typical Day'!BI$21:BI$500,'Calculation of Typical Day'!$A$21:$A$500,$B27,'Calculation of Typical Day'!$BY$21:$BY$500, 1) -> 0 | AK27: =SUMIFS('Calculation of Typical Day'!BJ$21:BJ$500,'Calculation of Typical Day'!$A$21:$A$500,$B27) -> 0 | AL27: =SUMIFS('Calculation of Typical Day'!AQ$21:AQ$500,'Calculation of Typical Day'!$A$21:$A$500,$B27) -> 0 | AM27: =SUMIFS('Calculation of Typical Day'!AR$21:AR$500,'Calculation of Typical Day'!$A$21:$A$500,$B27,'Calculation of Typical Day'!$BY$21:$BY$500, 1) -> 0 | AN27: =W27 -> 0 | AO27: =AF27 -> 0
B28: ='Definition of Typical Day'!$Q$13 -> 13 | C28: ='Definition of Typical Day'!$Q$14 -> 13 | D28: 0 | F28: =365*$D28/SUM($D$16:$D$35) -> 0 | G28: =SUMIFS('Calculation of Typical Day'!I$21:I$500,'Calculation of Typical Day'!$A$21:$A$500,$B28)/24 -> 0 | H28: =SUMIFS('Calculation of Typical Day'!J$21:J$500,'Calculation of Typical Day'!$A$21:$A$500,$B28)/24 -> 0 | I28: =SUMIFS('Calculation of Typical Day'!M$21:M$500,'Calculation of Typical Day'!$A$21:$A$500,$B28)/24 -> 0 | J28: =SUMIFS('Calculation of Typical Day'!O$21:O$500,'Calculation of Typical Day'!$A$21:$A$500,$B28)/24 -> 3 | K28: =SUMIFS('Calculation of Typical Day'!P$21:P$500,'Calculation of Typical Day'!$A$21:$A$500,$B28)/24 -> 0 | L28: =SUMIFS('Calculation of Typical Day'!Q$21:Q$500,'Calculation of Typical Day'!$A$21:$A$500,$B28)/24 -> 3 | M28: =SUMIF('Calculation of Typical Day'!$A$21:$A$500,"="&$B28,'Calculation of Typical Day'!$BZ$21:$BZ$500) -> 0 | N28: =SUMIF('Calculation of Typical Day'!$A$21:$A$500,"="&$B28,'Calculation of Typical Day'!$CA$21:$CA$500) -> 0 | O28: =SUMIFS('Calculation of Typical Day'!H$21:H$500,'Calculation of Typical Day'!$A$21:$A$500,$B28) -> 0 | P28: =SUMIFS('Calculation of Typical Day'!AJ$21:AJ$500,'Calculation of Typical Day'!$A$21:$A$500,$B28,'Calculation of Typical Day'!$BY$21:BY$500, 1) -> 0 | Q28: =SUMIFS('Calculation of Typical Day'!AK$21:AK$500,'Calculation of Typical Day'!$A$21:$A$500,$B28,'Calculation of Typical Day'!$BY$21:BY$500, 1) -> 0 | R28: =SUMIFS('Calculation of Typical Day'!$AL$21:$AL$500,'Calculation of Typical Day'!$A$21:$A$500,$B28,'Calculation of Typical Day'!$BY$21:BY$500, 1) -> 0 | S28: =SUMIFS('Calculation of Typical Day'!$AH$21:$AH$500,'Calculation of Typical Day'!$A$21:$A$500,$B28,'Calculation of Typical Day'!$BY$21:BY$500, 1) -> 0 | T28: =SUMIFS('Calculation of Typical Day'!AM$21:AM$500,'Calculation of Typical Day'!$A$21:$A$500,$B28,'Calculation of Typical Day'!$BY$21:$BY$500, 1) -> 0 | U28: =SUMIFS('Calculation of Typical Day'!AN$21:AN$500,'Calculation of Typical Day'!$A$21:$A$500,$B28) -> 0 | W28: =SUMIFS('Calculation of Typical Day'!AX$21:AX$500,'Calculation of Typical Day'!$A$21:$A$500,$B28,'Calculation of Typical Day'!$BY$21:$BY$500, 1) -> 0 | X28: =SUMIFS('Calculation of Typical Day'!BF$21:BF$500,'Calculation of Typical Day'!$A$21:$A$500,$B28,'Calculation of Typical Day'!$BY$21:$BY$500, 1) -> 0 | Y28: =SUMIFS('Calculation of Typical Day'!BG$21:BG$500,'Calculation of Typical Day'!$A$21:$A$500,$B28,'Calculation of Typical Day'!$BY$21:$BY$500, 1) -> 0 | Z28: =SUMIFS('Calculation of Typical Day'!BH$21:BH$500,'Calculation of Typical Day'!$A$21:$A$500,$B28,'Calculation of Typical Day'!$BY$21:$BY$500, 1) -> 0 | AA28: =SUMIFS('Calculation of Typical Day'!BQ$21:BQ$500,'Calculation of Typical Day'!$A$21:$A$500,$B28,'Calculation of Typical Day'!$BY$21:$BY$500, 1) -> 0 | AB28: =SUMIFS('Calculation of Typical Day'!BR$21:BR$500,'Calculation of Typical Day'!$A$21:$A$500,$B28,'Calculation of Typical Day'!$BY$21:$BY$500, 1) -> 0 | AC28: =SUMIFS('Calculation of Typical Day'!BT$21:BT$500,'Calculation of Typical Day'!$A$21:$A$500,$B28,'Calculation of Typical Day'!$BY$21:$BY$500, 1) -> 0 | AD28: =SUMIFS('Calculation of Typical Day'!BL$21:BL$500,'Calculation of Typical Day'!$A$21:$A$500,$B28,'Calculation of Typical Day'!$BY$21:$BY$500, 1) -> 0 | AE28: =SUMIFS('Calculation of Typical Day'!CB$21:CB$500,'Calculation of Typical Day'!$A$21:$A$500,$B28,'Calculation of Typical Day'!$BY$21:$BY$500, 1) -> 0 | AF28: =SUMIFS('Calculation of Typical Day'!AW$21:AW$500,'Calculation of Typical Day'!$A$21:$A$500,$B28) -> 0 | AJ28: =SUMIFS('Calculation of Typical Day'!BI$21:BI$500,'Calculation of Typical Day'!$A$21:$A$500,$B28,'Calculation of Typical Day'!$BY$21:$BY$500, 1) -> 0 | AK28: =SUMIFS('Calculation of Typical Day'!BJ$21:BJ$500,'Calculation of Typical Day'!$A$21:$A$500,$B28) -> 0 | AL28: =SUMIFS('Calculation of Typical Day'!AQ$21:AQ$500,'Calculation of Typical Day'!$A$21:$A$500,$B28) -> 0 | AM28: =SUMIFS('Calculation of Typical Day'!AR$21:AR$500,'Calculation of Typical Day'!$A$21:$A$500,$B28,'Calculation of Typical Day'!$BY$21:$BY$500, 1) -> 0 | AN28: =W28 -> 0 | AO28: =AF28 -> 0
B29: ='Definition of Typical Day'!$R$13 -> 14 | C29: ='Definition of Typical Day'!$R$14 -> 14 | D29: 0 | F29: =365*$D29/SUM($D$16:$D$35) -> 0 | G29: =SUMIFS('Calculation of Typical Day'!I$21:I$500,'Calculation of Typical Day'!$A$21:$A$500,$B29)/24 -> 0 | H29: =SUMIFS('Calculation of Typical Day'!J$21:J$500,'Calculation of Typical Day'!$A$21:$A$500,$B29)/24 -> 0 | I29: =SUMIFS('Calculation of Typical Day'!M$21:M$500,'Calculation of Typical Day'!$A$21:$A$500,$B29)/24 -> 0 | J29: =SUMIFS('Calculation of Typical Day'!O$21:O$500,'Calculation of Typical Day'!$A$21:$A$500,$B29)/24 -> 3 | K29: =SUMIFS('Calculation of Typical Day'!P$21:P$500,'Calculation of Typical Day'!$A$21:$A$500,$B29)/24 -> 0 | L29: =SUMIFS('Calculation of Typical Day'!Q$21:Q$500,'Calculation of Typical Day'!$A$21:$A$500,$B29)/24 -> 3 | M29: =SUMIF('Calculation of Typical Day'!$A$21:$A$500,"="&$B29,'Calculation of Typical Day'!$BZ$21:$BZ$500) -> 0 | N29: =SUMIF('Calculation of Typical Day'!$A$21:$A$500,"="&$B29,'Calculation of Typical Day'!$CA$21:$CA$500) -> 0 | O29: =SUMIFS('Calculation of Typical Day'!H$21:H$500,'Calculation of Typical Day'!$A$21:$A$500,$B29) -> 0 | P29: =SUMIFS('Calculation of Typical Day'!AJ$21:AJ$500,'Calculation of Typical Day'!$A$21:$A$500,$B29,'Calculation of Typical Day'!$BY$21:BY$500, 1) -> 0 | Q29: =SUMIFS('Calculation of Typical Day'!AK$21:AK$500,'Calculation of Typical Day'!$A$21:$A$500,$B29,'Calculation of Typical Day'!$BY$21:BY$500, 1) -> 0 | R29: =SUMIFS('Calculation of Typical Day'!$AL$21:$AL$500,'Calculation of Typical Day'!$A$21:$A$500,$B29,'Calculation of Typical Day'!$BY$21:BY$500, 1) -> 0 | S29: =SUMIFS('Calculation of Typical Day'!$AH$21:$AH$500,'Calculation of Typical Day'!$A$21:$A$500,$B29,'Calculation of Typical Day'!$BY$21:BY$500, 1) -> 0 | T29: =SUMIFS('Calculation of Typical Day'!AM$21:AM$500,'Calculation of Typical Day'!$A$21:$A$500,$B29,'Calculation of Typical Day'!$BY$21:$BY$500, 1) -> 0 | U29: =SUMIFS('Calculation of Typical Day'!AN$21:AN$500,'Calculation of Typical Day'!$A$21:$A$500,$B29) -> 0 | W29: =SUMIFS('Calculation of Typical Day'!AX$21:AX$500,'Calculation of Typical Day'!$A$21:$A$500,$B29,'Calculation of Typical Day'!$BY$21:$BY$500, 1) -> 0 | X29: =SUMIFS('Calculation of Typical Day'!BF$21:BF$500,'Calculation of Typical Day'!$A$21:$A$500,$B29,'Calculation of Typical Day'!$BY$21:$BY$500, 1) -> 0 | Y29: =SUMIFS('Calculation of Typical Day'!BG$21:BG$500,'Calculation of Typical Day'!$A$21:$A$500,$B29,'Calculation of Typical Day'!$BY$21:$BY$500, 1) -> 0 | Z29: =SUMIFS('Calculation of Typical Day'!BH$21:BH$500,'Calculation of Typical Day'!$A$21:$A$500,$B29,'Calculation of Typical Day'!$BY$21:$BY$500, 1) -> 0 | AA29: =SUMIFS('Calculation of Typical Day'!BQ$21:BQ$500,'Calculation of Typical Day'!$A$21:$A$500,$B29,'Calculation of Typical Day'!$BY$21:$BY$500, 1) -> 0 | AB29: =SUMIFS('Calculation of Typical Day'!BR$21:BR$500,'Calculation of Typical Day'!$A$21:$A$500,$B29,'Calculation of Typical Day'!$BY$21:$BY$500, 1) -> 0 | AC29: =SUMIFS('Calculation of Typical Day'!BT$21:BT$500,'Calculation of Typical Day'!$A$21:$A$500,$B29,'Calculation of Typical Day'!$BY$21:$BY$500, 1) -> 0 | AD29: =SUMIFS('Calculation of Typical Day'!BL$21:BL$500,'Calculation of Typical Day'!$A$21:$A$500,$B29,'Calculation of Typical Day'!$BY$21:$BY$500, 1) -> 0 | AE29: =SUMIFS('Calculation of Typical Day'!CB$21:CB$500,'Calculation of Typical Day'!$A$21:$A$500,$B29,'Calculation of Typical Day'!$BY$21:$BY$500, 1) -> 0 | AF29: =SUMIFS('Calculation of Typical Day'!AW$21:AW$500,'Calculation of Typical Day'!$A$21:$A$500,$B29) -> 0 | AJ29: =SUMIFS('Calculation of Typical Day'!BI$21:BI$500,'Calculation of Typical Day'!$A$21:$A$500,$B29,'Calculation of Typical Day'!$BY$21:$BY$500, 1) -> 0 | AK29: =SUMIFS('Calculation of Typical Day'!BJ$21:BJ$500,'Calculation of Typical Day'!$A$21:$A$500,$B29) -> 0 | AL29: =SUMIFS('Calculation of Typical Day'!AQ$21:AQ$500,'Calculation of Typical Day'!$A$21:$A$500,$B29) -> 0 | AM29: =SUMIFS('Calculation of Typical Day'!AR$21:AR$500,'Calculation of Typical Day'!$A$21:$A$500,$B29,'Calculation of Typical Day'!$BY$21:$BY$500, 1) -> 0 | AN29: =W29 -> 0 | AO29: =AF29 -> 0
B30: ='Definition of Typical Day'!$S$13 -> 15 | C30: ='Definition of Typical Day'!$S$14 -> 15 | D30: 0 | F30: =365*$D30/SUM($D$16:$D$35) -> 0 | G30: =SUMIFS('Calculation of Typical Day'!I$21:I$500,'Calculation of Typical Day'!$A$21:$A$500,$B30)/24 -> 0 | H30: =SUMIFS('Calculation of Typical Day'!J$21:J$500,'Calculation of Typical Day'!$A$21:$A$500,$B30)/24 -> 0 | I30: =SUMIFS('Calculation of Typical Day'!M$21:M$500,'Calculation of Typical Day'!$A$21:$A$500,$B30)/24 -> 0 | J30: =SUMIFS('Calculation of Typical Day'!O$21:O$500,'Calculation of Typical Day'!$A$21:$A$500,$B30)/24 -> 3 | K30: =SUMIFS('Calculation of Typical Day'!P$21:P$500,'Calculation of Typical Day'!$A$21:$A$500,$B30)/24 -> 0 | L30: =SUMIFS('Calculation of Typical Day'!Q$21:Q$500,'Calculation of Typical Day'!$A$21:$A$500,$B30)/24 -> 3 | M30: =SUMIF('Calculation of Typical Day'!$A$21:$A$500,"="&$B30,'Calculation of Typical Day'!$BZ$21:$BZ$500) -> 0 | N30: =SUMIF('Calculation of Typical Day'!$A$21:$A$500,"="&$B30,'Calculation of Typical Day'!$CA$21:$CA$500) -> 0 | O30: =SUMIFS('Calculation of Typical Day'!H$21:H$500,'Calculation of Typical Day'!$A$21:$A$500,$B30) -> 0 | P30: =SUMIFS('Calculation of Typical Day'!AJ$21:AJ$500,'Calculation of Typical Day'!$A$21:$A$500,$B30,'Calculation of Typical Day'!$BY$21:BY$500, 1) -> 0 | Q30: =SUMIFS('Calculation of Typical Day'!AK$21:AK$500,'Calculation of Typical Day'!$A$21:$A$500,$B30,'Calculation of Typical Day'!$BY$21:BY$500, 1) -> 0 | R30: =SUMIFS('Calculation of Typical Day'!$AL$21:$AL$500,'Calculation of Typical Day'!$A$21:$A$500,$B30,'Calculation of Typical Day'!$BY$21:BY$500, 1) -> 0 | S30: =SUMIFS('Calculation of Typical Day'!$AH$21:$AH$500,'Calculation of Typical Day'!$A$21:$A$500,$B30,'Calculation of Typical Day'!$BY$21:BY$500, 1) -> 0 | T30: =SUMIFS('Calculation of Typical Day'!AM$21:AM$500,'Calculation of Typical Day'!$A$21:$A$500,$B30,'Calculation of Typical Day'!$BY$21:$BY$500, 1) -> 0 | U30: =SUMIFS('Calculation of Typical Day'!AN$21:AN$500,'Calculation of Typical Day'!$A$21:$A$500,$B30) -> 0 | W30: =SUMIFS('Calculation of Typical Day'!AX$21:AX$500,'Calculation of Typical Day'!$A$21:$A$500,$B30,'Calculation of Typical Day'!$BY$21:$BY$500, 1) -> 0 | X30: =SUMIFS('Calculation of Typical Day'!BF$21:BF$500,'Calculation of Typical Day'!$A$21:$A$500,$B30,'Calculation of Typical Day'!$BY$21:$BY$500, 1) -> 0 | Y30: =SUMIFS('Calculation of Typical Day'!BG$21:BG$500,'Calculation of Typical Day'!$A$21:$A$500,$B30,'Calculation of Typical Day'!$BY$21:$BY$500, 1) -> 0 | Z30: =SUMIFS('Calculation of Typical Day'!BH$21:BH$500,'Calculation of Typical Day'!$A$21:$A$500,$B30,'Calculation of Typical Day'!$BY$21:$BY$500, 1) -> 0 | AA30: =SUMIFS('Calculation of Typical Day'!BQ$21:BQ$500,'Calculation of Typical Day'!$A$21:$A$500,$B30,'Calculation of Typical Day'!$BY$21:$BY$500, 1) -> 0 | AB30: =SUMIFS('Calculation of Typical Day'!BR$21:BR$500,'Calculation of Typical Day'!$A$21:$A$500,$B30,'Calculation of Typical Day'!$BY$21:$BY$500, 1) -> 0 | AC30: =SUMIFS('Calculation of Typical Day'!BT$21:BT$500,'Calculation of Typical Day'!$A$21:$A$500,$B30,'Calculation of Typical Day'!$BY$21:$BY$500, 1) -> 0 | AD30: =SUMIFS('Calculation of Typical Day'!BL$21:BL$500,'Calculation of Typical Day'!$A$21:$A$500,$B30,'Calculation of Typical Day'!$BY$21:$BY$500, 1) -> 0 | AE30: =SUMIFS('Calculation of Typical Day'!CB$21:CB$500,'Calculation of Typical Day'!$A$21:$A$500,$B30,'Calculation of Typical Day'!$BY$21:$BY$500, 1) -> 0 | AF30: =SUMIFS('Calculation of Typical Day'!AW$21:AW$500,'Calculation of Typical Day'!$A$21:$A$500,$B30) -> 0 | AJ30: =SUMIFS('Calculation of Typical Day'!BI$21:BI$500,'Calculation of Typical Day'!$A$21:$A$500,$B30,'Calculation of Typical Day'!$BY$21:$BY$500, 1) -> 0 | AK30: =SUMIFS('Calculation of Typical Day'!BJ$21:BJ$500,'Calculation of Typical Day'!$A$21:$A$500,$B30) -> 0 | AL30: =SUMIFS('Calculation of Typical Day'!AQ$21:AQ$500,'Calculation of Typical Day'!$A$21:$A$500,$B30) -> 0 | AM30: =SUMIFS('Calculation of Typical Day'!AR$21:AR$500,'Calculation of Typical Day'!$A$21:$A$500,$B30,'Calculation of Typical Day'!$BY$21:$BY$500, 1) -> 0 | AN30: =W30 -> 0 | AO30: =AF30 -> 0
B31: ='Definition of Typical Day'!$T$13 -> 16 | C31: ='Definition of Typical Day'!$T$14 -> 16 | D31: 0 | F31: =365*$D31/SUM($D$16:$D$35) -> 0 | G31: =SUMIFS('Calculation of Typical Day'!I$21:I$500,'Calculation of Typical Day'!$A$21:$A$500,$B31)/24 -> 0 | H31: =SUMIFS('Calculation of Typical Day'!J$21:J$500,'Calculation of Typical Day'!$A$21:$A$500,$B31)/24 -> 0 | I31: =SUMIFS('Calculation of Typical Day'!M$21:M$500,'Calculation of Typical Day'!$A$21:$A$500,$B31)/24 -> 0 | J31: =SUMIFS('Calculation of Typical Day'!O$21:O$500,'Calculation of Typical Day'!$A$21:$A$500,$B31)/24 -> 3 | K31: =SUMIFS('Calculation of Typical Day'!P$21:P$500,'Calculation of Typical Day'!$A$21:$A$500,$B31)/24 -> 0 | L31: =SUMIFS('Calculation of Typical Day'!Q$21:Q$500,'Calculation of Typical Day'!$A$21:$A$500,$B31)/24 -> 3 | M31: =SUMIF('Calculation of Typical Day'!$A$21:$A$500,"="&$B31,'Calculation of Typical Day'!$BZ$21:$BZ$500) -> 0 | N31: =SUMIF('Calculation of Typical Day'!$A$21:$A$500,"="&$B31,'Calculation of Typical Day'!$CA$21:$CA$500) -> 0 | O31: =SUMIFS('Calculation of Typical Day'!H$21:H$500,'Calculation of Typical Day'!$A$21:$A$500,$B31) -> 0 | P31: =SUMIFS('Calculation of Typical Day'!AJ$21:AJ$500,'Calculation of Typical Day'!$A$21:$A$500,$B31,'Calculation of Typical Day'!$BY$21:BY$500, 1) -> 0 | Q31: =SUMIFS('Calculation of Typical Day'!AK$21:AK$500,'Calculation of Typical Day'!$A$21:$A$500,$B31,'Calculation of Typical Day'!$BY$21:BY$500, 1) -> 0 | R31: =SUMIFS('Calculation of Typical Day'!$AL$21:$AL$500,'Calculation of Typical Day'!$A$21:$A$500,$B31,'Calculation of Typical Day'!$BY$21:BY$500, 1) -> 0 | S31: =SUMIFS('Calculation of Typical Day'!$AH$21:$AH$500,'Calculation of Typical Day'!$A$21:$A$500,$B31,'Calculation of Typical Day'!$BY$21:BY$500, 1) -> 0 | T31: =SUMIFS('Calculation of Typical Day'!AM$21:AM$500,'Calculation of Typical Day'!$A$21:$A$500,$B31,'Calculation of Typical Day'!$BY$21:$BY$500, 1) -> 0 | U31: =SUMIFS('Calculation of Typical Day'!AN$21:AN$500,'Calculation of Typical Day'!$A$21:$A$500,$B31) -> 0 | W31: =SUMIFS('Calculation of Typical Day'!AX$21:AX$500,'Calculation of Typical Day'!$A$21:$A$500,$B31,'Calculation of Typical Day'!$BY$21:$BY$500, 1) -> 0 | X31: =SUMIFS('Calculation of Typical Day'!BF$21:BF$500,'Calculation of Typical Day'!$A$21:$A$500,$B31,'Calculation of Typical Day'!$BY$21:$BY$500, 1) -> 0 | Y31: =SUMIFS('Calculation of Typical Day'!BG$21:BG$500,'Calculation of Typical Day'!$A$21:$A$500,$B31,'Calculation of Typical Day'!$BY$21:$BY$500, 1) -> 0 | Z31: =SUMIFS('Calculation of Typical Day'!BH$21:BH$500,'Calculation of Typical Day'!$A$21:$A$500,$B31,'Calculation of Typical Day'!$BY$21:$BY$500, 1) -> 0 | AA31: =SUMIFS('Calculation of Typical Day'!BQ$21:BQ$500,'Calculation of Typical Day'!$A$21:$A$500,$B31,'Calculation of Typical Day'!$BY$21:$BY$500, 1) -> 0 | AB31: =SUMIFS('Calculation of Typical Day'!BR$21:BR$500,'Calculation of Typical Day'!$A$21:$A$500,$B31,'Calculation of Typical Day'!$BY$21:$BY$500, 1) -> 0 | AC31: =SUMIFS('Calculation of Typical Day'!BT$21:BT$500,'Calculation of Typical Day'!$A$21:$A$500,$B31,'Calculation of Typical Day'!$BY$21:$BY$500, 1) -> 0 | AD31: =SUMIFS('Calculation of Typical Day'!BL$21:BL$500,'Calculation of Typical Day'!$A$21:$A$500,$B31,'Calculation of Typical Day'!$BY$21:$BY$500, 1) -> 0 | AE31: =SUMIFS('Calculation of Typical Day'!CB$21:CB$500,'Calculation of Typical Day'!$A$21:$A$500,$B31,'Calculation of Typical Day'!$BY$21:$BY$500, 1) -> 0 | AF31: =SUMIFS('Calculation of Typical Day'!AW$21:AW$500,'Calculation of Typical Day'!$A$21:$A$500,$B31) -> 0 | AJ31: =SUMIFS('Calculation of Typical Day'!BI$21:BI$500,'Calculation of Typical Day'!$A$21:$A$500,$B31,'Calculation of Typical Day'!$BY$21:$BY$500, 1) -> 0 | AK31: =SUMIFS('Calculation of Typical Day'!BJ$21:BJ$500,'Calculation of Typical Day'!$A$21:$A$500,$B31) -> 0 | AL31: =SUMIFS('Calculation of Typical Day'!AQ$21:AQ$500,'Calculation of Typical Day'!$A$21:$A$500,$B31) -> 0 | AM31: =SUMIFS('Calculation of Typical Day'!AR$21:AR$500,'Calculation of Typical Day'!$A$21:$A$500,$B31,'Calculation of Typical Day'!$BY$21:$BY$500, 1) -> 0 | AN31: =W31 -> 0 | AO31: =AF31 -> 0
B32: ='Definition of Typical Day'!$U$13 -> 17 | C32: ='Definition of Typical Day'!$U$14 -> 17 | D32: 0 | F32: =365*$D32/SUM($D$16:$D$35) -> 0 | G32: =SUMIFS('Calculation of Typical Day'!I$21:I$500,'Calculation of Typical Day'!$A$21:$A$500,$B32)/24 -> 0 | H32: =SUMIFS('Calculation of Typical Day'!J$21:J$500,'Calculation of Typical Day'!$A$21:$A$500,$B32)/24 -> 0 | I32: =SUMIFS('Calculation of Typical Day'!M$21:M$500,'Calculation of Typical Day'!$A$21:$A$500,$B32)/24 -> 0 | J32: =SUMIFS('Calculation of Typical Day'!O$21:O$500,'Calculation of Typical Day'!$A$21:$A$500,$B32)/24 -> 3 | K32: =SUMIFS('Calculation of Typical Day'!P$21:P$500,'Calculation of Typical Day'!$A$21:$A$500,$B32)/24 -> 0 | L32: =SUMIFS('Calculation of Typical Day'!Q$21:Q$500,'Calculation of Typical Day'!$A$21:$A$500,$B32)/24 -> 3 | M32: =SUMIF('Calculation of Typical Day'!$A$21:$A$500,"="&$B32,'Calculation of Typical Day'!$BZ$21:$BZ$500) -> 0 | N32: =SUMIF('Calculation of Typical Day'!$A$21:$A$500,"="&$B32,'Calculation of Typical Day'!$CA$21:$CA$500) -> 0 | O32: =SUMIFS('Calculation of Typical Day'!H$21:H$500,'Calculation of Typical Day'!$A$21:$A$500,$B32) -> 0 | P32: =SUMIFS('Calculation of Typical Day'!AJ$21:AJ$500,'Calculation of Typical Day'!$A$21:$A$500,$B32,'Calculation of Typical Day'!$BY$21:BY$500, 1) -> 0 | Q32: =SUMIFS('Calculation of Typical Day'!AK$21:AK$500,'Calculation of Typical Day'!$A$21:$A$500,$B32,'Calculation of Typical Day'!$BY$21:BY$500, 1) -> 0 | R32: =SUMIFS('Calculation of Typical Day'!$AL$21:$AL$500,'Calculation of Typical Day'!$A$21:$A$500,$B32,'Calculation of Typical Day'!$BY$21:BY$500, 1) -> 0 | S32: =SUMIFS('Calculation of Typical Day'!$AH$21:$AH$500,'Calculation of Typical Day'!$A$21:$A$500,$B32,'Calculation of Typical Day'!$BY$21:BY$500, 1) -> 0 | T32: =SUMIFS('Calculation of Typical Day'!AM$21:AM$500,'Calculation of Typical Day'!$A$21:$A$500,$B32,'Calculation of Typical Day'!$BY$21:$BY$500, 1) -> 0 | U32: =SUMIFS('Calculation of Typical Day'!AN$21:AN$500,'Calculation of Typical Day'!$A$21:$A$500,$B32) -> 0 | W32: =SUMIFS('Calculation of Typical Day'!AX$21:AX$500,'Calculation of Typical Day'!$A$21:$A$500,$B32,'Calculation of Typical Day'!$BY$21:$BY$500, 1) -> 0 | X32: =SUMIFS('Calculation of Typical Day'!BF$21:BF$500,'Calculation of Typical Day'!$A$21:$A$500,$B32,'Calculation of Typical Day'!$BY$21:$BY$500, 1) -> 0 | Y32: =SUMIFS('Calculation of Typical Day'!BG$21:BG$500,'Calculation of Typical Day'!$A$21:$A$500,$B32,'Calculation of Typical Day'!$BY$21:$BY$500, 1) -> 0 | Z32: =SUMIFS('Calculation of Typical Day'!BH$21:BH$500,'Calculation of Typical Day'!$A$21:$A$500,$B32,'Calculation of Typical Day'!$BY$21:$BY$500, 1) -> 0 | AA32: =SUMIFS('Calculation of Typical Day'!BQ$21:BQ$500,'Calculation of Typical Day'!$A$21:$A$500,$B32,'Calculation of Typical Day'!$BY$21:$BY$500, 1) -> 0 | AB32: =SUMIFS('Calculation of Typical Day'!BR$21:BR$500,'Calculation of Typical Day'!$A$21:$A$500,$B32,'Calculation of Typical Day'!$BY$21:$BY$500, 1) -> 0 | AC32: =SUMIFS('Calculation of Typical Day'!BT$21:BT$500,'Calculation of Typical Day'!$A$21:$A$500,$B32,'Calculation of Typical Day'!$BY$21:$BY$500, 1) -> 0 | AD32: =SUMIFS('Calculation of Typical Day'!BL$21:BL$500,'Calculation of Typical Day'!$A$21:$A$500,$B32,'Calculation of Typical Day'!$BY$21:$BY$500, 1) -> 0 | AE32: =SUMIFS('Calculation of Typical Day'!CB$21:CB$500,'Calculation of Typical Day'!$A$21:$A$500,$B32,'Calculation of Typical Day'!$BY$21:$BY$500, 1) -> 0 | AF32: =SUMIFS('Calculation of Typical Day'!AW$21:AW$500,'Calculation of Typical Day'!$A$21:$A$500,$B32) -> 0 | AJ32: =SUMIFS('Calculation of Typical Day'!BI$21:BI$500,'Calculation of Typical Day'!$A$21:$A$500,$B32,'Calculation of Typical Day'!$BY$21:$BY$500, 1) -> 0 | AK32: =SUMIFS('Calculation of Typical Day'!BJ$21:BJ$500,'Calculation of Typical Day'!$A$21:$A$500,$B32) -> 0 | AL32: =SUMIFS('Calculation of Typical Day'!AQ$21:AQ$500,'Calculation of Typical Day'!$A$21:$A$500,$B32) -> 0 | AM32: =SUMIFS('Calculation of Typical Day'!AR$21:AR$500,'Calculation of Typical Day'!$A$21:$A$500,$B32,'Calculation of Typical Day'!$BY$21:$BY$500, 1) -> 0 | AN32: =W32 -> 0 | AO32: =AF32 -> 0
B33: ='Definition of Typical Day'!$V$13 -> 18 | C33: ='Definition of Typical Day'!$V$14 -> 18 | D33: 0 | F33: =365*$D33/SUM($D$16:$D$35) -> 0 | G33: =SUMIFS('Calculation of Typical Day'!I$21:I$500,'Calculation of Typical Day'!$A$21:$A$500,$B33)/24 -> 0 | H33: =SUMIFS('Calculation of Typical Day'!J$21:J$500,'Calculation of Typical Day'!$A$21:$A$500,$B33)/24 -> 0 | I33: =SUMIFS('Calculation of Typical Day'!M$21:M$500,'Calculation of Typical Day'!$A$21:$A$500,$B33)/24 -> 0 | J33: =SUMIFS('Calculation of Typical Day'!O$21:O$500,'Calculation of Typical Day'!$A$21:$A$500,$B33)/24 -> 3 | K33: =SUMIFS('Calculation of Typical Day'!P$21:P$500,'Calculation of Typical Day'!$A$21:$A$500,$B33)/24 -> 0 | L33: =SUMIFS('Calculation of Typical Day'!Q$21:Q$500,'Calculation of Typical Day'!$A$21:$A$500,$B33)/24 -> 3 | M33: =SUMIF('Calculation of Typical Day'!$A$21:$A$500,"="&$B33,'Calculation of Typical Day'!$BZ$21:$BZ$500) -> 0 | N33: =SUMIF('Calculation of Typical Day'!$A$21:$A$500,"="&$B33,'Calculation of Typical Day'!$CA$21:$CA$500) -> 0 | O33: =SUMIFS('Calculation of Typical Day'!H$21:H$500,'Calculation of Typical Day'!$A$21:$A$500,$B33) -> 0 | P33: =SUMIFS('Calculation of Typical Day'!AJ$21:AJ$500,'Calculation of Typical Day'!$A$21:$A$500,$B33,'Calculation of Typical Day'!$BY$21:BY$500, 1) -> 0 | Q33: =SUMIFS('Calculation of Typical Day'!AK$21:AK$500,'Calculation of Typical Day'!$A$21:$A$500,$B33,'Calculation of Typical Day'!$BY$21:BY$500, 1) -> 0 | R33: =SUMIFS('Calculation of Typical Day'!$AL$21:$AL$500,'Calculation of Typical Day'!$A$21:$A$500,$B33,'Calculation of Typical Day'!$BY$21:BY$500, 1) -> 0 | S33: =SUMIFS('Calculation of Typical Day'!$AH$21:$AH$500,'Calculation of Typical Day'!$A$21:$A$500,$B33,'Calculation of Typical Day'!$BY$21:BY$500, 1) -> 0 | T33: =SUMIFS('Calculation of Typical Day'!AM$21:AM$500,'Calculation of Typical Day'!$A$21:$A$500,$B33,'Calculation of Typical Day'!$BY$21:$BY$500, 1) -> 0 | U33: =SUMIFS('Calculation of Typical Day'!AN$21:AN$500,'Calculation of Typical Day'!$A$21:$A$500,$B33) -> 0 | W33: =SUMIFS('Calculation of Typical Day'!AX$21:AX$500,'Calculation of Typical Day'!$A$21:$A$500,$B33,'Calculation of Typical Day'!$BY$21:$BY$500, 1) -> 0 | X33: =SUMIFS('Calculation of Typical Day'!BF$21:BF$500,'Calculation of Typical Day'!$A$21:$A$500,$B33,'Calculation of Typical Day'!$BY$21:$BY$500, 1) -> 0 | Y33: =SUMIFS('Calculation of Typical Day'!BG$21:BG$500,'Calculation of Typical Day'!$A$21:$A$500,$B33,'Calculation of Typical Day'!$BY$21:$BY$500, 1) -> 0 | Z33: =SUMIFS('Calculation of Typical Day'!BH$21:BH$500,'Calculation of Typical Day'!$A$21:$A$500,$B33,'Calculation of Typical Day'!$BY$21:$BY$500, 1) -> 0 | AA33: =SUMIFS('Calculation of Typical Day'!BQ$21:BQ$500,'Calculation of Typical Day'!$A$21:$A$500,$B33,'Calculation of Typical Day'!$BY$21:$BY$500, 1) -> 0 | AB33: =SUMIFS('Calculation of Typical Day'!BR$21:BR$500,'Calculation of Typical Day'!$A$21:$A$500,$B33,'Calculation of Typical Day'!$BY$21:$BY$500, 1) -> 0 | AC33: =SUMIFS('Calculation of Typical Day'!BT$21:BT$500,'Calculation of Typical Day'!$A$21:$A$500,$B33,'Calculation of Typical Day'!$BY$21:$BY$500, 1) -> 0 | AD33: =SUMIFS('Calculation of Typical Day'!BL$21:BL$500,'Calculation of Typical Day'!$A$21:$A$500,$B33,'Calculation of Typical Day'!$BY$21:$BY$500, 1) -> 0 | AE33: =SUMIFS('Calculation of Typical Day'!CB$21:CB$500,'Calculation of Typical Day'!$A$21:$A$500,$B33,'Calculation of Typical Day'!$BY$21:$BY$500, 1) -> 0 | AF33: =SUMIFS('Calculation of Typical Day'!AW$21:AW$500,'Calculation of Typical Day'!$A$21:$A$500,$B33) -> 0 | AJ33: =SUMIFS('Calculation of Typical Day'!BI$21:BI$500,'Calculation of Typical Day'!$A$21:$A$500,$B33,'Calculation of Typical Day'!$BY$21:$BY$500, 1) -> 0 | AK33: =SUMIFS('Calculation of Typical Day'!BJ$21:BJ$500,'Calculation of Typical Day'!$A$21:$A$500,$B33) -> 0 | AL33: =SUMIFS('Calculation of Typical Day'!AQ$21:AQ$500,'Calculation of Typical Day'!$A$21:$A$500,$B33) -> 0 | AM33: =SUMIFS('Calculation of Typical Day'!AR$21:AR$500,'Calculation of Typical Day'!$A$21:$A$500,$B33,'Calculation of Typical Day'!$BY$21:$BY$500, 1) -> 0 | AN33: =W33 -> 0 | AO33: =AF33 -> 0
B34: ='Definition of Typical Day'!$W$13 -> 19 | C34: ='Definition of Typical Day'!$W$14 -> 19 | D34: 0 | F34: =365*$D34/SUM($D$16:$D$35) -> 0 | G34: =SUMIFS('Calculation of Typical Day'!I$21:I$500,'Calculation of Typical Day'!$A$21:$A$500,$B34)/24 -> 0 | H34: =SUMIFS('Calculation of Typical Day'!J$21:J$500,'Calculation of Typical Day'!$A$21:$A$500,$B34)/24 -> 0 | I34: =SUMIFS('Calculation of Typical Day'!M$21:M$500,'Calculation of Typical Day'!$A$21:$A$500,$B34)/24 -> 0 | J34: =SUMIFS('Calculation of Typical Day'!O$21:O$500,'Calculation of Typical Day'!$A$21:$A$500,$B34)/24 -> 3 | K34: =SUMIFS('Calculation of Typical Day'!P$21:P$500,'Calculation of Typical Day'!$A$21:$A$500,$B34)/24 -> 0 | L34: =SUMIFS('Calculation of Typical Day'!Q$21:Q$500,'Calculation of Typical Day'!$A$21:$A$500,$B34)/24 -> 3 | M34: =SUMIF('Calculation of Typical Day'!$A$21:$A$500,"="&$B34,'Calculation of Typical Day'!$BZ$21:$BZ$500) -> 0 | N34: =SUMIF('Calculation of Typical Day'!$A$21:$A$500,"="&$B34,'Calculation of Typical Day'!$CA$21:$CA$500) -> 0 | O34: =SUMIFS('Calculation of Typical Day'!H$21:H$500,'Calculation of Typical Day'!$A$21:$A$500,$B34) -> 0 | P34: =SUMIFS('Calculation of Typical Day'!AJ$21:AJ$500,'Calculation of Typical Day'!$A$21:$A$500,$B34,'Calculation of Typical Day'!$BY$21:BY$500, 1) -> 0 | Q34: =SUMIFS('Calculation of Typical Day'!AK$21:AK$500,'Calculation of Typical Day'!$A$21:$A$500,$B34,'Calculation of Typical Day'!$BY$21:BY$500, 1) -> 0 | R34: =SUMIFS('Calculation of Typical Day'!$AL$21:$AL$500,'Calculation of Typical Day'!$A$21:$A$500,$B34,'Calculation of Typical Day'!$BY$21:BY$500, 1) -> 0 | S34: =SUMIFS('Calculation of Typical Day'!$AH$21:$AH$500,'Calculation of Typical Day'!$A$21:$A$500,$B34,'Calculation of Typical Day'!$BY$21:BY$500, 1) -> 0 | T34: =SUMIFS('Calculation of Typical Day'!AM$21:AM$500,'Calculation of Typical Day'!$A$21:$A$500,$B34,'Calculation of Typical Day'!$BY$21:$BY$500, 1) -> 0 | U34: =SUMIFS('Calculation of Typical Day'!AN$21:AN$500,'Calculation of Typical Day'!$A$21:$A$500,$B34) -> 0 | W34: =SUMIFS('Calculation of Typical Day'!AX$21:AX$500,'Calculation of Typical Day'!$A$21:$A$500,$B34,'Calculation of Typical Day'!$BY$21:$BY$500, 1) -> 0 | X34: =SUMIFS('Calculation of Typical Day'!BF$21:BF$500,'Calculation of Typical Day'!$A$21:$A$500,$B34,'Calculation of Typical Day'!$BY$21:$BY$500, 1) -> 0 | Y34: =SUMIFS('Calculation of Typical Day'!BG$21:BG$500,'Calculation of Typical Day'!$A$21:$A$500,$B34,'Calculation of Typical Day'!$BY$21:$BY$500, 1) -> 0 | Z34: =SUMIFS('Calculation of Typical Day'!BH$21:BH$500,'Calculation of Typical Day'!$A$21:$A$500,$B34,'Calculation of Typical Day'!$BY$21:$BY$500, 1) -> 0 | AA34: =SUMIFS('Calculation of Typical Day'!BQ$21:BQ$500,'Calculation of Typical Day'!$A$21:$A$500,$B34,'Calculation of Typical Day'!$BY$21:$BY$500, 1) -> 0 | AB34: =SUMIFS('Calculation of Typical Day'!BR$21:BR$500,'Calculation of Typical Day'!$A$21:$A$500,$B34,'Calculation of Typical Day'!$BY$21:$BY$500, 1) -> 0 | AC34: =SUMIFS('Calculation of Typical Day'!BT$21:BT$500,'Calculation of Typical Day'!$A$21:$A$500,$B34,'Calculation of Typical Day'!$BY$21:$BY$500, 1) -> 0 | AD34: =SUMIFS('Calculation of Typical Day'!BL$21:BL$500,'Calculation of Typical Day'!$A$21:$A$500,$B34,'Calculation of Typical Day'!$BY$21:$BY$500, 1) -> 0 | AE34: =SUMIFS('Calculation of Typical Day'!CB$21:CB$500,'Calculation of Typical Day'!$A$21:$A$500,$B34,'Calculation of Typical Day'!$BY$21:$BY$500, 1) -> 0 | AF34: =SUMIFS('Calculation of Typical Day'!AW$21:AW$500,'Calculation of Typical Day'!$A$21:$A$500,$B34) -> 0 | AJ34: =SUMIFS('Calculation of Typical Day'!BI$21:BI$500,'Calculation of Typical Day'!$A$21:$A$500,$B34,'Calculation of Typical Day'!$BY$21:$BY$500, 1) -> 0 | AK34: =SUMIFS('Calculation of Typical Day'!BJ$21:BJ$500,'Calculation of Typical Day'!$A$21:$A$500,$B34) -> 0 | AL34: =SUMIFS('Calculation of Typical Day'!AQ$21:AQ$500,'Calculation of Typical Day'!$A$21:$A$500,$B34) -> 0 | AM34: =SUMIFS('Calculation of Typical Day'!AR$21:AR$500,'Calculation of Typical Day'!$A$21:$A$500,$B34,'Calculation of Typical Day'!$BY$21:$BY$500, 1) -> 0 | AN34: =W34 -> 0 | AO34: =AF34 -> 0
B35: ='Definition of Typical Day'!$X$13 -> 20 | C35: ='Definition of Typical Day'!$X$14 -> 20 | D35: 0 | F35: =365*$D35/SUM($D$16:$D$35) -> 0 | G35: =SUMIFS('Calculation of Typical Day'!I$21:I$500,'Calculation of Typical Day'!$A$21:$A$500,$B35)/24 -> 30 | H35: =SUMIFS('Calculation of Typical Day'!J$21:J$500,'Calculation of Typical Day'!$A$21:$A$500,$B35)/24 -> 27 | I35: =SUMIFS('Calculation of Typical Day'!M$21:M$500,'Calculation of Typical Day'!$A$21:$A$500,$B35)/24 -> 83.305556 | J35: =SUMIFS('Calculation of Typical Day'!O$21:O$500,'Calculation of Typical Day'!$A$21:$A$500,$B35)/24 -> 86.305556 | K35: =SUMIFS('Calculation of Typical Day'!P$21:P$500,'Calculation of Typical Day'!$A$21:$A$500,$B35)/24 -> 43.125 | L35: =SUMIFS('Calculation of Typical Day'!Q$21:Q$500,'Calculation of Typical Day'!$A$21:$A$500,$B35)/24 -> 46.125 | M35: =SUMIF('Calculation of Typical Day'!$A$21:$A$500,"="&$B35,'Calculation of Typical Day'!$BZ$21:$BZ$500) -> 0 | N35: =SUMIF('Calculation of Typical Day'!$A$21:$A$500,"="&$B35,'Calculation of Typical Day'!$CA$21:$CA$500) -> 0 | O35: =SUMIFS('Calculation of Typical Day'!H$21:H$500,'Calculation of Typical Day'!$A$21:$A$500,$B35) -> 0.024 | P35: =SUMIFS('Calculation of Typical Day'!AJ$21:AJ$500,'Calculation of Typical Day'!$A$21:$A$500,$B35,'Calculation of Typical Day'!$BY$21:BY$500, 1) -> 0 | Q35: =SUMIFS('Calculation of Typical Day'!AK$21:AK$500,'Calculation of Typical Day'!$A$21:$A$500,$B35,'Calculation of Typical Day'!$BY$21:BY$500, 1) -> 0 | R35: =SUMIFS('Calculation of Typical Day'!$AL$21:$AL$500,'Calculation of Typical Day'!$A$21:$A$500,$B35,'Calculation of Typical Day'!$BY$21:BY$500, 1) -> 0 | S35: =SUMIFS('Calculation of Typical Day'!$AH$21:$AH$500,'Calculation of Typical Day'!$A$21:$A$500,$B35,'Calculation of Typical Day'!$BY$21:BY$500, 1) -> 0 | T35: =SUMIFS('Calculation of Typical Day'!AM$21:AM$500,'Calculation of Typical Day'!$A$21:$A$500,$B35,'Calculation of Typical Day'!$BY$21:$BY$500, 1) -> 0 | U35: =SUMIFS('Calculation of Typical Day'!AN$21:AN$500,'Calculation of Typical Day'!$A$21:$A$500,$B35) -> 0.0032 | W35: =SUMIFS('Calculation of Typical Day'!AX$21:AX$500,'Calculation of Typical Day'!$A$21:$A$500,$B35,'Calculation of Typical Day'!$BY$21:$BY$500, 1) -> 0 | X35: =SUMIFS('Calculation of Typical Day'!BF$21:BF$500,'Calculation of Typical Day'!$A$21:$A$500,$B35,'Calculation of Typical Day'!$BY$21:$BY$500, 1) -> 0 | Y35: =SUMIFS('Calculation of Typical Day'!BG$21:BG$500,'Calculation of Typical Day'!$A$21:$A$500,$B35,'Calculation of Typical Day'!$BY$21:$BY$500, 1) -> 0 | Z35: =SUMIFS('Calculation of Typical Day'!BH$21:BH$500,'Calculation of Typical Day'!$A$21:$A$500,$B35,'Calculation of Typical Day'!$BY$21:$BY$500, 1) -> 0 | AA35: =SUMIFS('Calculation of Typical Day'!BQ$21:BQ$500,'Calculation of Typical Day'!$A$21:$A$500,$B35,'Calculation of Typical Day'!$BY$21:$BY$500, 1) -> 0 | AB35: =SUMIFS('Calculation of Typical Day'!BR$21:BR$500,'Calculation of Typical Day'!$A$21:$A$500,$B35,'Calculation of Typical Day'!$BY$21:$BY$500, 1) -> 0 | AC35: =SUMIFS('Calculation of Typical Day'!BT$21:BT$500,'Calculation of Typical Day'!$A$21:$A$500,$B35,'Calculation of Typical Day'!$BY$21:$BY$500, 1) -> 0 | AD35: =SUMIFS('Calculation of Typical Day'!BL$21:BL$500,'Calculation of Typical Day'!$A$21:$A$500,$B35,'Calculation of Typical Day'!$BY$21:$BY$500, 1) -> 0 | AE35: =SUMIFS('Calculation of Typical Day'!CB$21:CB$500,'Calculation of Typical Day'!$A$21:$A$500,$B35,'Calculation of Typical Day'!$BY$21:$BY$500, 1) -> 0 | AF35: =SUMIFS('Calculation of Typical Day'!AW$21:AW$500,'Calculation of Typical Day'!$A$21:$A$500,$B35) -> 0.048 | AJ35: =SUMIFS('Calculation of Typical Day'!BI$21:BI$500,'Calculation of Typical Day'!$A$21:$A$500,$B35,'Calculation of Typical Day'!$BY$21:$BY$500, 1) -> 0 | AK35: =SUMIFS('Calculation of Typical Day'!BJ$21:BJ$500,'Calculation of Typical Day'!$A$21:$A$500,$B35) -> 0.32 | AL35: =SUMIFS('Calculation of Typical Day'!AQ$21:AQ$500,'Calculation of Typical Day'!$A$21:$A$500,$B35) -> 0 | AM35: =SUMIFS('Calculation of Typical Day'!AR$21:AR$500,'Calculation of Typical Day'!$A$21:$A$500,$B35,'Calculation of Typical Day'!$BY$21:$BY$500, 1) -> 0 | AN35: =W35 -> 0 | AO35: =AF35 -> 0.048
D36: =SUM(D16:D35) -> 96.45 | F36: =SUM(F16:F35) -> 365 | G36: Independent of actual operation, different formular | H36: Independent of actual operation, different formular | I36: Independent of actual operation, different formular | J36: Independent of actual operation, different formular | K36: Independent of actual operation, different formular | L36: Independent of actual operation, different formular | M36: Independent of actual operation, different formular | N36: Independent of actual operation, different formular | O36: Independent of actual operation, different formular | AF36: Independent of actual operation, different formular | AL36: Independent of actual operation, different formular
F38: References Control ASSERT WAHR/TRUE | G38: =SUM(G16:G35)*24 -> 6480 | H38: =SUM(H16:H35)*24 -> 5976 | I38: =SUM(I16:I35)*24 -> 12565.167 | J38: =SUM(J16:J35)*24 -> 14005.167 | K38: =SUM(K16:K35)*24 -> 7515 | L38: =SUM(L16:L35)*24 -> 8955 | M38: =SUM(M16:M35) -> 119 | N38: =SUM(N16:N35) -> 101.72441 | O38: =SUM(O16:O35) -> 240.024 | P38: =SUM(P16:P35) -> 218.4098 | Q38: =SUM(Q16:Q35) -> 86.76344 | R38: =SUM(R16:R35) -> 0.50683298 | S38: =SUM(S16:S35) -> 302.61826 | T38: =SUM(T16:T35) -> 21.227974 | U38: =SUM(U16:U35) -> 2.8818927 | W38: =SUM(W16:W35) -> 0 | X38: =SUM(X16:X35) -> 6962.4755 | Y38: =SUM(Y16:Y35) -> 500.26994 | Z38: =SUM(Z16:Z35) -> 38.838611 | AA38: =SUM(AA16:AA35) -> 0 | AB38: =SUM(AB16:AB35) -> 0 | AC38: =SUM(AC16:AC35) -> 7501.5841 | AD38: =SUM(AD16:AD35) -> 0 | ... AF38: =SUM(AF16:AF35) -> 480.048 | AJ38: =SUM(AJ16:AJ35) -> 1636.6382 | AK38: =SUM(AK16:AK35) -> 250.63996 | AL38: =SUM(AL16:AL35) -> 0 | AM38: =SUM(AM16:AM35) -> 436.81961 | AN38: =SUM(AN16:AN35) -> 0 | AO38: =SUM(AO16:AO35) -> 480.048
G39: ='Calculation of Typical Day'!I502 -> Flow temperature of data centre cooling system | H39: ='Calculation of Typical Day'!J502 -> Flow Temperature HP | I39: ='Calculation of Typical Day'!M502 -> DH supply line temperature | J39: ='Calculation of Typical Day'!O502 -> Required temperature sink out | K39: ='Calculation of Typical Day'!P502 -> DH return line temperature | L39: ='Calculation of Typical Day'!Q502 -> Temperature heat pump sink in | M39: ='Calculation of Typical Day'!BZ502 -> Operation hours | N39: ='Calculation of Typical Day'!CA502 -> Operation hours in full-load-hours equivalents | O39: ='Calculation of Typical Day'!H502 -> Available waste heat (DC heat source) | P39: ='Calculation of Typical Day'!AJ502 -> Waste heat input from DC | Q39: ='Calculation of Typical Day'!AK502 -> Electricity input for heat pump | R39: ='Calculation of Typical Day'!AL502 -> Energy input for booster | S39: ='Calculation of Typical Day'!AH502 -> Total heat output after considering restriction imposed by heat demand | T39: ='Calculation of Typical Day'!AM502 -> Avoided electricity demand due to reduced active cooling | U39: ='Calculation of Typical Day'!AN502 -> Remaining electricity demand for active cooling | W39: ='Calculation of Typical Day'!AX502 -> Energy costs p_1 for waste heat from DC as taken (Pay-as-you-go) (Contractor 1) | X39: ='Calculation of Typical Day'!BF502 -> Electricity costs for heat pump (Contractor 1) | Y39: ='Calculation of Typical Day'!BG502 -> Electricity costs auxiliary energy (Contractor 1) | Z39: ='Calculation of Typical Day'!BH502 -> Fuel costs for booster (Contractor 1) | AA39: ='Calculation of Typical Day'!BQ502 -> Variable (MWh-specific) O&M Costs Heat pump Contractor 1 / DH Operator | AB39: ='Calculation of Typical Day'!BR502 -> Variable (MWh-specific) O&M Costs Booster Contractor 1 / DH Operator | AC39: ='Calculation of Typical Day'!BT502 -> Short run marginal costs per hour Contractor 1 / DH Operator excluding subsidies S3 provided for the utilized waste heat | AD39: ='Calculation of Typical Day'!BL502 -> Subsidies given per utilized waste heat to Contractor 1 / DH Operator considering that they must not exceed costs for electricity | AE39: ='Calculation of Typical Day'!CB502 -> Reference SRMC alternative production [EUR/h] | AF39: ='Calculation of Typical Day'!AW502 -> Energy costs p_1 for waste heat from DC as provided by DC (take-or-pay) (Contractor 1) | AJ39: ='Calculation of Typical Day'!BI502 -> Avoided electricity costs due to reduced active cooling | AK39: ='Calculation of Typical Day'!BJ502 -> Remaining electricity costs for active cooling | AL39: ='Calculation of Typical Day'!AQ502 -> Energy costs p_0 for waste heat from DC | AM39: ='Calculation of Typical Day'!AR502 -> Variable O&M costs for heat recovery system operator | AN39: =W39 -> Energy costs p_1 for waste heat from DC as taken (Pay-as-you-go) (Contractor 1) | AO39: =AF39 -> Energy costs p_1 for waste heat from DC as provided by DC (take-or-pay) (Contractor 1)
G40: ='Calculation of Typical Day'!I504 -> 6480 | H40: ='Calculation of Typical Day'!J504 -> 5976 | I40: ='Calculation of Typical Day'!M504 -> 12565.167 | J40: ='Calculation of Typical Day'!O504 -> 14005.167 | K40: ='Calculation of Typical Day'!P504 -> 7515 | L40: ='Calculation of Typical Day'!Q504 -> 8955 | M40: ='Calculation of Typical Day'!BZ503 -> 119 | N40: ='Calculation of Typical Day'!CA503 -> 101.72441 | O40: ='Calculation of Typical Day'!H504 -> 240.024 | P40: ='Calculation of Typical Day'!AJ503 -> 218.4098 | Q40: ='Calculation of Typical Day'!AK503 -> 86.76344 | R40: ='Calculation of Typical Day'!AL503 -> 0.50683298 | S40: ='Calculation of Typical Day'!AH503 -> 302.61826 | T40: ='Calculation of Typical Day'!AM503 -> 21.227974 | U40: ='Calculation of Typical Day'!AN503 -> 2.6120261 | W40: ='Calculation of Typical Day'!AX503 -> 0 | X40: ='Calculation of Typical Day'!BF503 -> 6962.4755 | Y40: ='Calculation of Typical Day'!BG503 -> 500.26994 | Z40: ='Calculation of Typical Day'!BH503 -> 38.838611 | AA40: ='Calculation of Typical Day'!BQ503 -> 0 | AB40: ='Calculation of Typical Day'!BR503 -> 0 | AC40: ='Calculation of Typical Day'!BT503 -> 7501.5841 | AD40: ='Calculation of Typical Day'!BL503 -> 0 | AE40: ='Calculation of Typical Day'!CB503 -> 17279.91 | AF40: ='Calculation of Typical Day'!AW504 -> 480.048 | AJ40: ='Calculation of Typical Day'!BI503 -> 1636.6382 | AK40: ='Calculation of Typical Day'!BJ503 -> 196.86396 | AL40: ='Calculation of Typical Day'!AQ504 -> 0 | AM40: ='Calculation of Typical Day'!AR503 -> 436.81961 | AN40: =W40 -> 0 | AO40: =AF40 -> 480.048
G41: =ROUND(G40,4)=ROUND(G38,4) -> TRUE | H41: =ROUND(H40,4)=ROUND(H38,4) -> TRUE | I41: =ROUND(I40,4)=ROUND(I38,4) -> TRUE | J41: =ROUND(J40,4)=ROUND(J38,4) -> TRUE | K41: =ROUND(K40,4)=ROUND(K38,4) -> TRUE | L41: =ROUND(L40,4)=ROUND(L38,4) -> TRUE | M41: =ROUND(M40,4)=ROUND(M38,4) -> TRUE | N41: =ROUND(N40,4)=ROUND(N38,4) -> TRUE | ... U41: =ROUND(U40,4)=ROUND(U38,4) -> FALSE | W41: =ROUND(W40,4)=ROUND(W38,4) -> TRUE | X41: =ROUND(X40,4)=ROUND(X38,4) -> TRUE | Y41: =ROUND(Y40,4)=ROUND(Y38,4) -> TRUE | Z41: =ROUND(Z40,4)=ROUND(Z38,4) -> TRUE | AA41: =ROUND(AA40,4)=ROUND(AA38,4) -> TRUE | AB41: =ROUND(AB40,4)=ROUND(AB38,4) -> TRUE | AC41: =ROUND(AC40,4)=ROUND(AC38,4) -> TRUE | AD41: =ROUND(AD40,4)=ROUND(AD38,4) -> TRUE | ... AF41: =ROUND(AF40,4)=ROUND(AF38,4) -> TRUE | AJ41: =ROUND(AJ40,4)=ROUND(AJ38,4) -> TRUE | AK41: =ROUND(AK40,4)=ROUND(AK38,4) -> FALSE | AL41: =ROUND(AL40,4)=ROUND(AL38,4) -> TRUE | AM41: =ROUND(AM40,4)=ROUND(AM38,4) -> TRUE | AN41: =ROUND(AN40,4)=ROUND(AN38,4) -> TRUE | AO41: =ROUND(AO40,4)=ROUND(AO38,4) -> TRUE

Sheet Main Results - IRR DC Operator
A1: Go to Content
A3: Colour Code | B3: Header | S3: ="Max. waste heat load available: "&MAX('Definition of Typical Day'!E35:X58)&" MW" -> Max. waste heat load available: 2 MW
B4: Item / unit | S4: ="T source HP, out: "&T4&" °C" -> T source HP, out: 28 °C | T4: ='Project Setting'!F19 -> 28 | U4: ="P th_nominal_out: "&'Project Setting'!F14&"MW_th" -> P th_nominal_out: 3MW_th
B5: User input | S5: ="T source, in: "&T5&" °C" -> T source, in: 40 °C | T5: =ROUND('Calculation of Typical Year'!E93,1) -> 40 | U5: ="COP nom.: "&'Project Setting'!F16&" at" -> COP nom.: 3 at
B6: Cell with formula | S6: ="T source HP, in: "&T6&" °C" -> T source HP, in: 37 °C | T6: =ROUND('Calculation of Typical Year'!F93,1) -> 37
B7: Go to Content | S7: ="T sink HP, in: "&T7&" °C" -> T sink HP, in: 48 °C | T7: =ROUND('Calculation of Typical Year'!J93,1) -> 48 | U7: ="P th: "&'Project Setting'!F55&" MW_th" -> P th: 0.5 MW_th
B8: Input - not used for calculation | S8: ="T sink HP, out: "&T8&" °C" -> T sink HP, out: 80.1 °C | T8: =ROUND('Calculation of Typical Year'!H93,1) -> 80.1
S9: ="T supply line DH: "&T9&" °C" -> T supply line DH: 77.1 °C | T9: =ROUND('Calculation of Typical Year'!G93,1) -> 77.1
B10: Control cells | S10: ="T return line DH: "&T10&" °C" -> T return line DH: 45 °C | T10: =ROUND('Calculation of Typical Year'!I93,1) -> 45
B11: Check settings / input data, there might be some error | S11: ="HEx 1, Delta T: "&'Project Setting'!F22&" K" -> HEx 1, Delta T: 3 K
S12: ="HEx 2, Delta T: "&'Project Setting'!F21&" K" -> HEx 2, Delta T: 3 K
B13: Economics of waste heat recovery system (B1 - B2) | S13: ="Price p_0 (paid to external entity): "&T13 &" [EUR/MWh_heat_provided_by_DC]" -> Price p_0 (paid to external entity): 0 [EUR/MWh_heat_provided_by_DC] | T13: ='Project Setting'!F112 -> 0
S14: ="Negotiated price p_1: "&T14&U14 -> Negotiated price p_1: 2 [EUR/MWh_heat_provided_by_DC] | T14: =F16 -> 2 | U14: =IF(T15=1," [EUR/MWh_heat_provided_by_DC]",IF(T15=2," [EUR/MWh_waste_heat_utilized_in_HP]"," [ERROR: Incorrect Contract Type]")) -> [EUR/MWh_heat_provided_by_DC]
B15: Contract type between Contractor 1 and Contractor 2 | C15: =U15 -> Take-or-pay | F15: 1 | G15: Select contract type: waste heat sold by DC based on (1) take-or-pay contract or (2) pay-as-you-go (utilised heat) | N15: =O15 | O15: =IF(IFERROR((1+F15)*1, "!!!!")="!!!!","Inputs contain non-numerical data. Please check your input data!","") | S15: ="Contract type: "&U15 -> Contract type: Take-or-pay | T15: =F15 -> 1 | U15: =IF(T15=1, "Take-or-pay",IF(T15=2,"Pay-as-you-go","Invalid Contract Type")) -> Take-or-pay
B16: Negotiated energy price p_1 | C16: =U14 -> [EUR/MWh_heat_provided_by_DC] | F16: 2 | G16: Price p_1 for waste heat from DC between Contractor 1 / DH operator and Contractor 2 / DC operator. These are costs for Contractor 1 / DH operator and revenues for Contractor 2 / DC operator. | K16: =S17 -> Expected IRR of Contractor 1 / DH operator cannot be met | N16: =O16 | O16: =IF(IFERROR((1+F16)*1, "!!!!")="!!!!","Inputs contain non-numerical data. Please check your input data!","")
B17: Energy price p_0 paid to external entity | C17: Take-or-pay [EUR/MWh_waste_heat_provided] | F17: 0 | G17: Price p_0 represents the payment for waste heat from the data centre to an external third party. This cost is not considered as revenue for either Contractor 1 or Contractor 2 / DH operator price | N17: =O17 | O17: =IF(IFERROR((1+F17)*1, "!!!!")="!!!!","Inputs contain non-numerical data. Please check your input data!","") | S17: =IF(F16>T17,"Expected IRR of Contractor 1 / DH operator cannot be met","") -> Expected IRR of Contractor 1 / DH operator cannot be met | T17: =IF(T15=2,'Calculation Break-Even'!G78,IF(T15=1,'Calculation Break-Even'!G79,"----")) -> -3.1671968
S18: =IF(LOWER(T18)="ok","Expected IRR of Contractor 1 / DH Operator is met.","Expected IRR of Contractor 1 / DH operator is not met.") -> Expected IRR of Contractor 1 / DH operator is not met. | T18: =IF('Calculation IRR'!F25>'Calculation IRR'!D26,"Ok","IRR too low") -> IRR too low | V18: ='Calculation IRR'!F25 -> 0.019762012
B19: Total investment | F19: Share paid by Contractor 1 | H19: Annual operation independent O&M expenses | L19: Share paid by Contractor 1 | R19: Energy | S19: ="Waste heat supplied by the DC: "&ROUND(T19,2) &" GWh/yr" -> Waste heat supplied by the DC: 17.38 GWh/yr | T19: ='Calculation Break-Even'!E67/1000 -> 17.383764 | V19: ='Calculation IRR'!D26 -> 0.05
B20: Investment costs: equipment, installation, heat exchangers | D20: EUR | E20: ='Project Setting'!$F$105 -> 500000 | F20: 0 | H20: Regular annual expenses | J20: EUR/yr | K20: ='Project Setting'!$F$110 -> 50000 | L20: 0 | N20: =O20 | O20: =IF(IFERROR((L20+F20)*1, "!!!!")="!!!!","Inputs contain non-numerical data. Please check your input data!","") | S20: ="Waste heat utilised in the HP: "&ROUND(T20,2) &" GWh/yr" -> Waste heat utilised in the HP: 16.38 GWh/yr | T20: ='Calculation Break-Even'!E66/1000 -> 16.380922
B21: Heat network | D21: EUR | E21: ='Project Setting'!$F$106 -> 126000 | F21: 0 | H21: Cost for waste heat p_0 (Take-or-pay contract) | J21: EUR/yr | K21: ='Calculation of Typical Year'!BG16 -> 0 | L21: 0 | N21: =O21 | O21: =IF(IFERROR((L21+F21)*1, "!!!!")="!!!!","Inputs contain non-numerical data. Please check your input data!","") | S21: ="Heat fed into grid: "&ROUND(T21/1000,2)&" GWh/yr" -> Heat fed into grid: 22.9 GWh/yr | T21: ='Calculation Break-Even'!E65 -> 22900.264
B22: Planning | D22: EUR | E22: ='Project Setting'!$F$109 -> 50080 | F22: 0 | N22: =O22 | O22: =IF(IFERROR((L22+F22)*1, "!!!!")="!!!!","Inputs contain non-numerical data. Please check your input data!","")
B23: Total | D23: EUR | E23: =SUM(E20:E22) -> 676080 | H23: Total annual operation independent expenses | J23: EUR/yr | K23: =SUM(K20:K21) -> 50000 | S23: ="Electricity input HP: "&ROUND(T23,2) &" GWh/yr" -> Electricity input HP: 6.7 GWh/yr | T23: ='Calculation of Typical Year'!AC37/1000 -> 6.7031865
S24: ="Electricity / fuel input booster: "&ROUND(T24/1000,2) &" GWh/yr" -> Electricity / fuel input booster: 0.05 GWh/yr | T24: ='Calculation of Typical Year'!AD37 -> 47.950761
B25: CAPEX investment subsidies | F25: Share received by Contractor 1 | H25: Annual variable costs | L25: Share paid by Contractor 1 | S25: ="Annual SCOP heat pump: "&ROUND(T25,2) -> Annual SCOP heat pump: 3.44 | T25: =IF(T23>0,(T20+T23)/T23,"---") -> 3.4437514
B26: Total subsidies | D26: EUR | E26: ='Project Setting'!$F$114 -> 0 | F26: 0 | H26: Variable O&M costs per year | J26: EUR/yr | K26: ='Calculation of Typical Year'!BG23 -> 32761.843 | L26: 0 | N26: =O26 | O26: =IF(IFERROR((L26+F26)*1, "!!!!")="!!!!","Inputs contain non-numerical data. Please check your input data!","")
B27: Total | D27: EUR | E27: =SUM(E26) -> 0 | H27: Total annual operation dependent expenses | J27: EUR/yr | K27: =SUM(K26) -> 32761.843
S28: ="Price based on the short-run marginal costs of alternative heat production: "&ROUND('Calculation of Typical Year'!AN38,2)&" EUR/MWh_fed_into_DH_grid" -> Price based on the short-run marginal costs of alternative heat production: 58.41 EUR/MWh_fed_into_DH_grid
B29: Costs paid by Contractor 2 / DC operator | F29: Share | G29: Total costs | H29: Costs paid by Contractor 1 / DH operator | K29: Share
B30: Investments | D30: EUR | E30: ='Calculation Break-Even'!C51 -> 676080 | F30: =E30/G30 -> 1 | G30: =SUM(E30,J30) -> 676080 | I30: EUR | J30: ='Calculation of Typical Year'!AU32 -> 0 | K30: =J30/G30 -> 0
B31: Annual operation independent O&M expenses | D31: EUR/yr | E31: ='Calculation of Typical Year'!BP17 -> 50000 | F31: =E31/G31 -> 1 | G31: =SUM(E31,J31) -> 50000 | I31: EUR/yr | J31: ='Calculation of Typical Year'!AY26 -> 0 | K31: =J31/G31 -> 0
B32: Annual variable costs | D32: EUR/yr | E32: ='Calculation of Typical Year'!BP23 -> 32761.843 | F32: =E32/G32 -> 1 | G32: =SUM(E32,J32) -> 32761.843 | I32: EUR/yr | J32: ='Calculation of Typical Year'!AY38 -> 0 | K32: =J32/G32 -> 0 | R32: Contractor 2 / DC operator: | S32: ="Break-even price for waste heat supplied by DC: "&ROUND(T32,2)&" EUR/MWh_provided_by_DC" -> Break-even price for waste heat supplied by DC: 1.52 EUR/MWh_provided_by_DC | T32: ='Calculation Break-Even'!G85 -> 1.5216049
S33: ="Break-even price for waste heat utilised by HP: "&ROUND(T33,2)&" EUR/MWh_utilized_by_HP" -> Break-even price for waste heat utilised by HP: 1.61 EUR/MWh_utilized_by_HP | T33: ='Calculation Break-Even'!G84 -> 1.6147578
B34: Total annual expenses (excluding annualised investments) | D34: EUR/yr | E34: =E31+E32 -> 82761.843
B35: Annual earnings (under negotiated price p1) | D35: EUR/yr | E35: ='Calculation Break-Even'!$E$60 -> 34767.527
B36: Annual reduced electricity costs for active cooling | D36: EUR/yr | E36: ='Calculation of Typical Year'!$BP$38 -> 121445.72 | G36: =S18 -> Expected IRR of Contractor 1 / DH operator is not met.
R37: Investments | S37: ="Contractor 2's total investment needs (incl. subsidies, incl. cost share of heat recovery): "&'Calculation Break-Even'!C51/1000 & " kEUR" -> Contractor 2's total investment needs (incl. subsidies, incl. cost share of heat recovery): 676.08 kEUR
B38: IRR of Contractor 2 / DC Operator | E38: ='Calculation IRR'!D41 -> 6.83 % | R38: Costs | S38: ="Contractor 2's annual O&M expenses: "&ROUND(('Calculation Break-Even'!E55+'Calculation Break-Even'!E58)/1000,1) &" kEUR (excl. annualised investment costs)" -> Contractor 2's annual O&M expenses: 82.8 kEUR (excl. annualised investment costs)
B39: ="Considering an underlying lifetime of "&'Project Setting'!F117&" years for Contractor 2 / DC Operator" -> Considering an underlying lifetime of 15 years for Contractor 2 / DC Operator | S39: ="Contractor 2's total annual expenses: "&ROUND(('Calculation Break-Even'!E62)/1000,1) &" kEUR (incl. annualised investment costs)" -> Contractor 2's total annual expenses: 147.9 kEUR (incl. annualised investment costs)
B40: Break-even price for Contractor 2 / DC Operator | D40: =S32&" "&S33 -> Break-even price for waste heat supplied by DC: 1.52 EUR/MWh_provided_by_DC Break-even price for waste heat utilised by HP: 1.61 EUR/MWh_utilized_by_HP | I40: =S84
S41: ="Annual operation hours: "&T41 &" h/yr ("&V41&" days/yr), annual full load hours: "&U41&" h/yr" -> Annual operation hours: 8628 h/yr (359.5 days/yr), annual full load hours: 7695 h/yr | T41: =ROUND('Calculation of Typical Year'!X37,0) -> 8628 | U41: =ROUND('Calculation of Typical Year'!Y37,0) -> 7695 | V41: =ROUND(T41/24,1) -> 359.5
S45: ="Contractor 2's net earnings per MWh of heat supplied: " &ROUND('Calculation Break-Even'!G63,1) &" EUR/MWh_provided_by_DC" -> Contractor 2's net earnings per MWh of heat supplied: 0.5 EUR/MWh_provided_by_DC
S46: ="Contractor 2's net earnings due to heat sold to contractor 1 and reduced electricity costs for cooling: " &ROUND('Calculation Break-Even'!E63/1000,1) &" kEUR/yr (considering annualised investment costs)" -> Contractor 2's net earnings due to heat sold to contractor 1 and reduced electricity costs for cooling: 8.3 kEUR/yr (considering annualised investment costs)
S47: ="Contractor 2's gross earnings due to heat sold to contractor 1: " &T47 &" kEUR/yr" -> Contractor 2's gross earnings due to heat sold to contractor 1: 34.8 kEUR/yr | T47: =ROUND(('Calculation Break-Even'!E60)/1000,1) -> 34.8
S48: ="Contractor 2's avoided electricity costs for active cooling due to heat sold to contractor 1: " &T48 &" kEUR/yr" -> Contractor 2's avoided electricity costs for active cooling due to heat sold to contractor 1: 121.4 kEUR/yr | T48: =ROUND(T78,1) -> 121.4
S49: Total costs for heat recovery system
S50: ="Investments (considering subsidies): "&ROUND(T50/1000,1)&" kEUR (lump-sum)" -> Investments (considering subsidies): 676.1 kEUR (lump-sum) | T50: ='Calculation of Typical Year'!BC18-'Calculation of Typical Year'!BC23 -> 676080 | U50: =U54+U58 -> 1
S51: ="Annual operation independent expenses: "&ROUND(T51/1000,1)&" kEUR/yr" -> Annual operation independent expenses: 50 kEUR/yr | T51: ='Calculation of Typical Year'!BG17 -> 50000 | U51: =U55+U59 -> 1
S52: ="Annual variable costs: "&ROUND(T52/1000,1)&" kEUR/yr" -> Annual variable costs: 32.8 kEUR/yr | T52: ='Calculation of Typical Year'!BG23 -> 32761.843 | U52: =U56+U60 -> 1
S53: Share paid by Contractor 1 / DH operator
S54: ="Investments (considering subsidies): "&ROUND(T54/1000,1)&" kEUR (lump-sum)" -> Investments (considering subsidies): 0 kEUR (lump-sum) | T54: ='Calculation of Typical Year'!AU32 -> 0 | U54: =ROUND(T54/T50*100,0) &" %" -> 0 %
S55: ="Annual operation independent expenses: "&ROUND(T55/1000,1)&" kEUR/yr" -> Annual operation independent expenses: 0 kEUR/yr | T55: ='Calculation of Typical Year'!AY26 -> 0 | U55: =ROUND(T55/T51*100,0) &" %" -> 0 %
S56: ="Annual variable costs: "&ROUND(T56/1000,1)&" kEUR/yr" -> Annual variable costs: 0 kEUR/yr | T56: ='Calculation of Typical Year'!AY38 -> 0 | U56: =ROUND(T56/T52*100,0) &" %" -> 0 %
S57: Share paid by Contractor 2 / DC operator
S58: ="Investments (considering subsidies): "&ROUND(T58/1000,1)&" kEUR (lump-sum)" -> Investments (considering subsidies): 676.1 kEUR (lump-sum) | T58: ='Calculation of Typical Year'!BL18-'Calculation of Typical Year'!BL23 -> 676080 | U58: =ROUND(T58/T50*100,0) &" %" -> 100 %
S59: ="Annual operation independent expenses: "&ROUND(T59/1000,1)&" kEUR/yr" -> Annual operation independent expenses: 50 kEUR/yr | T59: ='Calculation of Typical Year'!BP17 -> 50000 | U59: =ROUND(T59/T51*100,0) &" %" -> 100 %
S60: ="Annual variable costs: "&ROUND(T60/1000,1)&" kEUR/yr" -> Annual variable costs: 32.8 kEUR/yr | T60: ='Calculation of Typical Year'!BP23 -> 32761.843 | U60: =ROUND(T60/T52*100,0) &" %" -> 100 %
S61: ="Total annualised costs (considering demanded IRR and depreciation time of contractor 2): " &ROUND(T61,1) &" kEUR/yr" -> Total annualised costs (considering demanded IRR and depreciation time of contractor 2): 147.9 kEUR/yr | T61: ='Calculation Break-Even'!E62/1000 -> 147.89694
S64: ="Contractor 1's internal rate of return: "&T64&" per year (considering calculatory life time of "&'Project Setting'!F88&" years)" -> Contractor 1's internal rate of return: 1.98 % per year (considering calculatory life time of 15 years) | T64: ='Calculation IRR'!D25 -> 1.98 %
S65: ="Contractor 2's internal rate of return: "&T65&" per year (considering calculatory life time of "&'Project Setting'!F117&" years)" -> Contractor 2's internal rate of return: 6.83 % per year (considering calculatory life time of 15 years) | T65: ='Calculation IRR'!D41 -> 6.83 %
S66: ="Investments (considering subsidies): "&ROUND(T66/1000,1)&" kEUR (lump-sum)" -> Investments (considering subsidies): 0 kEUR (lump-sum) | T66: ='Calculation of Typical Year'!AU32 -> 0 | U66: =IF(T50=0,"-",ROUND(T66/T50*100,0)&" %") -> 0 %
S67: ="Annual operation independent expenses: "&ROUND(T67/1000,1)&" kEUR/yr" -> Annual operation independent expenses: 0 kEUR/yr | T67: ='Calculation of Typical Year'!AY26 -> 0 | U67: =IF(T51=0,"-",ROUND(T67/T51*100,0)&" %") -> 0 %
S68: ="Annual variable costs: "&ROUND(T68/1000,1)&" kEUR/yr" -> Annual variable costs: 0 kEUR/yr | T68: ='Calculation of Typical Year'!AY38 -> 0 | U68: =IF(T52=0,"-",ROUND(T68/T52*100,0)&" %") -> 0 %
S69: Share paid by Contractor 2 / DC operator
S70: ="Investments (considering subsidies): "&ROUND(T70/1000,1)&" kEUR (lump-sum)" -> Investments (considering subsidies): 676.1 kEUR (lump-sum) | T70: ='Calculation of Typical Year'!BL18-'Calculation of Typical Year'!BL23 -> 676080 | U70: =IF(T50=0,"-",ROUND(T70/T50*100,0)&" %") -> 100 %
S71: ="Annual operation independent expenses: "&ROUND(T71/1000,1)&" kEUR/yr" -> Annual operation independent expenses: 50 kEUR/yr | T71: ='Calculation of Typical Year'!BP17 -> 50000 | U71: =IF(T51=0,"-",ROUND(T71/T51*100,0)&" %") -> 100 %
S72: ="Annual variable costs: "&ROUND(T72/1000,1)&" kEUR/yr" -> Annual variable costs: 32.8 kEUR/yr | T72: ='Calculation of Typical Year'!BP23 -> 32761.843 | U72: =IF(T52=0,"-",ROUND(T72/T52*100,0)&" %") -> 100 %
S73: ="Total annualised costs (considering demanded IRR and depreciation time of contractor 2 / DC operator): " &ROUND(T73,1) &" kEUR/yr" -> Total annualised costs (considering demanded IRR and depreciation time of contractor 2 / DC operator): 147.9 kEUR/yr | T73: ='Calculation Break-Even'!E62/1000 -> 147.89694
S76: ="Avoided electricity demand for active cooling: "&ROUND(T76,1)&" "&U76 -> Avoided electricity demand for active cooling: 1.5 GWh/yr | T76: ='Calculation of Typical Year'!$AF$63/1000 -> 1.455021 | U76: GWh/yr
S77: ="Remaining electricity demand for active cooling: "&ROUND(T77,1)&" "&U77 -> Remaining electricity demand for active cooling: 0.1 GWh/yr | T77: ='Calculation of Typical Year'!$AG$63/1000 -> 0.13371228 | U77: GWh/yr
S78: ="Avoided electricity costs for active cooling: "&ROUND(T78,1)&" "&U78 -> Avoided electricity costs for active cooling: 121.4 kEUR/yr | T78: ='Calculation of Typical Year'!$BP$38/1000 -> 121.44572 | U78: kEUR/yr
S79: ="Remaining electricity costs for active cooling: "&ROUND(T79,1)&" "&U79 -> Remaining electricity costs for active cooling: 13 kEUR/yr | T79: ='Calculation of Typical Year'!$BL$38/1000 -> 13.012495 | U79: kEUR/yr
S84: =IF(MIN('Calculation of Typical Day'!CR21:CR500)<0.5,"Temperature of the grid cannot be met at all times. A booster system might be required. Check your settings to ensure quality of results.","")

Sheet Main Results Extended
A1: Go to Content
A3: Colour Code | B3: Header | S3: ="Max. waste heat load available: "&MAX('Definition of Typical Day'!E35:X58)&" MW" -> Max. waste heat load available: 2 MW
B4: Item / unit | S4: ="T source, out: "&'Project Setting'!F19&" °C" -> T source, out: 28 °C | T4: ="P th_nominal_out: "&'Project Setting'!F14&"MW_th" -> P th_nominal_out: 3MW_th
B5: User input | S5: ="T source, in: "&'Project Setting'!F18&" °C" -> T source, in: 25 °C | T5: ="COP nom.: "&'Project Setting'!F16&" at" -> COP nom.: 3 at
B6: Cell with formula | S6: ="T sink, in: "&'Project Setting'!F23&" °C" -> T sink, in: 60 °C | T6: ="P th: "&'Project Setting'!F55&" MW_th" -> P th: 0.5 MW_th
B7: Go to Content | S7: ="T sink, out: "&'Project Setting'!F20&" °C" -> T sink, out: 90 °C
B8: Input - not used for calculation
B9: Not used any more: relevant for future works - do not change | S9: ="Price p_0 (paid to external entity): "&T9 &" [EUR/MWh_heat_provided_by_DC]" -> Price p_0 (paid to external entity): 0 [EUR/MWh_heat_provided_by_DC] | T9: ='Project Setting'!F112 -> 0
B10: Control cells | S10: ="Negotiated price p_1: "&T10&U10 -> Negotiated price p_1: 2 [EUR/MWh_heat_provided_by_DC] | T10: =F21 -> 2 | U10: =IF(T11=1," [EUR/MWh_heat_provided_by_DC]",IF(T11=2," [EUR/MWh_waste_heat_utilized_in_HP]"," [ERROR: Incorrect Contract Type]")) -> [EUR/MWh_heat_provided_by_DC]
B11: Check settings / input data, there might be some error | S11: ="Contract Type: "&U11 -> Contract Type: Take-or-pay | T11: =F20 -> 1 | U11: =IF(T11=1, "Take-or-pay",IF(T11=2,"Pay-as-you-go","Invalid Contract Type")) -> Take-or-pay
R12: Energy | S12: ="Waste heat supplied by the DC: "&ROUND('Calculation Break-Even'!E67/1000,2) &" GWh/yr" -> Waste heat supplied by the DC: 17.38 GWh/yr
B15: !! The section on 'Economics of heat recovery' of this sheet is for information purposes only. Please do not modify this worksheet !!
B17: Economics of heat recovery
C19: DO NOT CHANGE VALUES IN THIS SHEET BUT IN SHEET >Main Results - IRR DC Operator<
B20: Contract type between Contractor 1 and Contractor 2 | C20: =U11 -> Take-or-pay | F20: 1 | G20: Select contract type: Waste heat sold by DC based on (1) take-or-pay contract or (2) pay-as-you-go (utilised heat)
B21: Negotiated energy price p_1 | C21: =U10 -> [EUR/MWh_heat_provided_by_DC] | F21: ='Main Results - IRR DC Operator'!F16 -> 2 | G21: Price p_1 for waste heat from DC between Contractor 1 / DH operator and Contractor 2 / data centre operator. These are costs for Contractor 1 / DH operator and earnings for Contractor 2 / DC operator.
B22: Energy price p_0 paid to external entity | C22: Take-or-pay | F22: ='Main Results - IRR DC Operator'!F17 -> 0 | G22: Price p_0 for waste heat from DC paid to external party. These are neither earnings for Contractor 1 nor Contractor 2 / DH operator
B24: Total investment | F24: Share paid for by Contractor 1 | H24: Annual operation independent O&M expenses | L24: Share paid for by Contractor 1
B25: Investment costs: equipment, installation, heat exchangers | D25: EUR | E25: ='Project Setting'!$F$105 -> 500000 | F25: ='Main Results - IRR DC Operator'!F20 -> 0 | H25: Regular annual expenses | J25: EUR/yr | K25: ='Project Setting'!$F$110 -> 50000 | L25: ='Main Results - IRR DC Operator'!L20 -> 0
B26: Heat network | D26: EUR | E26: ='Project Setting'!$F$106 -> 126000 | F26: ='Main Results - IRR DC Operator'!F21 -> 0 | H26: Cost for waste heat p_0 (Take-or-pay contract) | J26: EUR/yr | K26: ='Calculation of Typical Year'!BG16 -> 0 | L26: ='Main Results - IRR DC Operator'!L21 -> 0
B27: Planning | D27: EUR | E27: ='Project Setting'!$F$109 -> 50080 | F27: ='Main Results - IRR DC Operator'!F22 -> 0
B28: Total | D28: EUR | E28: =SUM(E25:E27) -> 676080 | H28: Total annual operation independent expenses | J28: EUR/yr | K28: =SUM(K25:K26) -> 50000
B30: CAPEX Investment subsidies | F30: Share received by Contractor 1 | H30: Annual variable costs | L30: Share paid for by Contractor 1
B31: Total subsidies | D31: EUR | E31: ='Project Setting'!$F$114 -> 0 | F31: ='Main Results - IRR DC Operator'!F26 -> 0 | H31: Variable O&M costs per year | J31: EUR/yr | K31: ='Calculation of Typical Year'!BG23 -> 32761.843 | L31: ='Main Results - IRR DC Operator'!L26 -> 0
B32: Total | D32: EUR | E32: =SUM(E31) -> 0 | H32: Total annual operation dependent expenses | J32: EUR/yr | K32: =SUM(K31) -> 32761.843
B34: Costs paid for by Contractor 2 / DC operator | F34: Total costs | H34: Costs paid for by Contractor 1 / DH operator
B35: Investments | D35: EUR | E35: ='Calculation Break-Even'!C51 -> 676080 | F35: =SUM(E35,K35) -> 676080 | H35: Investments | J35: EUR | K35: ='Calculation of Typical Year'!AU32 -> 0
B36: Annual operation independent O&M expenses | D36: EUR/yr | E36: ='Calculation of Typical Year'!BP17 -> 50000 | F36: =SUM(E36,K36) -> 50000 | H36: Annual operation independent O&M expenses | J36: EUR/yr | K36: ='Calculation of Typical Year'!AY26 -> 0
B37: Annual variable costs | D37: EUR/yr | E37: ='Calculation of Typical Year'!BP23 -> 32761.843 | F37: =SUM(E37,K37) -> 32761.843 | H37: Annual variable costs | J37: EUR/yr | K37: ='Calculation of Typical Year'!AY38 -> 0
B39: Total annual expenses (excluding annualized investments) | D39: EUR/yr | E39: =E36+E37 -> 82761.843
B40: Annual earnings (under negotiated price p_1) | D40: EUR/yr | E40: ='Calculation Break-Even'!$E$60 -> 34767.527
B41: Annual reduced electricity costs for active cooling | D41: EUR/yr | E41: ='Calculation of Typical Year'!$BP$38 -> 121445.72
B43: ='Calculation IRR'!D41 -> 6.83 % | D43: Internal Rate of Return | I43: ='Calculation IRR'!D25 -> 1.98 %
B44: ="Considering an underlying lifetime of "&'Project Setting'!F117&" years for Contractor 2" -> Considering an underlying lifetime of 15 years for Contractor 2 | I44: ="Considering an underlying lifetime of "&'Project Setting'!F88&" years for Contractor 1" -> Considering an underlying lifetime of 15 years for Contractor 1
S49: ="Waste heat utilized in the HP: "&ROUND('Calculation Break-Even'!E66/1000,2) &" GWh/yr" -> Waste heat utilized in the HP: 16.38 GWh/yr
S50: ="Heat fed into grid: "&ROUND(T50/1000,2)&" GWh/yr" -> Heat fed into grid: 22.9 GWh/yr | T50: ='Calculation Break-Even'!E65 -> 22900.264
S52: ="Electricity input HP: "&ROUND('Calculation of Typical Year'!AC37/1000,2) &" GWh/yr" -> Electricity input HP: 6.7 GWh/yr
S53: ="Electricity / fuel input booster: "&ROUND(T53/1000,2) &" GWh/yr" -> Electricity / fuel input booster: 0.05 GWh/yr | T53: ='Calculation of Typical Year'!AD37 -> 47.950761
S57: ="Price based on the short-run marginal costs of alternative heat production: "&ROUND('Calculation of Typical Year'!AN38,2)&" EUR/MWh_fed_into_DH_grid" -> Price based on the short-run marginal costs of alternative heat production: 58.41 EUR/MWh_fed_into_DH_grid
